Workbook

Sheet Portal Siga Brasil
A1: Programa | B1: Descrição Programa | C1: Ação | D1: Descrição Ação | E1: GND / Órgão | F1: Tipo | G1: Categoria | H1: 2002 | I1: 2003 | J1: 2004 | K1: 2005 | L1: 2006 | M1: 2007 | N1: 2008 | O1: 2009 | P1: 2010 | Q1: 2011 | R1: 2012 | S1: 2013 | T1: 2014 | U1: 2015
A2: 0084 | B2: ARRECADAÇÃO DE RECEITAS PREVIDENCIÁRIAS | C2: 2596 | D2: ORIENTAÇÃO TÉCNICA ÀS EMPRESAS E AOS SEGURADOS DA PREVIDÊNCIA SOCIAL | E2: 3,4,5 | F2: RGPS | G2: Administrativos | H2: 2389075.4 | I2: 2076809.9 | J2: 149017.35 | K2: 28.58 | L2: 0 | M2: 0 | N2: 0 | O2: 0 | P2: 0 | Q2: 0 | R2: 0 | S2: 0 | T2: 0 | U2: 0
A3: 1079 | B3: EDUCAÇÃO PREVIDENCIÁRIA | C3: 4641 | D3: PUBLICIDADE DE UTILIDADE PÚBLICA | E3: 3,4,5 | F3: RGPS | G3: Administrativos | H3: 0 | I3: 0 | J3: 2000000 | K3: 82049.1 | L3: 0 | M3: 0 | N3: 0 | O3: 0 | P3: 0 | Q3: 0 | R3: 0 | S3: 0 | T3: 0 | U3: 0
A4: 1079 | B4: EDUCAÇÃO PREVIDENCIÁRIA | C4: 2282 | D4: FORMAÇÃO DE DISSEMINADORES EXTERNOS DAS INFORMAÇÕES PREVIDENCIÁRIAS | E4: 3,4,5 | F4: RGPS | G4: Administrativos | H4: 0 | I4: 0 | J4: 279079.21 | K4: 244178.05 | L4: 34542.66 | M4: 78277.72 | N4: 129732.52 | O4: 222258.71 | P4: 322409.32 | Q4: 296265.95 | R4: 241583.3 | S4: 793 | T4: 0 | U4: 0
A5: 1079 | B5: EDUCAÇÃO PREVIDENCIÁRIA | C5: 2272 | D5: GESTÃO E ADMINISTRAÇÃO DO PROGRAMA | E5: 3,4,5 | F5: RGPS | G5: Administrativos | H5: 0 | I5: 0 | J5: 171420.95 | K5: 60491.8 | L5: 26312.89 | M5: 57521.03 | N5: 113341.81 | O5: 144789.79 | P5: 510324.37 | Q5: 321447.23 | R5: 44.78 | S5: 0 | T5: 0 | U5: 0
A6: 1079 | B6: EDUCAÇÃO PREVIDENCIÁRIA | C6: 2284 | D6: PROMOÇÃO DE AÇÕES DE CONSCIENTIZAÇÃO E INFORMAÇÃO | E6: 3,4,5 | F6: RGPS | G6: Administrativos | H6: 0 | I6: 0 | J6: 977116.14 | K6: 1033810.3 | L6: 167626.3 | M6: 167983.16 | N6: 427948.83 | O6: 705467.67 | P6: 733008.33 | Q6: 562152.85 | R6: 307184.19 | S6: 617.4 | T6: 0 | U6: 0
A7: 0087 | B7: GESTÃO DA POLÍTICA DE PREVIDÊNCIA SOCIAL | C7: 2272 | D7: GESTÃO E ADMINISTRAÇÃO DO PROGRAMA | E7: 3,4,5 | F7: RGPS | G7: Administrativos | H7: 0 | I7: 0 | J7: 385613.85 | K7: 14403898 | L7: 4493363.5 | M7: 8154494 | N7: 4059683.2 | O7: 8669305.3 | P7: 4419656.9 | Q7: 15793476 | R7: 5141202.6 | S7: 214943.14 | T7: 0 | U7: 0
A8: 0087 | B8: GESTÃO DA POLÍTICA DE PREVIDÊNCIA SOCIAL | C8: 4593 | D8: FORMULAÇÃO DE POLÍTICAS NA ÁREA DE PREVIDÊNCIA SOCIAL | E8: 3,4,5 | F8: RGPS | G8: Administrativos | H8: 1908832.7 | I8: 1423161.2 | J8: 2569966.9 | K8: 678584.55 | L8: 535394.18 | M8: 1075248.1 | N8: 465136 | O8: 0 | P8: 0 | Q8: 0 | R8: 0 | S8: 0 | T8: 0 | U8: 0
A9: 0087 | B9: GESTÃO DA POLÍTICA DE PREVIDÊNCIA SOCIAL | C9: 1480 | D9: ESTUDO PARA REFORMULAÇÃO DO SEGURO ACIDENTE DE TRABALHO | E9: 3,4,5 | F9: RGPS | G9: Administrativos | H9: 33621 | I9: 0 | J9: 0 | K9: 0 | L9: 0 | M9: 0 | N9: 0 | O9: 0 | P9: 0 | Q9: 0 | R9: 0 | S9: 0 | T9: 0 | U9: 0
A10: 0087 | B10: GESTÃO DA POLÍTICA DE PREVIDÊNCIA SOCIAL | C10: 2308 | D10: GESTÃO DE INFORMAÇÕES SOBRE POLÍTICAS DE PREVIDÊNCIA SOCIAL | E10: 3,4,5 | F10: RGPS | G10: Administrativos | H10: 0 | I10: 0 | J10: 300000 | K10: 0 | L10: 0 | M10: 0 | N10: 0 | O10: 0 | P10: 0 | Q10: 0 | R10: 0 | S10: 0 | T10: 0 | U10: 0
A11: 0087 | B11: GESTÃO DA POLÍTICA DE PREVIDÊNCIA SOCIAL | C11: 5645 | D11: IMPLANTAÇÃO DO SISTEMA INTEGRADO DE INFORMAÇÕES PREVIDENCIÁRIAS - SIPREV | E11: 3,4,5 | F11: RGPS | G11: Administrativos | H11: 3046757 | I11: 0 | J11: 572000 | K11: 0 | L11: 0 | M11: 0 | N11: 0 | O11: 0 | P11: 0 | Q11: 0 | R11: 0 | S11: 0 | T11: 0 | U11: 0
A12: 0087 | B12: GESTÃO DA POLÍTICA DE PREVIDÊNCIA SOCIAL | C12: 2304 | D12: ESTUDOS E PESQUISAS NO ÂMBITO DO REGIME GERAL DE PREVIDÊNCIA SOCIAL | E12: 3,4,5 | F12: RGPS | G12: Administrativos | H12: 0 | I12: 0 | J12: 169987.33 | K12: 111501.3 | L12: 177764.88 | M12: 289162 | N12: 455644.6 | O12: 780923.49 | P12: 784728.23 | Q12: 87592.98 | R12: 0 | S12: 0 | T12: 0 | U12: 0
A13: 0087 | B13: GESTÃO DA POLÍTICA DE PREVIDÊNCIA SOCIAL | C13: 4641 | D13: PUBLICIDADE DE UTILIDADE PÚBLICA | E13: 3,4,5 | F13: RGPS | G13: Administrativos | H13: 0 | I13: 0 | J13: 0 | K13: 5092151.5 | L13: 988615.21 | M13: 3711916 | N13: 7543519 | O13: 10979860 | P13: 8826542.6 | Q13: 16612151 | R13: 11371124 | S13: 0 | T13: 0 | U13: 0
... A82: 0085 | B82: QUALIDADE DOS SERVIÇOS PREVIDENCIÁRIOS | C82: 4405 | D82: SERVIÇOS INTERATIVOS DA PREVIDÊNCIA SOCIAL- PREVFONE/PREVNET/PREVFÁCIL | E82: 3,4,5 | F82: RGPS | G82: Administrativos | H82: 2989257.1 | I82: 3389265.9 | J82: 3571478.3 | K82: 4419516.2 | L82: 5498678.1 | M82: 3828633.9 | N82: 71425825 | O82: 77068768 | P82: 92512037 | Q82: 94074991 | R82: 12405745 | S82: 0 | T82: 0 | U82: 0
A83: 1279 | B83: ANÁLISE E DIFUSÃO DA POLÍTICA EXTERNA BRASILEIRA | C83: 09HB | D83: CONTRIBUIÇÃO DA UNIÃO, DE SUAS AUTARQUIAS E FUNDAÇÕES PARA O CUSTEIO DO REGIME DE PREVIDÊNCIA DOS SERVIDORES PÚBLICOS FEDERAIS | E83: 1 | F83: RPPS | G83: Civis | H83: 0 | I83: 0 | J83: 0 | K83: 0 | L83: 0 | M83: 0 | N83: 0 | O83: 0 | P83: 0 | Q83: 86161.28 | R83: 0 | S83: 0 | T83: 0 | U83: 0
A84: 0750 | B84: APOIO ADMINISTRATIVO | C84: 09HB | D84: CONTRIBUIÇÃO DA UNIÃO, DE SUAS AUTARQUIAS E FUNDAÇÕES PARA O CUSTEIO DO REGIME DE PREVIDÊNCIA DOS SERVIDORES PÚBLICOS FEDERAIS | E84: 26000 | F84: RPPS | G84: Civis | H84: 0 | I84: 0 | J84: 0 | K84: 0 | L84: 0 | M84: 0 | N84: 0 | O84: 0 | P84: 1340.92 | Q84: 670.46 | R84: 0 | S84: 0 | T84: 0 | U84: 0
A85: 0750 | B85: APOIO ADMINISTRATIVO | C85: 09HB | D85: CONTRIBUIÇÃO DA UNIÃO, DE SUAS AUTARQUIAS E FUNDAÇÕES PARA O CUSTEIO DO REGIME DE PREVIDÊNCIA DOS SERVIDORES PÚBLICOS FEDERAIS | E85: 1 | F85: RPPS | G85: Civis | H85: 0 | I85: 0 | J85: 0 | K85: 397267.2 | L85: 3968.82 | M85: 32981.74 | N85: 239032.9 | O85: 67397.84 | P85: 2670.64 | Q85: 10557.66 | R85: 0 | S85: 0 | T85: 0 | U85: 0
A86: 1073 | B86: BRASIL UNIVERSITÁRIO | C86: 09HB | D86: CONTRIBUIÇÃO DA UNIÃO, DE SUAS AUTARQUIAS E FUNDAÇÕES PARA O CUSTEIO DO REGIME DE PREVIDÊNCIA DOS SERVIDORES PÚBLICOS FEDERAIS | E86: 26000 | F86: RPPS | G86: Civis | H86: 0 | I86: 0 | J86: 0 | K86: 23790491 | L86: 2803986 | M86: 5270241.6 | N86: 13022010 | O86: 2260498.4 | P86: 983548.14 | Q86: 3996241 | R86: 0 | S86: 0 | T86: 0 | U86: 0
A87: 1163 | B87: BRASIL: DESTINO TURÍSTICO INTERNACIONAL | C87: 09HB | D87: CONTRIBUIÇÃO DA UNIÃO, DE SUAS AUTARQUIAS E FUNDAÇÕES PARA O CUSTEIO DO REGIME DE PREVIDÊNCIA DOS SERVIDORES PÚBLICOS FEDERAIS | E87: 1 | F87: RPPS | G87: Civis | H87: 0 | I87: 0 | J87: 0 | K87: 0 | L87: 0 | M87: 4608.37 | N87: 41177.27 | O87: 14825.17 | P87: 11933.03 | Q87: 11090.19 | R87: 0 | S87: 0 | T87: 0 | U87: 0
A88: 0550 | B88: CONTROLE EXTERNO | C88: 20AK | D88: CONTRIBUIÇÃO DA UNIÃO, DE SUAS AUTARQUIAS E FUNDAÇÕES PARA O CUSTEIO DO REGIME DE PREVIDÊNCIA DOS SERVIDORES PÚBLICOS FEDERAIS DECORRENTE DA CRIAÇÃO E/OU PROVIMENTO DE CARGOS E FUNÇÕES E REESTRUTURAÇÃO DE CARGOS E CARREIRAS E REVISÃO DE REMUNERAÇÕES | E88: 1 | F88: RPPS | G88: Civis | H88: 0 | I88: 0 | J88: 0 | K88: 0 | L88: 0 | M88: 0 | N88: 0 | O88: 2226.72 | P88: 1015.52 | Q88: 0 | R88: 0 | S88: 0 | T88: 0 | U88: 0
A89: 0550 | B89: CONTROLE EXTERNO | C89: 09HB | D89: CONTRIBUIÇÃO DA UNIÃO, DE SUAS AUTARQUIAS E FUNDAÇÕES PARA O CUSTEIO DO REGIME DE PREVIDÊNCIA DOS SERVIDORES PÚBLICOS FEDERAIS | E89: 1 | F89: RPPS | G89: Civis | H89: 0 | I89: 0 | J89: 0 | K89: 0 | L89: 0 | M89: 0 | N89: 7693.88 | O89: 11540.82 | P89: 37475.08 | Q89: 0 | R89: 0 | S89: 0 | T89: 0 | U89: 0
A90: 0581 | B90: DEFESA DA ORDEM JURÍDICA | C90: 09HB | D90: CONTRIBUIÇÃO DA UNIÃO, DE SUAS AUTARQUIAS E FUNDAÇÕES PARA O CUSTEIO DO REGIME DE PREVIDÊNCIA DOS SERVIDORES PÚBLICOS FEDERAIS | E90: 1 | F90: RPPS | G90: Civis | H90: 0 | I90: 0 | J90: 0 | K90: 0 | L90: 0 | M90: 70617.9 | N90: 42468.08 | O90: 41765.96 | P90: 27771.38 | Q90: 33376.26 | R90: 15183.78 | S90: 0 | T90: 0 | U90: 0
A91: 1030 | B91: DEMOCRATIZAÇÃO DO ACESSO À INFORMAÇÃO ARQUIVÍSTICA GOVERNAMENTAL | C91: 09HB | D91: CONTRIBUIÇÃO DA UNIÃO, DE SUAS AUTARQUIAS E FUNDAÇÕES PARA O CUSTEIO DO REGIME DE PREVIDÊNCIA DOS SERVIDORES PÚBLICOS FEDERAIS | E91: 1 | F91: RPPS | G91: Civis | H91: 0 | I91: 0 | J91: 0 | K91: 0 | L91: 0 | M91: 0 | N91: 77760.52 | O91: 0 | P91: 0 | Q91: 0 | R91: 0 | S91: 0 | T91: 0 | U91: 0
A92: 1374 | B92: DESENVOLVIMENTO DA EDUCAÇÃO ESPECIAL | C92: 09HB | D92: CONTRIBUIÇÃO DA UNIÃO, DE SUAS AUTARQUIAS E FUNDAÇÕES PARA O CUSTEIO DO REGIME DE PREVIDÊNCIA DOS SERVIDORES PÚBLICOS FEDERAIS | E92: 26000 | F92: RPPS | G92: Civis | H92: 0 | I92: 0 | J92: 0 | K92: 640998.35 | L92: 0 | M92: 0 | N92: 0 | O92: 0 | P92: 0 | Q92: 0 | R92: 0 | S92: 0 | T92: 0 | U92: 0
A93: 1062 | B93: DESENVOLVIMENTO DA EDUCAÇÃO PROFISSIONAL E TECNOLÓGICA | C93: 09HB | D93: CONTRIBUIÇÃO DA UNIÃO, DE SUAS AUTARQUIAS E FUNDAÇÕES PARA O CUSTEIO DO REGIME DE PREVIDÊNCIA DOS SERVIDORES PÚBLICOS FEDERAIS | E93: 26000 | F93: RPPS | G93: Civis | H93: 0 | I93: 0 | J93: 0 | K93: 4603727.1 | L93: 5423102 | M93: 3394303.4 | N93: 5151609.2 | O93: 199975.2 | P93: 5710.14 | Q93: 18131.11 | R93: 0 | S93: 0 | T93: 0 | U93: 0
A94: 1376 | B94: DESENVOLVIMENTO DO ENSINO FUNDAMENTAL | C94: 09HB | D94: CONTRIBUIÇÃO DA UNIÃO, DE SUAS AUTARQUIAS E FUNDAÇÕES PARA O CUSTEIO DO REGIME DE PREVIDÊNCIA DOS SERVIDORES PÚBLICOS FEDERAIS | E94: 26000 | F94: RPPS | G94: Civis | H94: 0 | I94: 0 | J94: 0 | K94: 0 | L94: 2562366.4 | M94: 5643754 | N94: 0 | O94: 0 | P94: 0 | Q94: 0 | R94: 0 | S94: 0 | T94: 0 | U94: 0
A95: 1378 | B95: DESENVOLVIMENTO DO ENSINO MEDIO | C95: 09HB | D95: CONTRIBUIÇÃO DA UNIÃO, DE SUAS AUTARQUIAS E FUNDAÇÕES PARA O CUSTEIO DO REGIME DE PREVIDÊNCIA DOS SERVIDORES PÚBLICOS FEDERAIS | E95: 26000 | F95: RPPS | G95: Civis | H95: 0 | I95: 0 | J95: 0 | K95: 8679806.8 | L95: 0 | M95: 0 | N95: 0 | O95: 0 | P95: 0 | Q95: 0 | R95: 0 | S95: 0 | T95: 0 | U95: 0
A96: 0570 | B96: GESTÃO DO PROCESSO ELEITORAL | C96: 09HB | D96: CONTRIBUIÇÃO DA UNIÃO, DE SUAS AUTARQUIAS E FUNDAÇÕES PARA O CUSTEIO DO REGIME DE PREVIDÊNCIA DOS SERVIDORES PÚBLICOS FEDERAIS | E96: 1 | F96: RPPS | G96: Civis | H96: 0 | I96: 0 | J96: 0 | K96: 0 | L96: 11992.66 | M96: 13837.31 | N96: 162666.88 | O96: 718785.7 | P96: 1804.56 | Q96: 0 | R96: 7834.66 | S96: 2659.54 | T96: 0 | U96: 0
A97: 0088 | B97: INDENIZAÇÕES E PENSÕES ESPECIAIS DE RESPONSABILIDADE DA UNIÃO | C97: 0536 | D97: PAGAMENTO DE BENEFÍCIOS DE LEGISLAÇÃO ESPECIAL | E97: 1 | F97: RPPS | G97: Civis | H97: 6.3062311e+08 | I97: 6.7399268e+08 | J97: 6.8771415e+08 | K97: 7.4578765e+08 | L97: 6.9801515e+08 | M97: 8.5363983e+08 | N97: 4.3533676e+08 | O97: 3.3381047e+08 | P97: 3.0862424e+08 | Q97: 3.0570563e+08 | R97: 24819603 | S97: 0 | T97: 0 | U97: 0
A98: 0088 | B98: INDENIZAÇÕES E PENSÕES ESPECIAIS DE RESPONSABILIDADE DA UNIÃO | C98: 009K | D98: COMPLEMENTAÇÃO DE APOSENTADORIAS E PENSÕES DA RFFSA | E98: 1 | F98: RPPS | G98: Civis | H98: 0 | I98: 0 | J98: 0 | K98: 0 | L98: 0 | M98: 0 | N98: 5.7685149e+08 | O98: 6.3855155e+08 | P98: 5.8794698e+08 | Q98: 5.937377e+08 | R98: 42713883 | S98: 0 | T98: 0 | U98: 0
A99: 0641 | B99: INTELIGÊNCIA FEDERAL | C99: 09HB | D99: CONTRIBUIÇÃO DA UNIÃO, DE SUAS AUTARQUIAS E FUNDAÇÕES PARA O CUSTEIO DO REGIME DE PREVIDÊNCIA DOS SERVIDORES PÚBLICOS FEDERAIS | E99: 1 | F99: RPPS | G99: Civis | H99: 0 | I99: 0 | J99: 0 | K99: 0 | L99: 71138.58 | M99: 163534.08 | N99: 517.99 | O99: 0 | P99: 0 | Q99: 0 | R99: 0 | S99: 0 | T99: 0 | U99: 0
A100: 0391 | B100: MINERAÇÃO E DESENVOLVIMENTO SUSTENTÁVEL | C100: 09HB | D100: CONTRIBUIÇÃO DA UNIÃO, DE SUAS AUTARQUIAS E FUNDAÇÕES PARA O CUSTEIO DO REGIME DE PREVIDÊNCIA DOS SERVIDORES PÚBLICOS FEDERAIS | E100: 1 | F100: RPPS | G100: Civis | H100: 0 | I100: 0 | J100: 0 | K100: 0 | L100: 0 | M100: 0 | N100: 12551884 | O100: 0 | P100: 0 | Q100: 0 | R100: 0 | S100: 0 | T100: 0 | U100: 0
A101: 0464 | B101: NACIONAL DE ATIVIDADES ESPACIAIS - PNAE | C101: 09HB | D101: CONTRIBUIÇÃO DA UNIÃO, DE SUAS AUTARQUIAS E FUNDAÇÕES PARA O CUSTEIO DO REGIME DE PREVIDÊNCIA DOS SERVIDORES PÚBLICOS FEDERAIS | E101: 1 | F101: RPPS | G101: Civis | H101: 0 | I101: 0 | J101: 0 | K101: 170000 | L101: 0 | M101: 0 | N101: 0 | O101: 0 | P101: 0 | Q101: 0 | R101: 0 | S101: 0 | T101: 0 | U101: 0
A102: 0901 | B102: OPERAÇÕES ESPECIAIS: CUMPRIMENTO DE SENTENÇAS JUDICIAIS | C102: 00DI | D102: CUMPRIMENTO DE SENTENÇAS JUDICIAIS DECORRENTE DE DÍVIDA PARA COM OS PLANOS DE BENEFÍCIOS PREVIDENCIÁRIOS E ASSISTENCIAL - NÚCLEOS | E102: 1 | F102: RPPS | G102: Civis | H102: 0 | I102: 0 | J102: 0 | K102: 0 | L102: 0 | M102: 0 | N102: 0 | O102: 0 | P102: 11150429 | Q102: 12309076 | R102: 12486569 | S102: 13279639 | T102: 0 | U102: 0
A103: 0901 | B103: OPERAÇÕES ESPECIAIS: CUMPRIMENTO DE SENTENÇAS JUDICIAIS | C103: 00FB | D103: PAGAMENTO DE PASSIVOS JUDICIAIS/ADMINISTRATIVOS (JUROS URV, PARCELA AUTÔNOMA DE EQUIVALÊNCIA E ADICIONAL POR TEMPO DE SERVIÇO) – APOSENTADORIAS E PENSÕES | E103: 1 | F103: RPPS | G103: Civis | H103: 0 | I103: 0 | J103: 0 | K103: 0 | L103: 0 | M103: 0 | N103: 0 | O103: 0 | P103: 37970862 | Q103: 549788.94 | R103: 0 | S103: 0 | T103: 0 | U103: 0
A104: 0901 | B104: OPERAÇÕES ESPECIAIS: CUMPRIMENTO DE SENTENÇAS JUDICIAIS | C104: 00G5 | D104: CONTRIBUIÇÃO DA UNIÃO, DE SUAS AUTARQUIAS E FUNDAÇÕES PARA O CUSTEIO DO REGIME DE PREVIDÊNCIA DOS SERVIDORES PÚBLICOS FEDERAIS DECORRENTE DO PAGAMENTO DE PRECATÓRIOS E REQUISIÇÕES DE PEQUENO VALOR | E104: 26000 | F104: RPPS | G104: Civis | H104: 0 | I104: 0 | J104: 0 | K104: 0 | L104: 0 | M104: 0 | N104: 0 | O104: 0 | P104: 0 | Q104: 0 | R104: 29074 | S104: 0 | T104: 0 | U104: 0
A105: 0904 | B105: OPERAÇÕES ESPECIAIS: OUTRAS TRANSFERÊNCIAS | C105: 0042 | D105: PESSOAL INATIVO E PENSIONISTAS DO SISTEMA EDUCACIONAL DO DISTRITO FEDERAL | E105: 1 | F105: RPPS | G105: Civis | H105: 381574032 | I105: 0 | J105: 0 | K105: 0 | L105: 0 | M105: 0 | N105: 0 | O105: 0 | P105: 0 | Q105: 0 | R105: 0 | S105: 0 | T105: 0 | U105: 0
A106: 0904 | B106: OPERAÇÕES ESPECIAIS: OUTRAS TRANSFERÊNCIAS | C106: 0043 | D106: PESSOAL INATIVO E PENSIONISTAS DO SISTEMA DE SAÚDE DO DISTRITO FEDERAL | E106: 1 | F106: RPPS | G106: Civis | H106: 157118719 | I106: 0 | J106: 0 | K106: 0 | L106: 0 | M106: 0 | N106: 0 | O106: 0 | P106: 0 | Q106: 0 | R106: 0 | S106: 0 | T106: 0 | U106: 0
A107: 0909 | B107: OPERAÇÕES ESPECIAIS: OUTROS ENCARGOS ESPECIAIS | C107: 0536 | D107: PAGAMENTO DE BENEFÍCIOS DE LEGISLAÇÃO ESPECIAL | E107: 1 | F107: RPPS | G107: Civis | H107: 0 | I107: 0 | J107: 0 | K107: 0 | L107: 0 | M107: 0 | N107: 0 | O107: 0 | P107: 0 | Q107: 0 | R107: 3.363614e+08 | S107: 3.8122553e+08 | T107: 3.9810929e+08 | U107: 3.2674307e+08
A108: 0909 | B108: OPERAÇÕES ESPECIAIS: OUTROS ENCARGOS ESPECIAIS | C108: 00H7 | D108: CONTRIBUIÇÃO DA UNIÃO PARA O CUSTEIO DO REGIME DE PREVIDÊNCIA DOS SERVIDORES PÚBLICOS FEDERAIS DECORRENTE DA CRIAÇÃO E/OU PROVIMENTO DE CARGOS E FUNÇÕES E REESTRUTURAÇÃO DE CARGOS E CARREIRAS E REVISÃO DE REMUNERAÇÕES | E108: 26000 | F108: RPPS | G108: Civis | H108: 0 | I108: 0 | J108: 0 | K108: 0 | L108: 0 | M108: 0 | N108: 0 | O108: 0 | P108: 0 | Q108: 0 | R108: 228649.91 | S108: 0 | T108: 0 | U108: 0
A109: 0903 | B109: OPERAÇÕES ESPECIAIS: TRANSFERÊNCIAS CONSTITUCIONAIS E AS DECORRENTES DE LEGISLAÇÃO ESPECÍFICA | C109: 00F1 | D109: PAGAMENTO DE PESSOAL INATIVO E PENSIONISTAS DA POLICIA MILITAR DO DISTRITO FEDERAL | E109: 1 | F109: RPPS | G109: Civis | H109: 0 | I109: 0 | J109: 0 | K109: 0 | L109: 0 | M109: 0 | N109: 0 | O109: 0 | P109: 488587421 | Q109: 5.1375762e+08 | R109: 5.5987433e+08 | S109: 6.547567e+08 | T109: 32439155 | U109: 0
A110: 0903 | B110: OPERAÇÕES ESPECIAIS: TRANSFERÊNCIAS CONSTITUCIONAIS E AS DECORRENTES DE LEGISLAÇÃO ESPECÍFICA | C110: 00F2 | D110: PAGAMENTO DE PESSOAL INATIVO E PENSIONISTAS DO CORPO DE BOMBEIROS DO DISTRITO FEDERAL | E110: 1 | F110: RPPS | G110: Civis | H110: 0 | I110: 0 | J110: 0 | K110: 0 | L110: 0 | M110: 0 | N110: 0 | O110: 0 | P110: 255010629 | Q110: 2.7392765e+08 | R110: 3.1432683e+08 | S110: 3.1947191e+08 | T110: 25952039 | U110: 0
A111: 0903 | B111: OPERAÇÕES ESPECIAIS: TRANSFERÊNCIAS CONSTITUCIONAIS E AS DECORRENTES DE LEGISLAÇÃO ESPECÍFICA | C111: 00NS | D111: PESSOAL INATIVO E PENSIONISTAS DAS POLÍCIAS CIVIL E MILITAR E DO CORPO DE BOMBEIROS DO DISTRITO FEDERAL | E111: 1 | F111: RPPS | G111: Civis | H111: 0 | I111: 0 | J111: 0 | K111: 0 | L111: 0 | M111: 0 | N111: 0 | O111: 0 | P111: 0 | Q111: 0 | R111: 0 | S111: 0 | T111: 1.6612979e+09 | U111: 2120487929
A112: 0903 | B112: OPERAÇÕES ESPECIAIS: TRANSFERÊNCIAS CONSTITUCIONAIS E AS DECORRENTES DE LEGISLAÇÃO ESPECÍFICA | C112: 0041 | D112: PESSOAL INATIVO E PENSIONISTAS DO SISTEMA DE SEGURANÇA PÚBLICA DO DISTRITO FEDERAL (CF, ART. 21) | E112: 1 | F112: RPPS | G112: Civis | H112: 3.6663965e+08 | I112: 4.6552015e+08 | J112: 5.3925609e+08 | K112: 5.7672417e+08 | L112: 6.9197768e+08 | M112: 8.0511661e+08 | N112: 1.0005746e+09 | O112: 1.0988276e+09 | P112: 4.8433502e+08 | Q112: 4.68921e+08 | R112: 5.578946e+08 | S112: 5.1489839e+08 | T112: 37081482 | U112: 0
A113: 0565 | B113: PRESTAÇÃO JURISDICIONAL DO SUPREMO TRIBUNAL FEDERAL | C113: 09HB | D113: CONTRIBUIÇÃO DA UNIÃO, DE SUAS AUTARQUIAS E FUNDAÇÕES PARA O CUSTEIO DO REGIME DE PREVIDÊNCIA DOS SERVIDORES PÚBLICOS FEDERAIS | E113: 1 | F113: RPPS | G113: Civis | H113: 0 | I113: 0 | J113: 0 | K113: 1599974.2 | L113: 0 | M113: 0 | N113: 0 | O113: 0 | P113: 0 | Q113: 0 | R113: 0 | S113: 0 | T113: 0 | U113: 0
A114: 0566 | B114: PRESTAÇÃO JURISDICIONAL MILITAR | C114: 09HB | D114: CONTRIBUIÇÃO DA UNIÃO, DE SUAS AUTARQUIAS E FUNDAÇÕES PARA O CUSTEIO DO REGIME DE PREVIDÊNCIA DOS SERVIDORES PÚBLICOS FEDERAIS | E114: 1 | F114: RPPS | G114: Civis | H114: 0 | I114: 0 | J114: 0 | K114: 0 | L114: 0 | M114: 0 | N114: 0 | O114: 0 | P114: 0 | Q114: 0 | R114: 0 | S114: 494.57 | T114: 0 | U114: 0
A115: 0571 | B115: PRESTAÇÃO JURISDICIONAL TRABALHISTA | C115: 09HB | D115: CONTRIBUIÇÃO DA UNIÃO, DE SUAS AUTARQUIAS E FUNDAÇÕES PARA O CUSTEIO DO REGIME DE PREVIDÊNCIA DOS SERVIDORES PÚBLICOS FEDERAIS | E115: 1 | F115: RPPS | G115: Civis | H115: 0 | I115: 0 | J115: 0 | K115: 0 | L115: 0 | M115: 0 | N115: 0 | O115: 0 | P115: 0 | Q115: 0 | R115: 0 | S115: 0 | T115: 18520.5 | U115: 0
A116: 2107 | B116: PROGRAMA DE GESTAO E MANUTENCAO DO MINISTERIO DA CULTURA | C116: 09HB | D116: CONTRIBUIÇÃO DA UNIÃO, DE SUAS AUTARQUIAS E FUNDAÇÕES PARA O CUSTEIO DO REGIME DE PREVIDÊNCIA DOS SERVIDORES PÚBLICOS FEDERAIS | E116: 1 | F116: RPPS | G116: Civis | H116: 0 | I116: 0 | J116: 0 | K116: 0 | L116: 0 | M116: 0 | N116: 0 | O116: 0 | P116: 0 | Q116: 0 | R116: 0 | S116: 0 | T116: 0 | U116: 376356.62
A117: 2120 | B117: PROGRAMA DE GESTAO E MANUTENCAO DO MINISTERIO DO DESENVOLVIM | C117: 09HB | D117: CONTRIBUIÇÃO DA UNIÃO, DE SUAS AUTARQUIAS E FUNDAÇÕES PARA O CUSTEIO DO REGIME DE PREVIDÊNCIA DOS SERVIDORES PÚBLICOS FEDERAIS | E117: 1 | F117: RPPS | G117: Civis | H117: 0 | I117: 0 | J117: 0 | K117: 0 | L117: 0 | M117: 0 | N117: 0 | O117: 0 | P117: 0 | Q117: 0 | R117: 0 | S117: 0 | T117: 0 | U117: 57956.02
A118: 2127 | B118: PROGRAMA DE GESTAO E MANUTENCAO DO MINISTERIO DO TRABALHO E | C118: 09HB | D118: CONTRIBUIÇÃO DA UNIÃO, DE SUAS AUTARQUIAS E FUNDAÇÕES PARA O CUSTEIO DO REGIME DE PREVIDÊNCIA DOS SERVIDORES PÚBLICOS FEDERAIS | E118: 1 | F118: RPPS | G118: Civis | H118: 0 | I118: 0 | J118: 0 | K118: 0 | L118: 0 | M118: 0 | N118: 0 | O118: 0 | P118: 0 | Q118: 0 | R118: 0 | S118: 0 | T118: 0 | U118: 166.11
A119: 2128 | B119: PROGRAMA DE GESTAO E MANUTENCAO DO MINISTERIO DO TURISMO | C119: 09HB | D119: CONTRIBUIÇÃO DA UNIÃO, DE SUAS AUTARQUIAS E FUNDAÇÕES PARA O CUSTEIO DO REGIME DE PREVIDÊNCIA DOS SERVIDORES PÚBLICOS FEDERAIS | E119: 1 | F119: RPPS | G119: Civis | H119: 0 | I119: 0 | J119: 0 | K119: 0 | L119: 0 | M119: 0 | N119: 0 | O119: 0 | P119: 0 | Q119: 0 | R119: 0 | S119: 0 | T119: 0 | U119: 12067.84
A120: 0089 | B120: PREVIDÊNCIA DE INATIVOS E PENSIONISTAS DA UNIÃO | C120: 0182 | D120: PAGAMENTO DE PENSÕES A SERVIDORES CIVIS | E120: 26000 | F120: RPPS | G120: Civis | H120: 280995.69 | I120: 0 | J120: 0 | K120: 0 | L120: 0 | M120: 0 | N120: 0 | O120: 0 | P120: 0 | Q120: 0 | R120: 0 | S120: 0 | T120: 0 | U120: 0
A121: 0089 | B121: PREVIDÊNCIA DE INATIVOS E PENSIONISTAS DA UNIÃO | C121: 0182 | D121: PAGAMENTO DE PENSÕES A SERVIDORES CIVIS | E121: 36000 | F121: RPPS | G121: Civis | H121: 646791.82 | I121: 0 | J121: 0 | K121: 0 | L121: 0 | M121: 0 | N121: 0 | O121: 0 | P121: 0 | Q121: 0 | R121: 0 | S121: 0 | T121: 0 | U121: 0
A122: 0089 | B122: PREVIDÊNCIA DE INATIVOS E PENSIONISTAS DA UNIÃO | C122: 0182 | D122: PAGAMENTO DE PENSÕES A SERVIDORES CIVIS | E122: 1 | F122: RPPS | G122: Civis | H122: 5570451.6 | I122: 0 | J122: 0 | K122: 0 | L122: 0 | M122: 0 | N122: 0 | O122: 0 | P122: 0 | Q122: 0 | R122: 0 | S122: 0 | T122: 0 | U122: 0
A123: 0089 | B123: PREVIDÊNCIA DE INATIVOS E PENSIONISTAS DA UNIÃO | C123: 009K | D123: COMPLEMENTAÇÃO DE APOSENTADORIAS E PENSÕES DA RFFSA | E123: 1 | F123: RPPS | G123: Civis | H123: 0 | I123: 0 | J123: 0 | K123: 0 | L123: 0 | M123: 0 | N123: 0 | O123: 0 | P123: 0 | Q123: 0 | R123: 6.1551684e+08 | S123: 6.6139992e+08 | T123: 7.1419041e+08 | U123: 6.252537e+08
A124: 0089 | B124: PREVIDÊNCIA DE INATIVOS E PENSIONISTAS DA UNIÃO | C124: 0B31 | D124: PAGAMENTO DE PESSOAL INATIVO E PENSIONISTAS DO ESTADO DO MATO GROSSO (ART. 27 DA LEI COMPLEMENTAR N: 31, DE 1977) (CREDITO EXTRAORDINARIO) | E124: 1 | F124: RPPS | G124: Civis | H124: 0 | I124: 0 | J124: 0 | K124: 0 | L124: 77347330 | M124: 0 | N124: 0 | O124: 0 | P124: 0 | Q124: 0 | R124: 0 | S124: 0 | T124: 0 | U124: 0
A125: 0089 | B125: PREVIDÊNCIA DE INATIVOS E PENSIONISTAS DA UNIÃO | C125: 0C05 | D125: REESTRUTURAÇÃO DE CARGOS, CARREIRAS E REVISÃO DE REMUNERAÇÕES - APOSENTADORIAS, REFORMAS E PENSÕES | E125: 1 | F125: RPPS | G125: Civis | H125: 0 | I125: 0 | J125: 0 | K125: 0 | L125: 0 | M125: 0 | N125: 2490326.2 | O125: 43366997 | P125: 1.6938772e+08 | Q125: 6053645.9 | R125: 0 | S125: 0 | T125: 0 | U125: 0
A126: 0089 | B126: PREVIDÊNCIA DE INATIVOS E PENSIONISTAS DA UNIÃO | C126: 0397 | D126: ENCARGOS PREVIDENCIÁRIOS COM APOSENTADOS E PENSIONISTAS DO EXTINTO INSTITUTO DE PREVIDÊNCIA DOS CONGRESSISTAS - IPC | E126: 1 | F126: RPPS | G126: Civis | H126: 46356514 | I126: 69300218 | J126: 72052473 | K126: 69076293 | L126: 69430208 | M126: 82315388 | N126: 85355997 | O126: 85775751 | P126: 80988052 | Q126: 1.2179281e+08 | R126: 1.2294376e+08 | S126: 1.1988167e+08 | T126: 1.152457e+08 | U126: 1.3958129e+08
A127: 0089 | B127: PREVIDÊNCIA DE INATIVOS E PENSIONISTAS DA UNIÃO | C127: 0055 | D127: PAGAMENTO DE PESSOAL INATIVO E PENSIONISTAS DA EXTINTA VIA FÉRREA DO RIO GRANDE DO SUL - VIFER (LEI Nº 3.887, DE 1969) | E127: 1 | F127: RPPS | G127: Civis | H127: 34294417 | I127: 22842220 | J127: 22101247 | K127: 16516576 | L127: 22975959 | M127: 15210436 | N127: 26221365 | O127: 14926912 | P127: 16513755 | Q127: 14892801 | R127: 17821941 | S127: 15287351 | T127: 12462387 | U127: 5197973.5
A128: 0089 | B128: PREVIDÊNCIA DE INATIVOS E PENSIONISTAS DA UNIÃO | C128: 0054 | D128: PAGAMENTO DE PESSOAL INATIVO E PENSIONISTAS DO ESTADO DO MATO GROSSO (ART. 27 DA LEI COMPLEMENTAR Nº 31, DE 1977) | E128: 1 | F128: RPPS | G128: Civis | H128: 9226695 | I128: 7908000 | J128: 9226000 | K128: 0 | L128: 26939998 | M128: 0 | N128: 22793424 | O128: 34076912 | P128: 35639274 | Q128: 20933715 | R128: 20478095 | S128: 28501182 | T128: 18366302 | U128: 20087195
A129: 0089 | B129: PREVIDÊNCIA DE INATIVOS E PENSIONISTAS DA UNIÃO | C129: 0053 | D129: PAGAMENTO DE PESSOAL INATIVO E PENSIONISTAS DE EXTINTOS ESTADOS E TERRITÓRIOS | E129: 1 | F129: RPPS | G129: Civis | H129: 8.4331314e+08 | I129: 9.9203077e+08 | J129: 9.839888e+08 | K129: 1.0890774e+09 | L129: 1.2074189e+09 | M129: 1.4161793e+09 | N129: 1.4739244e+09 | O129: 1.7097074e+09 | P129: 1.7247021e+09 | Q129: 1.7702662e+09 | R129: 1.8055209e+09 | S129: 1.9555473e+09 | T129: 2.343788e+09 | U129: 2.6266202e+09
A130: 0089 | B130: PREVIDÊNCIA DE INATIVOS E PENSIONISTAS DA UNIÃO | C130: 0181 | D130: PAGAMENTO DE APOSENTADORIAS E PENSÕES - SERVIDORES CIVIS | E130: 36000 | F130: RPPS | G130: Civis | H130: 2.494237e+09 | I130: 2.6196428e+09 | J130: 3.0204261e+09 | K130: 3.2063851e+09 | L130: 3.2671643e+09 | M130: 3.505984e+09 | N130: 3.7741686e+09 | O130: 4.5795584e+09 | P130: 5.3188544e+09 | Q130: 6.156507e+09 | R130: 6.7375417e+09 | S130: 7.188917e+09 | T130: 7.6603055e+09 | U130: 7.9365305e+09
A131: 0089 | B131: PREVIDÊNCIA DE INATIVOS E PENSIONISTAS DA UNIÃO | C131: 0396 | D131: PAGAMENTO DE APOSENTADORIAS E PENSÕES | E131: 1 | F131: RPPS | G131: Civis | H131: 3.4597347e+09 | I131: 3.8665154e+09 | J131: 4.4333504e+09 | K131: 4.6623015e+09 | L131: 5.1474406e+09 | M131: 5.5439922e+09 | N131: 6.0378616e+09 | O131: 6.4847545e+09 | P131: 6.936444e+09 | Q131: 7.7803794e+09 | R131: 1.1876271e+08 | S131: 1426672.8 | T131: 512449.73 | U131: 1155609.5
A132: 0089 | B132: PREVIDÊNCIA DE INATIVOS E PENSIONISTAS DA UNIÃO | C132: 0181 | D132: PAGAMENTO DE APOSENTADORIAS E PENSÕES - SERVIDORES CIVIS | E132: 26000 | F132: RPPS | G132: Civis | H132: 2.8741636e+09 | I132: 3.2074678e+09 | J132: 3.6754284e+09 | K132: 4.1256901e+09 | L132: 4.6722291e+09 | M132: 4.8423254e+09 | N132: 5.4188892e+09 | O132: 6.1326933e+09 | P132: 7.1227795e+09 | Q132: 7.7895097e+09 | R132: 8.4213871e+09 | S132: 9.4952025e+09 | T132: 1.0584062e+10 | U132: 1.1677051e+10
A133: 0089 | B133: PREVIDÊNCIA DE INATIVOS E PENSIONISTAS DA UNIÃO | C133: 0181 | D133: PAGAMENTO DE APOSENTADORIAS E PENSÕES - SERVIDORES CIVIS | E133: 1 | F133: RPPS | G133: Civis | H133: 1.0957799e+10 | I133: 1.2193003e+10 | J133: 1.3496734e+10 | K133: 1.4375373e+10 | L133: 1.5428919e+10 | M133: 1.7190303e+10 | N133: 1.9031936e+10 | O133: 2.2175013e+10 | P133: 2.4569299e+10 | Q133: 2.6010474e+10 | R133: 3.5357075e+10 | S133: 3.7703439e+10 | T133: 3.9718313e+10 | U133: 4.2717396e+10
A134: 0089 | B134: PREVIDÊNCIA DE INATIVOS E PENSIONISTAS DA UNIÃO | C134: 0179 | D134: PAGAMENTO DE APOSENTADORIAS E PENSÕES - MILITARES DAS FORÇAS ARMADAS | E134: 1 | F134: RPPS | G134: Militares | H134: 12142307977 | I134: 1.2266784e+10 | J134: 1.2933232e+10 | K134: 1.4324271e+10 | L134: 1.6325231e+10 | M134: 1.7638224e+10 | N134: 1.9936651e+10 | O134: 2.2351788e+10 | P134: 2.4797342e+10 | Q134: 2.6262581e+10 | R134: 2.6676883e+10 | S134: 2.8892945e+10 | T134: 3.182157e+10 | U134: 3.5179933e+10
A135: 2101 | B135: PROGRAMA DE GESTÃO E MANUTENÇÃO DA PRESIDÊNCIA DA REPÚBLICA | C135: 09HB | D135: CONTRIBUIÇÃO DA UNIÃO, DE SUAS AUTARQUIAS E FUNDAÇÕES PARA O CUSTEIO DO REGIME DE PREVIDÊNCIA DOS SERVIDORES PÚBLICOS FEDERAIS | E135: 1 | F135: RPPS | G135: Civis | H135: 0 | I135: 0 | J135: 0 | K135: 0 | L135: 0 | M135: 0 | N135: 0 | O135: 0 | P135: 0 | Q135: 0 | R135: 0 | S135: 87600.83 | T135: 0 | U135: 0
A136: 2108 | B136: PROGRAMA DE GESTÃO E MANUTENÇÃO DO MINISTÉRIO DA DEFESA | C136: 09HB | D136: CONTRIBUIÇÃO DA UNIÃO, DE SUAS AUTARQUIAS E FUNDAÇÕES PARA O CUSTEIO DO REGIME DE PREVIDÊNCIA DOS SERVIDORES PÚBLICOS FEDERAIS | E136: 1 | F136: RPPS | G136: Civis | H136: 0 | I136: 0 | J136: 0 | K136: 0 | L136: 0 | M136: 0 | N136: 0 | O136: 0 | P136: 0 | Q136: 0 | R136: 0 | S136: 316785.81 | T136: 0 | U136: 118585.58
A137: 2109 | B137: PROGRAMA DE GESTÃO E MANUTENÇÃO DO MINISTÉRIO DA EDUCAÇÃO | C137: 09HB | D137: CONTRIBUIÇÃO DA UNIÃO, DE SUAS AUTARQUIAS E FUNDAÇÕES PARA O CUSTEIO DO REGIME DE PREVIDÊNCIA DOS SERVIDORES PÚBLICOS FEDERAIS | E137: 26000 | F137: RPPS | G137: Civis | H137: 0 | I137: 0 | J137: 0 | K137: 0 | L137: 0 | M137: 0 | N137: 0 | O137: 0 | P137: 0 | Q137: 0 | R137: 2207566 | S137: 1813713 | T137: 16188.34 | U137: 12739.46
A138: 2114 | B138: PROGRAMA DE GESTÃO E MANUTENÇÃO DO MINISTÉRIO DA PREVIDÊNCIA SOCIAL | C138: 09HB | D138: CONTRIBUIÇÃO DA UNIÃO, DE SUAS AUTARQUIAS E FUNDAÇÕES PARA O CUSTEIO DO REGIME DE PREVIDÊNCIA DOS SERVIDORES PÚBLICOS FEDERAIS | E138: 1 | F138: RPPS | G138: Civis | H138: 0 | I138: 0 | J138: 0 | K138: 0 | L138: 0 | M138: 0 | N138: 0 | O138: 0 | P138: 0 | Q138: 0 | R138: 0 | S138: 69036.24 | T138: 0 | U138: 0
A139: 2119 | B139: PROGRAMA DE GESTÃO E MANUTENÇÃO DO MINISTÉRIO DE MINAS E ENERGIA | C139: 09HB | D139: CONTRIBUIÇÃO DA UNIÃO, DE SUAS AUTARQUIAS E FUNDAÇÕES PARA O CUSTEIO DO REGIME DE PREVIDÊNCIA DOS SERVIDORES PÚBLICOS FEDERAIS | E139: 1 | F139: RPPS | G139: Civis | H139: 0 | I139: 0 | J139: 0 | K139: 0 | L139: 0 | M139: 0 | N139: 0 | O139: 0 | P139: 0 | Q139: 0 | R139: 102228.41 | S139: 0 | T139: 0 | U139: 0
A140: 2126 | B140: PROGRAMA DE GESTÃO E MANUTENÇÃO DO MINISTÉRIO DOS TRANSPORTES | C140: 09HB | D140: CONTRIBUIÇÃO DA UNIÃO, DE SUAS AUTARQUIAS E FUNDAÇÕES PARA O CUSTEIO DO REGIME DE PREVIDÊNCIA DOS SERVIDORES PÚBLICOS FEDERAIS | E140: 1 | F140: RPPS | G140: Civis | H140: 0 | I140: 0 | J140: 0 | K140: 0 | L140: 0 | M140: 0 | N140: 0 | O140: 0 | P140: 0 | Q140: 0 | R140: 0 | S140: 2308.27 | T140: 0 | U140: 0
A141: 1184 | B141: SEGURANÇA E SAÚDE NO TRABALHO | C141: 09HB | D141: CONTRIBUIÇÃO DA UNIÃO, DE SUAS AUTARQUIAS E FUNDAÇÕES PARA O CUSTEIO DO REGIME DE PREVIDÊNCIA DOS SERVIDORES PÚBLICOS FEDERAIS | E141: 1 | F141: RPPS | G141: Civis | H141: 0 | I141: 0 | J141: 0 | K141: 216111.34 | L141: 3490.83 | M141: 0 | N141: 0 | O141: 0 | P141: 5388.52 | Q141: 0 | R141: 0 | S141: 0 | T141: 0 | U141: 0

Sheet RGPS_Resumo
B2: Tabela - Evolução da quantidade (em milhares) e valor (em R$) de benefícios previdenciários emitidos até 1 SM e de sua proporção em relação aos benefícios totais
D3: 2002 | E3: 2003 | F3: 2004 | G3: 2005 | H3: 2006 | I3: 2007 | J3: 2008 | K3: 2009 | L3: 2010 | M3: 2011 | N3: 2012 | O3: 2013 | P3: 2014 | Q3: 2015
B4: Quantidade (em mil) | C4: Até 1SM | D4: =RGPS_Quantidade_Dezembro_Cálc!AD26 -> 11687.795 | E4: =RGPS_Quantidade_Dezembro_Cálc!AE26 -> 11894.937 | F4: =RGPS_Quantidade_Dezembro_Cálc!AF26 -> 12366.24 | G4: =RGPS_Quantidade_Dezembro_Cálc!AG26 -> 12958.119 | H4: =RGPS_Quantidade_Dezembro_Cálc!AH26 -> 13562.187 | I4: =RGPS_Quantidade_Dezembro_Cálc!AI26 -> 14010.026 | J4: =RGPS_Quantidade_Dezembro_Cálc!AJ26 -> 14520.822 | K4: =RGPS_Quantidade_Dezembro_Cálc!AK26 -> 15173.955 | ... P4: =RGPS_Quantidade_Dezembro_Cálc!AP26 -> 17895.841 | Q4: =('Beps 2015'!E6+'Beps 2015'!E3)/1000 -> 18152.51
D5: =D4/D8 -> 0.61929751 | E5: =E4/E8 -> 0.60933225 | F5: =F4/F8 -> 0.60272381 | G5: =G4/G8 -> 0.6124414 | H5: =H4/H8 -> 0.62657699 | I5: =I4/I8 -> 0.63490705 | J5: =J4/J8 -> 0.63754352 | K5: =K4/K8 -> 0.64475374 | ... Q5: =Q4/Q8 -> 0.641968
C6: Acima de 1SM | D6: =RGPS_Quantidade_Dezembro_Cálc!AD27 -> 7184.871 | E6: =RGPS_Quantidade_Dezembro_Cálc!AE27 -> 7626.329 | F6: =RGPS_Quantidade_Dezembro_Cálc!AF27 -> 8151.018 | G6: =RGPS_Quantidade_Dezembro_Cálc!AG27 -> 8200.018 | H6: =RGPS_Quantidade_Dezembro_Cálc!AH27 -> 8082.698 | I6: =RGPS_Quantidade_Dezembro_Cálc!AI27 -> 8056.237 | J6: =RGPS_Quantidade_Dezembro_Cálc!AJ27 -> 8255.383 | K6: =RGPS_Quantidade_Dezembro_Cálc!AK27 -> 8360.542 | ... P6: =RGPS_Quantidade_Dezembro_Cálc!AP27 -> 9923.132 | Q6: =('Beps 2015'!E7+'Beps 2015'!E4)/1000 -> 10123.837
D7: =D6/D8 -> 0.38070249 | E7: =E6/E8 -> 0.39066775 | F7: =F6/F8 -> 0.39727619 | G7: =G6/G8 -> 0.3875586 | H7: =H6/H8 -> 0.37342301 | I7: =I6/I8 -> 0.36509295 | J7: =J6/J8 -> 0.36245648 | K7: =K6/K8 -> 0.35524626 | ... Q7: =Q6/Q8 -> 0.358032
C8: Total | D8: =SUM(D4,D6) -> 18872.666 | E8: =SUM(E4,E6) -> 19521.266 | F8: =SUM(F4,F6) -> 20517.258 | G8: =SUM(G4,G6) -> 21158.137 | H8: =SUM(H4,H6) -> 21644.885 | I8: =SUM(I4,I6) -> 22066.263 | J8: =SUM(J4,J6) -> 22776.205 | K8: =SUM(K4,K6) -> 23534.497 | ... P8: =SUM(P4,P6) -> 27818.973 | Q8: =('Beps 2015'!E5+'Beps 2015'!E8)/1000 -> 28276.347
B9: Valor (R$ bi) | C9: Até 1SM | D9: ='RGPS_Valor Acumulado'!AD66/1000 -> 28.210586 | E9: ='RGPS_Valor Acumulado'!AE66/1000 -> 34.032174 | F9: ='RGPS_Valor Acumulado'!AF66/1000 -> 38.813532 | G9: ='RGPS_Valor Acumulado'!AG66/1000 -> 45.504418 | H9: ='RGPS_Valor Acumulado'!AH66/1000 -> 54.433724 | I9: ='RGPS_Valor Acumulado'!AI66/1000 -> 60.998874 | J9: ='RGPS_Valor Acumulado'!AJ66/1000 -> 68.694405 | K9: ='RGPS_Valor Acumulado'!AK66/1000 -> 81.342691 | ... P9: ='RGPS_Valor Acumulado'!AP66/1000 -> 148.46057 | Q9: =SUM('Beps 2015'!Q4:Q5,'Beps 2015'!Q7:Q8)/1000000000 -> 168.51462
D10: =D9/D13 -> 0.33714862 | E10: =E9/E13 -> 0.33247292 | F10: =F9/F13 -> 0.32600657 | G10: =G9/G13 -> 0.34214455 | H10: =H9/H13 -> 0.37149683 | I10: =I9/I13 -> 0.38311497 | J10: =J9/J13 -> 0.39238561 | K10: =K9/K13 -> 0.40866089 | ... Q10: =Q9/Q13 -> 0.44320967
C11: Acima de 1SM | D11: ='RGPS_Valor Acumulado'!AD27/1000 -> 55.46345 | E11: ='RGPS_Valor Acumulado'!AE27/1000 -> 68.328565 | F11: ='RGPS_Valor Acumulado'!AF27/1000 -> 80.243983 | G11: ='RGPS_Valor Acumulado'!AG27/1000 -> 87.493222 | H11: ='RGPS_Valor Acumulado'!AH27/1000 -> 92.091683 | I11: ='RGPS_Valor Acumulado'!AI27/1000 -> 98.219321 | J11: ='RGPS_Valor Acumulado'!AJ27/1000 -> 106.37421 | K11: ='RGPS_Valor Acumulado'!AK27/1000 -> 117.70423 | ... P11: ='RGPS_Valor Acumulado'!AP27/1000 -> 194.82891 | Q11: =('Beps 2015'!Q3+'Beps 2015'!Q6-SUM('Beps 2015'!Q4:Q5,'Beps 2015'!Q7:Q8))/1000000000 -> 211.6996
D12: =D11/D13 -> 0.66285138 | E12: =E11/E13 -> 0.66752708 | F12: =F11/F13 -> 0.67399343 | G12: =G11/G13 -> 0.65785545 | H12: =H11/H13 -> 0.62850317 | I12: =I11/I13 -> 0.61688503 | J12: =J11/J13 -> 0.60761439 | K12: =K11/K13 -> 0.59133911 | ... Q12: =Q11/Q13 -> 0.55679033
C13: Total | D13: =SUM(D9,D11) -> 83.674036 | E13: =SUM(E9,E11) -> 102.36074 | F13: =SUM(F9,F11) -> 119.05752 | G13: =SUM(G9,G11) -> 132.99764 | H13: =SUM(H9,H11) -> 146.52541 | I13: =SUM(I9,I11) -> 159.21819 | J13: =SUM(J9,J11) -> 175.06862 | K13: =SUM(K9,K11) -> 199.04692 | ... P13: =SUM(P9,P11) -> 343.28948 | Q13: ='Beps 2015'!P9/1000000000 -> 380.21422
B14: Fonte: AEPS (vários anos) até 2014; BEPS (vários meses) e cálculos próprios para 2015.
C17: Tabela - Evolução da quantidade (em milhares) de benefícios emitidos até 1 SM e de sua proporção em relação aos benefícios totais: Clientela Rural
D18: 2002 | E18: 2003 | F18: 2004 | G18: 2005 | H18: 2006 | I18: 2007 | J18: 2008 | K18: 2009 | L18: 2010 | M18: 2011 | N18: 2012 | O18: 2013 | P18: 2014
C19: Aposentadoria por TC | D19: =RGPS_Quantidade_Dezembro_Cálc!Q5 -> 1.857 | E19: =RGPS_Quantidade_Dezembro_Cálc!R5 -> 1.91 | F19: =RGPS_Quantidade_Dezembro_Cálc!S5 -> 2.15 | G19: =RGPS_Quantidade_Dezembro_Cálc!T5 -> 2.999 | H19: =RGPS_Quantidade_Dezembro_Cálc!U5 -> 4.097 | I19: =RGPS_Quantidade_Dezembro_Cálc!V5 -> 4.904 | J19: =RGPS_Quantidade_Dezembro_Cálc!W5 -> 5.881 | K19: =RGPS_Quantidade_Dezembro_Cálc!X5 -> 7.431 | ... P19: =RGPS_Quantidade_Dezembro_Cálc!AC5 -> 12.355
C20: Parcela até 1 S.M. | D20: =RGPS_Quantidade_Dezembro_Cálc!Q5/RGPS_Quantidade_Dezembro_Cálc!Q4 -> 0.28277752 | E20: =RGPS_Quantidade_Dezembro_Cálc!R5/RGPS_Quantidade_Dezembro_Cálc!R4 -> 0.27529547 | F20: =RGPS_Quantidade_Dezembro_Cálc!S5/RGPS_Quantidade_Dezembro_Cálc!S4 -> 0.28141361 | G20: =RGPS_Quantidade_Dezembro_Cálc!T5/RGPS_Quantidade_Dezembro_Cálc!T4 -> 0.33288933 | H20: =RGPS_Quantidade_Dezembro_Cálc!U5/RGPS_Quantidade_Dezembro_Cálc!U4 -> 0.39160772 | I20: =RGPS_Quantidade_Dezembro_Cálc!V5/RGPS_Quantidade_Dezembro_Cálc!V4 -> 0.4307422 | J20: =RGPS_Quantidade_Dezembro_Cálc!W5/RGPS_Quantidade_Dezembro_Cálc!W4 -> 0.46515859 | K20: =RGPS_Quantidade_Dezembro_Cálc!X5/RGPS_Quantidade_Dezembro_Cálc!X4 -> 0.52220661 | ... P20: =RGPS_Quantidade_Dezembro_Cálc!AC5/RGPS_Quantidade_Dezembro_Cálc!AC4 -> 0.63316763
C21: Aposentadoria por Idade | D21: =RGPS_Quantidade_Dezembro_Cálc!Q8 -> 4264.091 | E21: =RGPS_Quantidade_Dezembro_Cálc!R8 -> 4378.185 | F21: =RGPS_Quantidade_Dezembro_Cálc!S8 -> 4496.071 | G21: =RGPS_Quantidade_Dezembro_Cálc!T8 -> 4626.286 | H21: =RGPS_Quantidade_Dezembro_Cálc!U8 -> 4773.834 | I21: =RGPS_Quantidade_Dezembro_Cálc!V8 -> 4928.976 | J21: =RGPS_Quantidade_Dezembro_Cálc!W8 -> 5106.546 | K21: =RGPS_Quantidade_Dezembro_Cálc!X8 -> 5300.949 | ... P21: =RGPS_Quantidade_Dezembro_Cálc!AC8 -> 6119.196
C22: Parcela até 1 S.M. | D22: =RGPS_Quantidade_Dezembro_Cálc!Q8/RGPS_Quantidade_Dezembro_Cálc!Q7 -> 0.99446665 | E22: =RGPS_Quantidade_Dezembro_Cálc!R8/RGPS_Quantidade_Dezembro_Cálc!R7 -> 0.99423739 | F22: =RGPS_Quantidade_Dezembro_Cálc!S8/RGPS_Quantidade_Dezembro_Cálc!S7 -> 0.99497123 | G22: =RGPS_Quantidade_Dezembro_Cálc!T8/RGPS_Quantidade_Dezembro_Cálc!T7 -> 0.99545681 | H22: =RGPS_Quantidade_Dezembro_Cálc!U8/RGPS_Quantidade_Dezembro_Cálc!U7 -> 0.99601393 | I22: =RGPS_Quantidade_Dezembro_Cálc!V8/RGPS_Quantidade_Dezembro_Cálc!V7 -> 0.99619488 | J22: =RGPS_Quantidade_Dezembro_Cálc!W8/RGPS_Quantidade_Dezembro_Cálc!W7 -> 0.99632068 | K22: =RGPS_Quantidade_Dezembro_Cálc!X8/RGPS_Quantidade_Dezembro_Cálc!X7 -> 0.99655255 | ... P22: =RGPS_Quantidade_Dezembro_Cálc!AC8/RGPS_Quantidade_Dezembro_Cálc!AC7 -> 0.99654307
C23: Aposentadoria por Invalidez | D23: =RGPS_Quantidade_Dezembro_Cálc!Q11 -> 406.4 | E23: =RGPS_Quantidade_Dezembro_Cálc!R11 -> 408.37 | F23: =RGPS_Quantidade_Dezembro_Cálc!S11 -> 412.618 | G23: =RGPS_Quantidade_Dezembro_Cálc!T11 -> 426.801 | H23: =RGPS_Quantidade_Dezembro_Cálc!U11 -> 430.496 | I23: =RGPS_Quantidade_Dezembro_Cálc!V11 -> 424.578 | J23: =RGPS_Quantidade_Dezembro_Cálc!W11 -> 427.042 | K23: =RGPS_Quantidade_Dezembro_Cálc!X11 -> 429.691 | ... P23: =RGPS_Quantidade_Dezembro_Cálc!AC11 -> 455.195
C24: Parcela até 1 S.M. | D24: =RGPS_Quantidade_Dezembro_Cálc!Q11/RGPS_Quantidade_Dezembro_Cálc!Q10 -> 0.95672379 | E24: =RGPS_Quantidade_Dezembro_Cálc!R11/RGPS_Quantidade_Dezembro_Cálc!R10 -> 0.95026562 | F24: =RGPS_Quantidade_Dezembro_Cálc!S11/RGPS_Quantidade_Dezembro_Cálc!S10 -> 0.94952066 | G24: =RGPS_Quantidade_Dezembro_Cálc!T11/RGPS_Quantidade_Dezembro_Cálc!T10 -> 0.95466685 | H24: =RGPS_Quantidade_Dezembro_Cálc!U11/RGPS_Quantidade_Dezembro_Cálc!U10 -> 0.9625206 | I24: =RGPS_Quantidade_Dezembro_Cálc!V11/RGPS_Quantidade_Dezembro_Cálc!V10 -> 0.96573356 | J24: =RGPS_Quantidade_Dezembro_Cálc!W11/RGPS_Quantidade_Dezembro_Cálc!W10 -> 0.9687556 | K24: =RGPS_Quantidade_Dezembro_Cálc!X11/RGPS_Quantidade_Dezembro_Cálc!X10 -> 0.97242659 | ... P24: =RGPS_Quantidade_Dezembro_Cálc!AC11/RGPS_Quantidade_Dezembro_Cálc!AC10 -> 0.98088207
C25: Pensão por Morte | D25: =RGPS_Quantidade_Dezembro_Cálc!Q14 -> 1672.7 | E25: =RGPS_Quantidade_Dezembro_Cálc!R14 -> 1715.245 | F25: =RGPS_Quantidade_Dezembro_Cálc!S14 -> 1764.09 | G25: =RGPS_Quantidade_Dezembro_Cálc!T14 -> 1815.713 | H25: =RGPS_Quantidade_Dezembro_Cálc!U14 -> 1864.298 | I25: =RGPS_Quantidade_Dezembro_Cálc!V14 -> 1919.299 | J25: =RGPS_Quantidade_Dezembro_Cálc!W14 -> 1978.753 | K25: =RGPS_Quantidade_Dezembro_Cálc!X14 -> 2035.754 | ... P25: =RGPS_Quantidade_Dezembro_Cálc!AC14 -> 2286.523
C26: Parcela até 1 S.M. | D26: =RGPS_Quantidade_Dezembro_Cálc!Q14/RGPS_Quantidade_Dezembro_Cálc!Q13 -> 0.98352925 | E26: =RGPS_Quantidade_Dezembro_Cálc!R14/RGPS_Quantidade_Dezembro_Cálc!R13 -> 0.9820581 | F26: =RGPS_Quantidade_Dezembro_Cálc!S14/RGPS_Quantidade_Dezembro_Cálc!S13 -> 0.98234377 | G26: =RGPS_Quantidade_Dezembro_Cálc!T14/RGPS_Quantidade_Dezembro_Cálc!T13 -> 0.98538085 | H26: =RGPS_Quantidade_Dezembro_Cálc!U14/RGPS_Quantidade_Dezembro_Cálc!U13 -> 0.98754693 | I26: =RGPS_Quantidade_Dezembro_Cálc!V14/RGPS_Quantidade_Dezembro_Cálc!V13 -> 0.98869539 | J26: =RGPS_Quantidade_Dezembro_Cálc!W14/RGPS_Quantidade_Dezembro_Cálc!W13 -> 0.9891846 | K26: =RGPS_Quantidade_Dezembro_Cálc!X14/RGPS_Quantidade_Dezembro_Cálc!X13 -> 0.98996831 | ... P26: =RGPS_Quantidade_Dezembro_Cálc!AC14/RGPS_Quantidade_Dezembro_Cálc!AC13 -> 0.99139341
C27: Auxílio-Doença | D27: =RGPS_Quantidade_Dezembro_Cálc!Q17 -> 107.456 | E27: =RGPS_Quantidade_Dezembro_Cálc!R17 -> 130.929 | F27: =RGPS_Quantidade_Dezembro_Cálc!S17 -> 149.459 | G27: =RGPS_Quantidade_Dezembro_Cálc!T17 -> 149.398 | H27: =RGPS_Quantidade_Dezembro_Cálc!U17 -> 134.523 | I27: =RGPS_Quantidade_Dezembro_Cálc!V17 -> 126.488 | J27: =RGPS_Quantidade_Dezembro_Cálc!W17 -> 125.967 | K27: =RGPS_Quantidade_Dezembro_Cálc!X17 -> 128.115 | ... P27: =RGPS_Quantidade_Dezembro_Cálc!AC17 -> 200.424
C28: Parcela até 1 S.M. | D28: =RGPS_Quantidade_Dezembro_Cálc!Q17/RGPS_Quantidade_Dezembro_Cálc!Q16 -> 0.87542669 | E28: =RGPS_Quantidade_Dezembro_Cálc!R17/RGPS_Quantidade_Dezembro_Cálc!R16 -> 0.90873063 | F28: =RGPS_Quantidade_Dezembro_Cálc!S17/RGPS_Quantidade_Dezembro_Cálc!S16 -> 0.92856477 | G28: =RGPS_Quantidade_Dezembro_Cálc!T17/RGPS_Quantidade_Dezembro_Cálc!T16 -> 0.95329798 | H28: =RGPS_Quantidade_Dezembro_Cálc!U17/RGPS_Quantidade_Dezembro_Cálc!U16 -> 0.97378117 | I28: =RGPS_Quantidade_Dezembro_Cálc!V17/RGPS_Quantidade_Dezembro_Cálc!V16 -> 0.98380649 | J28: =RGPS_Quantidade_Dezembro_Cálc!W17/RGPS_Quantidade_Dezembro_Cálc!W16 -> 0.99107796 | K28: =RGPS_Quantidade_Dezembro_Cálc!X17/RGPS_Quantidade_Dezembro_Cálc!X16 -> 0.99407967 | ... P28: =RGPS_Quantidade_Dezembro_Cálc!AC17/RGPS_Quantidade_Dezembro_Cálc!AC16 -> 0.99791379
C29: Auxílio-Acidente | D29: =RGPS_Quantidade_Dezembro_Cálc!Q20 -> 6.436 | E29: =RGPS_Quantidade_Dezembro_Cálc!R20 -> 7.189 | F29: =RGPS_Quantidade_Dezembro_Cálc!S20 -> 8.026 | G29: =RGPS_Quantidade_Dezembro_Cálc!T20 -> 9.091 | H29: =RGPS_Quantidade_Dezembro_Cálc!U20 -> 10.802 | I29: =RGPS_Quantidade_Dezembro_Cálc!V20 -> 11.897 | J29: =RGPS_Quantidade_Dezembro_Cálc!W20 -> 13.061 | K29: =RGPS_Quantidade_Dezembro_Cálc!X20 -> 14.28 | ... P29: =RGPS_Quantidade_Dezembro_Cálc!AC20 -> 20.356
C30: Parcela até 1 S.M. | D30: =RGPS_Quantidade_Dezembro_Cálc!Q20/RGPS_Quantidade_Dezembro_Cálc!Q19 -> 0.94772493 | E30: =RGPS_Quantidade_Dezembro_Cálc!R20/RGPS_Quantidade_Dezembro_Cálc!R19 -> 0.94966975 | F30: =RGPS_Quantidade_Dezembro_Cálc!S20/RGPS_Quantidade_Dezembro_Cálc!S19 -> 0.95479419 | G30: =RGPS_Quantidade_Dezembro_Cálc!T20/RGPS_Quantidade_Dezembro_Cálc!T19 -> 0.96466469 | H30: =RGPS_Quantidade_Dezembro_Cálc!U20/RGPS_Quantidade_Dezembro_Cálc!U19 -> 0.97773353 | I30: =RGPS_Quantidade_Dezembro_Cálc!V20/RGPS_Quantidade_Dezembro_Cálc!V19 -> 0.98297943 | J30: =RGPS_Quantidade_Dezembro_Cálc!W20/RGPS_Quantidade_Dezembro_Cálc!W19 -> 0.98618242 | K30: =RGPS_Quantidade_Dezembro_Cálc!X20/RGPS_Quantidade_Dezembro_Cálc!X19 -> 0.98946785 | ... P30: =RGPS_Quantidade_Dezembro_Cálc!AC20/RGPS_Quantidade_Dezembro_Cálc!AC19 -> 0.9943823
C31: Outros | D31: =RGPS_Quantidade_Dezembro_Cálc!Q23 -> 25.465 | E31: =RGPS_Quantidade_Dezembro_Cálc!R23 -> 21.765 | F31: =RGPS_Quantidade_Dezembro_Cálc!S23 -> 21.175 | G31: =RGPS_Quantidade_Dezembro_Cálc!T23 -> 18.04 | H31: =RGPS_Quantidade_Dezembro_Cálc!U23 -> 17.306 | I31: =RGPS_Quantidade_Dezembro_Cálc!V23 -> 16.097 | J31: =RGPS_Quantidade_Dezembro_Cálc!W23 -> 18.606 | K31: =RGPS_Quantidade_Dezembro_Cálc!X23 -> 20.494 | ... P31: =RGPS_Quantidade_Dezembro_Cálc!AC23 -> 15.97
C32: Parcela até 1 S.M. | D32: =RGPS_Quantidade_Dezembro_Cálc!Q23/RGPS_Quantidade_Dezembro_Cálc!Q22 -> 0.97507275 | E32: =RGPS_Quantidade_Dezembro_Cálc!R23/RGPS_Quantidade_Dezembro_Cálc!R22 -> 0.98235241 | F32: =RGPS_Quantidade_Dezembro_Cálc!S23/RGPS_Quantidade_Dezembro_Cálc!S22 -> 0.98064187 | G32: =RGPS_Quantidade_Dezembro_Cálc!T23/RGPS_Quantidade_Dezembro_Cálc!T22 -> 0.97640182 | H32: =RGPS_Quantidade_Dezembro_Cálc!U23/RGPS_Quantidade_Dezembro_Cálc!U22 -> 0.9799547 | I32: =RGPS_Quantidade_Dezembro_Cálc!V23/RGPS_Quantidade_Dezembro_Cálc!V22 -> 0.97770894 | J32: =RGPS_Quantidade_Dezembro_Cálc!W23/RGPS_Quantidade_Dezembro_Cálc!W22 -> 0.9823135 | K32: =RGPS_Quantidade_Dezembro_Cálc!X23/RGPS_Quantidade_Dezembro_Cálc!X22 -> 0.98372774 | ... P32: =RGPS_Quantidade_Dezembro_Cálc!AC23/RGPS_Quantidade_Dezembro_Cálc!AC22 -> 0.99143283
C33: Total | D33: =RGPS_Quantidade_Dezembro_Cálc!Q26 -> 6484.405 | E33: =RGPS_Quantidade_Dezembro_Cálc!R26 -> 6663.593 | F33: =RGPS_Quantidade_Dezembro_Cálc!S26 -> 6853.589 | G33: =RGPS_Quantidade_Dezembro_Cálc!T26 -> 7048.328 | H33: =RGPS_Quantidade_Dezembro_Cálc!U26 -> 7235.356 | I33: =RGPS_Quantidade_Dezembro_Cálc!V26 -> 7432.239 | J33: =RGPS_Quantidade_Dezembro_Cálc!W26 -> 7675.856 | K33: =RGPS_Quantidade_Dezembro_Cálc!X26 -> 7936.714 | ... P33: =RGPS_Quantidade_Dezembro_Cálc!AC26 -> 9110.019
C34: Parcela até 1 S.M. | D34: =RGPS_Quantidade_Dezembro_Cálc!Q26/RGPS_Quantidade_Dezembro_Cálc!Q25 -> 0.98614135 | E34: =RGPS_Quantidade_Dezembro_Cálc!R26/RGPS_Quantidade_Dezembro_Cálc!R25 -> 0.9856469 | F34: =RGPS_Quantidade_Dezembro_Cálc!S26/RGPS_Quantidade_Dezembro_Cálc!S25 -> 0.9864484 | G34: =RGPS_Quantidade_Dezembro_Cálc!T26/RGPS_Quantidade_Dezembro_Cálc!T25 -> 0.98844202 | H34: =RGPS_Quantidade_Dezembro_Cálc!U26/RGPS_Quantidade_Dezembro_Cálc!U25 -> 0.99042287 | I34: =RGPS_Quantidade_Dezembro_Cálc!V26/RGPS_Quantidade_Dezembro_Cálc!V25 -> 0.99133371 | J34: =RGPS_Quantidade_Dezembro_Cálc!W26/RGPS_Quantidade_Dezembro_Cálc!W25 -> 0.99190028 | K34: =RGPS_Quantidade_Dezembro_Cálc!X26/RGPS_Quantidade_Dezembro_Cálc!X25 -> 0.99259572 | ... P34: =RGPS_Quantidade_Dezembro_Cálc!AC26/RGPS_Quantidade_Dezembro_Cálc!AC25 -> 0.99369761
C35: Fonte: AEPS (vários anos) e BEPS (2014-2015).
C37: Tabela - Evolução da quantidade (em milhares) de benefícios emitidos até 1 SM e de sua proporção em relação aos benefícios totais: Clientela Urbana
D38: 2002 | E38: 2003 | F38: 2004 | G38: 2005 | H38: 2006 | I38: 2007 | J38: 2008 | K38: 2009 | L38: 2010 | M38: 2011 | N38: 2012 | O38: 2013 | P38: 2014
C39: Aposentadoria por TC | D39: =RGPS_Quantidade_Dezembro_Cálc!D5 -> 362.39 | E39: =RGPS_Quantidade_Dezembro_Cálc!E5 -> 368.89 | F39: =RGPS_Quantidade_Dezembro_Cálc!F5 -> 393.759 | G39: =RGPS_Quantidade_Dezembro_Cálc!G5 -> 446.773 | H39: =RGPS_Quantidade_Dezembro_Cálc!H5 -> 526.185 | I39: =RGPS_Quantidade_Dezembro_Cálc!I5 -> 585.507 | J39: =RGPS_Quantidade_Dezembro_Cálc!J5 -> 654.826 | K39: =RGPS_Quantidade_Dezembro_Cálc!K5 -> 751.726 | ... P39: =RGPS_Quantidade_Dezembro_Cálc!P5 -> 1107.891
C40: Parcela até 1 S.M. | D40: =RGPS_Quantidade_Dezembro_Cálc!D5/RGPS_Quantidade_Dezembro_Cálc!D4 -> 0.10374678 | E40: =RGPS_Quantidade_Dezembro_Cálc!E5/RGPS_Quantidade_Dezembro_Cálc!E4 -> 0.10395435 | F40: =RGPS_Quantidade_Dezembro_Cálc!F5/RGPS_Quantidade_Dezembro_Cálc!F4 -> 0.10771395 | G40: =RGPS_Quantidade_Dezembro_Cálc!G5/RGPS_Quantidade_Dezembro_Cálc!G4 -> 0.12093397 | H40: =RGPS_Quantidade_Dezembro_Cálc!H5/RGPS_Quantidade_Dezembro_Cálc!H4 -> 0.13915846 | I40: =RGPS_Quantidade_Dezembro_Cálc!I5/RGPS_Quantidade_Dezembro_Cálc!I4 -> 0.14890993 | J40: =RGPS_Quantidade_Dezembro_Cálc!J5/RGPS_Quantidade_Dezembro_Cálc!J4 -> 0.15950634 | K40: =RGPS_Quantidade_Dezembro_Cálc!K5/RGPS_Quantidade_Dezembro_Cálc!K4 -> 0.17471643 | ... P40: =RGPS_Quantidade_Dezembro_Cálc!P5/RGPS_Quantidade_Dezembro_Cálc!P4 -> 0.21161543
C41: Aposentadoria por Idade | D41: =RGPS_Quantidade_Dezembro_Cálc!D8 -> 922.396 | E41: =RGPS_Quantidade_Dezembro_Cálc!E8 -> 977.358 | F41: =RGPS_Quantidade_Dezembro_Cálc!F8 -> 1104.334 | G41: =RGPS_Quantidade_Dezembro_Cálc!G8 -> 1213.204 | H41: =RGPS_Quantidade_Dezembro_Cálc!H8 -> 1335.901 | I41: =RGPS_Quantidade_Dezembro_Cálc!I8 -> 1440.025 | J41: =RGPS_Quantidade_Dezembro_Cálc!J8 -> 1550.455 | K41: =RGPS_Quantidade_Dezembro_Cálc!K8 -> 1697.817 | ... P41: =RGPS_Quantidade_Dezembro_Cálc!P8 -> 2347.387
C42: Parcela até 1 S.M. | D42: =RGPS_Quantidade_Dezembro_Cálc!D8/RGPS_Quantidade_Dezembro_Cálc!D7 -> 0.55819093 | E42: =RGPS_Quantidade_Dezembro_Cálc!E8/RGPS_Quantidade_Dezembro_Cálc!E7 -> 0.55333103 | F42: =RGPS_Quantidade_Dezembro_Cálc!F8/RGPS_Quantidade_Dezembro_Cálc!F7 -> 0.57269496 | G42: =RGPS_Quantidade_Dezembro_Cálc!G8/RGPS_Quantidade_Dezembro_Cálc!G7 -> 0.59776759 | H42: =RGPS_Quantidade_Dezembro_Cálc!H8/RGPS_Quantidade_Dezembro_Cálc!H7 -> 0.62938553 | I42: =RGPS_Quantidade_Dezembro_Cálc!I8/RGPS_Quantidade_Dezembro_Cálc!I7 -> 0.64444432 | J42: =RGPS_Quantidade_Dezembro_Cálc!J8/RGPS_Quantidade_Dezembro_Cálc!J7 -> 0.65290893 | K42: =RGPS_Quantidade_Dezembro_Cálc!K8/RGPS_Quantidade_Dezembro_Cálc!K7 -> 0.66905643 | ... P42: =RGPS_Quantidade_Dezembro_Cálc!P8/RGPS_Quantidade_Dezembro_Cálc!P7 -> 0.69691135
C43: Aposentadoria por Invalidez | D43: =RGPS_Quantidade_Dezembro_Cálc!D11 -> 1310.882 | E43: =RGPS_Quantidade_Dezembro_Cálc!E11 -> 1279.436 | F43: =RGPS_Quantidade_Dezembro_Cálc!F11 -> 1290.836 | G43: =RGPS_Quantidade_Dezembro_Cálc!G11 -> 1371.382 | H43: =RGPS_Quantidade_Dezembro_Cálc!H11 -> 1436.211 | I43: =RGPS_Quantidade_Dezembro_Cálc!I11 -> 1464.691 | J43: =RGPS_Quantidade_Dezembro_Cálc!J11 -> 1492.906 | K43: =RGPS_Quantidade_Dezembro_Cálc!K11 -> 1532.581 | ... P43: =RGPS_Quantidade_Dezembro_Cálc!P11 -> 1597.215
C44: Parcela até 1 S.M. | D44: =RGPS_Quantidade_Dezembro_Cálc!D11/RGPS_Quantidade_Dezembro_Cálc!D10 -> 0.64073892 | E44: =RGPS_Quantidade_Dezembro_Cálc!E11/RGPS_Quantidade_Dezembro_Cálc!E10 -> 0.60432024 | F44: =RGPS_Quantidade_Dezembro_Cálc!F11/RGPS_Quantidade_Dezembro_Cálc!F10 -> 0.5802162 | G44: =RGPS_Quantidade_Dezembro_Cálc!G11/RGPS_Quantidade_Dezembro_Cálc!G10 -> 0.57858629 | H44: =RGPS_Quantidade_Dezembro_Cálc!H11/RGPS_Quantidade_Dezembro_Cálc!H10 -> 0.58876429 | I44: =RGPS_Quantidade_Dezembro_Cálc!I11/RGPS_Quantidade_Dezembro_Cálc!I10 -> 0.5948851 | J44: =RGPS_Quantidade_Dezembro_Cálc!J11/RGPS_Quantidade_Dezembro_Cálc!J10 -> 0.58595059 | K44: =RGPS_Quantidade_Dezembro_Cálc!K11/RGPS_Quantidade_Dezembro_Cálc!K10 -> 0.58484498 | ... P44: =RGPS_Quantidade_Dezembro_Cálc!P11/RGPS_Quantidade_Dezembro_Cálc!P10 -> 0.54907737
C45: Pensão por Morte | D45: =RGPS_Quantidade_Dezembro_Cálc!D14 -> 2138.271 | E45: =RGPS_Quantidade_Dezembro_Cálc!E14 -> 2121.859 | F45: =RGPS_Quantidade_Dezembro_Cálc!F14 -> 2150.597 | G45: =RGPS_Quantidade_Dezembro_Cálc!G14 -> 2253.302 | H45: =RGPS_Quantidade_Dezembro_Cálc!H14 -> 2354.203 | I45: =RGPS_Quantidade_Dezembro_Cálc!I14 -> 2441.46 | J45: =RGPS_Quantidade_Dezembro_Cálc!J14 -> 2503.36 | K45: =RGPS_Quantidade_Dezembro_Cálc!K14 -> 2588.564 | ... P45: =RGPS_Quantidade_Dezembro_Cálc!P14 -> 2811.98
C46: Parcela até 1 S.M. | D46: =RGPS_Quantidade_Dezembro_Cálc!D14/RGPS_Quantidade_Dezembro_Cálc!D13 -> 0.56491976 | E46: =RGPS_Quantidade_Dezembro_Cálc!E14/RGPS_Quantidade_Dezembro_Cálc!E13 -> 0.55043723 | F46: =RGPS_Quantidade_Dezembro_Cálc!F14/RGPS_Quantidade_Dezembro_Cálc!F13 -> 0.53733357 | G46: =RGPS_Quantidade_Dezembro_Cálc!G14/RGPS_Quantidade_Dezembro_Cálc!G13 -> 0.55353159 | H46: =RGPS_Quantidade_Dezembro_Cálc!H14/RGPS_Quantidade_Dezembro_Cálc!H13 -> 0.56561547 | I46: =RGPS_Quantidade_Dezembro_Cálc!I14/RGPS_Quantidade_Dezembro_Cálc!I13 -> 0.57069966 | J46: =RGPS_Quantidade_Dezembro_Cálc!J14/RGPS_Quantidade_Dezembro_Cálc!J13 -> 0.56865169 | K46: =RGPS_Quantidade_Dezembro_Cálc!K14/RGPS_Quantidade_Dezembro_Cálc!K13 -> 0.5716537 | ... P46: =RGPS_Quantidade_Dezembro_Cálc!P14/RGPS_Quantidade_Dezembro_Cálc!P13 -> 0.54828276
C47: Auxílio-Doença | D47: =RGPS_Quantidade_Dezembro_Cálc!D17 -> 178.04 | E47: =RGPS_Quantidade_Dezembro_Cálc!E17 -> 199.587 | F47: =RGPS_Quantidade_Dezembro_Cálc!F17 -> 288.377 | G47: =RGPS_Quantidade_Dezembro_Cálc!G17 -> 337.559 | H47: =RGPS_Quantidade_Dezembro_Cálc!H17 -> 377.726 | I47: =RGPS_Quantidade_Dezembro_Cálc!I17 -> 346.254 | J47: =RGPS_Quantidade_Dezembro_Cálc!J17 -> 337.725 | K47: =RGPS_Quantidade_Dezembro_Cálc!K17 -> 346.541 | ... P47: =RGPS_Quantidade_Dezembro_Cálc!P17 -> 545.764
C48: Parcela até 1 S.M. | D48: =RGPS_Quantidade_Dezembro_Cálc!D17/RGPS_Quantidade_Dezembro_Cálc!D16 -> 0.21374222 | E48: =RGPS_Quantidade_Dezembro_Cálc!E17/RGPS_Quantidade_Dezembro_Cálc!E16 -> 0.18791857 | F48: =RGPS_Quantidade_Dezembro_Cálc!F17/RGPS_Quantidade_Dezembro_Cálc!F16 -> 0.213061 | G48: =RGPS_Quantidade_Dezembro_Cálc!G17/RGPS_Quantidade_Dezembro_Cálc!G16 -> 0.23096861 | H48: =RGPS_Quantidade_Dezembro_Cálc!H17/RGPS_Quantidade_Dezembro_Cálc!H16 -> 0.26384718 | I48: =RGPS_Quantidade_Dezembro_Cálc!I17/RGPS_Quantidade_Dezembro_Cálc!I16 -> 0.2762291 | J48: =RGPS_Quantidade_Dezembro_Cálc!J17/RGPS_Quantidade_Dezembro_Cálc!J16 -> 0.28422073 | K48: =RGPS_Quantidade_Dezembro_Cálc!K17/RGPS_Quantidade_Dezembro_Cálc!K16 -> 0.3119369 | ... P48: =RGPS_Quantidade_Dezembro_Cálc!P17/RGPS_Quantidade_Dezembro_Cálc!P16 -> 0.36632956
C49: Auxílio-Acidente | D49: =RGPS_Quantidade_Dezembro_Cálc!D20 -> 172.987 | E49: =RGPS_Quantidade_Dezembro_Cálc!E20 -> 171.563 | F49: =RGPS_Quantidade_Dezembro_Cálc!F20 -> 172.585 | G49: =RGPS_Quantidade_Dezembro_Cálc!G20 -> 178.834 | H49: =RGPS_Quantidade_Dezembro_Cálc!H20 -> 188.129 | I49: =RGPS_Quantidade_Dezembro_Cálc!I20 -> 191.757 | J49: =RGPS_Quantidade_Dezembro_Cálc!J20 -> 195.883 | K49: =RGPS_Quantidade_Dezembro_Cálc!K20 -> 201.539 | ... P49: =RGPS_Quantidade_Dezembro_Cálc!P20 -> 246.902
C50: Parcela até 1 S.M. | D50: =RGPS_Quantidade_Dezembro_Cálc!D20/RGPS_Quantidade_Dezembro_Cálc!D19 -> 0.65851894 | E50: =RGPS_Quantidade_Dezembro_Cálc!E20/RGPS_Quantidade_Dezembro_Cálc!E19 -> 0.64659747 | F50: =RGPS_Quantidade_Dezembro_Cálc!F20/RGPS_Quantidade_Dezembro_Cálc!F19 -> 0.6463543 | G50: =RGPS_Quantidade_Dezembro_Cálc!G20/RGPS_Quantidade_Dezembro_Cálc!G19 -> 0.66339976 | H50: =RGPS_Quantidade_Dezembro_Cálc!H20/RGPS_Quantidade_Dezembro_Cálc!H19 -> 0.68908693 | I50: =RGPS_Quantidade_Dezembro_Cálc!I20/RGPS_Quantidade_Dezembro_Cálc!I19 -> 0.69369852 | J50: =RGPS_Quantidade_Dezembro_Cálc!J20/RGPS_Quantidade_Dezembro_Cálc!J19 -> 0.69665123 | K50: =RGPS_Quantidade_Dezembro_Cálc!K20/RGPS_Quantidade_Dezembro_Cálc!K19 -> 0.70337345 | ... P50: =RGPS_Quantidade_Dezembro_Cálc!P20/RGPS_Quantidade_Dezembro_Cálc!P19 -> 0.71064841
C51: Outros | D51: =RGPS_Quantidade_Dezembro_Cálc!D23 -> 118.424 | E51: =RGPS_Quantidade_Dezembro_Cálc!E23 -> 112.651 | F51: =RGPS_Quantidade_Dezembro_Cálc!F23 -> 112.163 | G51: =RGPS_Quantidade_Dezembro_Cálc!G23 -> 108.737 | H51: =RGPS_Quantidade_Dezembro_Cálc!H23 -> 108.476 | I51: =RGPS_Quantidade_Dezembro_Cálc!I23 -> 108.093 | J51: =RGPS_Quantidade_Dezembro_Cálc!J23 -> 109.811 | K51: =RGPS_Quantidade_Dezembro_Cálc!K23 -> 118.473 | ... P51: =RGPS_Quantidade_Dezembro_Cálc!P23 -> 128.683
C52: Parcela até 1 S.M. | D52: =RGPS_Quantidade_Dezembro_Cálc!D23/RGPS_Quantidade_Dezembro_Cálc!D22 -> 0.52633123 | E52: =RGPS_Quantidade_Dezembro_Cálc!E23/RGPS_Quantidade_Dezembro_Cálc!E22 -> 0.7699579 | F52: =RGPS_Quantidade_Dezembro_Cálc!F23/RGPS_Quantidade_Dezembro_Cálc!F22 -> 0.81278714 | G52: =RGPS_Quantidade_Dezembro_Cálc!G23/RGPS_Quantidade_Dezembro_Cálc!G22 -> 0.82745737 | H52: =RGPS_Quantidade_Dezembro_Cálc!H23/RGPS_Quantidade_Dezembro_Cálc!H22 -> 0.83674146 | I52: =RGPS_Quantidade_Dezembro_Cálc!I23/RGPS_Quantidade_Dezembro_Cálc!I22 -> 0.81584549 | J52: =RGPS_Quantidade_Dezembro_Cálc!J23/RGPS_Quantidade_Dezembro_Cálc!J22 -> 0.79506357 | K52: =RGPS_Quantidade_Dezembro_Cálc!K23/RGPS_Quantidade_Dezembro_Cálc!K22 -> 0.77818867 | ... P52: =RGPS_Quantidade_Dezembro_Cálc!P23/RGPS_Quantidade_Dezembro_Cálc!P22 -> 0.74536187
C53: Total | D53: =RGPS_Quantidade_Dezembro_Cálc!D26 -> 5203.39 | E53: =RGPS_Quantidade_Dezembro_Cálc!E26 -> 5231.344 | F53: =RGPS_Quantidade_Dezembro_Cálc!F26 -> 5512.651 | G53: =RGPS_Quantidade_Dezembro_Cálc!G26 -> 5909.791 | H53: =RGPS_Quantidade_Dezembro_Cálc!H26 -> 6326.831 | I53: =RGPS_Quantidade_Dezembro_Cálc!I26 -> 6577.787 | J53: =RGPS_Quantidade_Dezembro_Cálc!J26 -> 6844.966 | K53: =RGPS_Quantidade_Dezembro_Cálc!K26 -> 7237.241 | ... P53: =RGPS_Quantidade_Dezembro_Cálc!P26 -> 8785.822
C54: Parcela até 1 S.M. | D54: =RGPS_Quantidade_Dezembro_Cálc!D26/RGPS_Quantidade_Dezembro_Cálc!D25 -> 0.42313847 | E54: =RGPS_Quantidade_Dezembro_Cálc!E26/RGPS_Quantidade_Dezembro_Cálc!E25 -> 0.40995947 | F54: =RGPS_Quantidade_Dezembro_Cálc!F26/RGPS_Quantidade_Dezembro_Cálc!F25 -> 0.40625259 | G54: =RGPS_Quantidade_Dezembro_Cálc!G26/RGPS_Quantidade_Dezembro_Cálc!G25 -> 0.42130362 | H54: =RGPS_Quantidade_Dezembro_Cálc!H26/RGPS_Quantidade_Dezembro_Cálc!H25 -> 0.44121499 | I54: =RGPS_Quantidade_Dezembro_Cálc!I26/RGPS_Quantidade_Dezembro_Cálc!I25 -> 0.45149042 | J54: =RGPS_Quantidade_Dezembro_Cálc!J26/RGPS_Quantidade_Dezembro_Cálc!J25 -> 0.45518797 | K54: =RGPS_Quantidade_Dezembro_Cálc!K26/RGPS_Quantidade_Dezembro_Cálc!K25 -> 0.46575951 | ... P54: =RGPS_Quantidade_Dezembro_Cálc!P26/RGPS_Quantidade_Dezembro_Cálc!P25 -> 0.47105997
C55: Fonte: AEPS (vários anos).
C58: Gasto Social Previdenciário
C60: Tabela - Evolução do Gasto Social Previdenciário - GSP (em R$ bi) de sua participação no gasto previdenciário (GP) total: por Clientela
D61: 2002 | E61: 2003 | F61: 2004 | G61: 2005 | H61: 2006 | I61: 2007 | J61: 2008 | K61: 2009 | L61: 2010 | M61: 2011 | N61: 2012 | O61: 2013 | P61: 2014 | Q61: 2015
C62: GSP Total | D62: =D9+'RGPS_Valor Acumulado'!AD67/1000 -> 45.589145 | E62: =E9+'RGPS_Valor Acumulado'!AE67/1000 -> 55.662045 | F62: =F9+'RGPS_Valor Acumulado'!AF67/1000 -> 64.426086 | G62: =G9+'RGPS_Valor Acumulado'!AG67/1000 -> 74.86113 | H62: =H9+'RGPS_Valor Acumulado'!AH67/1000 -> 87.54764 | I62: =I9+'RGPS_Valor Acumulado'!AI67/1000 -> 97.29994 | J62: =J9+'RGPS_Valor Acumulado'!AJ67/1000 -> 108.94947 | K62: =K9+'RGPS_Valor Acumulado'!AK67/1000 -> 127.50031 | ... P62: =P9+'RGPS_Valor Acumulado'!AP67/1000 -> 236.84392 | Q62: ='Beps 2015'!V9/1000000000 -> 271.48559
C63: % PIB | D63: 0.030621665 | E63: 0.032400263 | F63: 0.032908209 | G63: 0.034488927 | H63: 0.036335115 | I63: 0.035768579 | J63: 0.035034203 | K63: 0.038253468 | L63: 0.037061 | M63: 0.036181625 | N63: 0.038645894 | O63: 0.039353556 | P63: 0.041644286 | Q63: 0.04578366
C64: GSP/GP Total | D64: =D62/D13 -> 0.54484218 | E64: =E62/E13 -> 0.54378315 | F64: =F62/F13 -> 0.54113414 | G64: =G62/G13 -> 0.56287563 | H64: =H62/H13 -> 0.59749119 | I64: =I62/I13 -> 0.61111068 | J64: =J62/J13 -> 0.62232441 | K64: =K62/K13 -> 0.64055407 | ... Q64: =Q62/Q13 -> 0.71403324
C65: GSP Rural | D65: =('RGPS_Valor Acumulado'!Q66+'RGPS_Valor Acumulado'!Q67)/1000 -> 16.321503 | E65: =('RGPS_Valor Acumulado'!R66+'RGPS_Valor Acumulado'!R67)/1000 -> 19.903734 | F65: =('RGPS_Valor Acumulado'!S66+'RGPS_Valor Acumulado'!S67)/1000 -> 22.474186 | G65: =('RGPS_Valor Acumulado'!T66+'RGPS_Valor Acumulado'!T67)/1000 -> 25.673115 | H65: =('RGPS_Valor Acumulado'!U66+'RGPS_Valor Acumulado'!U67)/1000 -> 29.894301 | I65: =('RGPS_Valor Acumulado'!V66+'RGPS_Valor Acumulado'!V67)/1000 -> 33.168349 | J65: =('RGPS_Valor Acumulado'!W66+'RGPS_Valor Acumulado'!W67)/1000 -> 37.220552 | K65: =('RGPS_Valor Acumulado'!X66+'RGPS_Valor Acumulado'!X67)/1000 -> 43.591725 | ... P65: =('RGPS_Valor Acumulado'!AC66+'RGPS_Valor Acumulado'!AC67)/1000 -> 76.413466 | Q65: =SUM('Beps 2015'!V6:V8)/1000000000 -> 86.903373
C66: % PIB | D66: 0.010962952 | E66: 0.011585744 | F66: 0.011479592 | G66: 0.011827743 | H66: 0.012407106 | I66: 0.012193067 | J66: 0.011968781 | K66: 0.013078671 | L66: 0.012625571 | M66: 0.012184581 | N66: 0.012939436 | O66: 0.013092484 | P66: 0.013435786 | Q66: 0.014655491
C67: GSP/GP Rural | D67: =D65*1000/'RGPS_Valor Acumulado'!Q25 -> 0.98854007 | E67: =E65*1000/'RGPS_Valor Acumulado'!R25 -> 0.98842276 | F67: =F65*1000/'RGPS_Valor Acumulado'!S25 -> 0.98875637 | G67: =G65*1000/'RGPS_Valor Acumulado'!T25 -> 0.99054516 | H67: =H65*1000/'RGPS_Valor Acumulado'!U25 -> 0.99265016 | I67: =I65*1000/'RGPS_Valor Acumulado'!V25 -> 0.99345039 | J67: =J65*1000/'RGPS_Valor Acumulado'!W25 -> 0.99413014 | K67: =K65*1000/'RGPS_Valor Acumulado'!X25 -> 0.99490621 | ... P67: =P65*1000/'RGPS_Valor Acumulado'!AC25 -> 0.99637054 | Q67: =Q65/'Beps 2015'!Q6*1000000000 -> 0.99661677
C68: GSP Urbano | D68: =SUM('RGPS_Valor Acumulado'!D66:D67)/1000 -> 29.267641 | E68: =SUM('RGPS_Valor Acumulado'!E66:E67)/1000 -> 35.758311 | F68: =SUM('RGPS_Valor Acumulado'!F66:F67)/1000 -> 41.951901 | G68: =SUM('RGPS_Valor Acumulado'!G66:G67)/1000 -> 49.188015 | H68: =SUM('RGPS_Valor Acumulado'!H66:H67)/1000 -> 57.65334 | I68: =SUM('RGPS_Valor Acumulado'!I66:I67)/1000 -> 64.131591 | J68: =SUM('RGPS_Valor Acumulado'!J66:J67)/1000 -> 71.72892 | K68: =SUM('RGPS_Valor Acumulado'!K66:K67)/1000 -> 83.908589 | ... P68: =SUM('RGPS_Valor Acumulado'!P66:P67)/1000 -> 160.43046 | Q68: =SUM('Beps 2015'!V3:V5)/1000000000 -> 184.58222
C69: % PIB | D69: 0.019658713 | E69: 0.020814519 | F69: 0.021428617 | G69: 0.022661184 | H69: 0.023928009 | I69: 0.023575512 | J69: 0.023065422 | K69: 0.025174797 | L69: 0.024435429 | M69: 0.023997044 | N69: 0.025706458 | O69: 0.026261072 | P69: 0.0282085 | Q69: 0.03112817
C70: GSP/GP Urbano | D70: =D68*1000/'RGPS_Valor Acumulado'!D25 -> 0.43576823 | E70: =E68*1000/'RGPS_Valor Acumulado'!E25 -> 0.43488963 | F70: =F68*1000/'RGPS_Valor Acumulado'!F25 -> 0.43551203 | G70: =G68*1000/'RGPS_Valor Acumulado'!G25 -> 0.45935989 | H70: =H68*1000/'RGPS_Valor Acumulado'!H25 -> 0.49526207 | I70: =I68*1000/'RGPS_Valor Acumulado'!I25 -> 0.50966377 | J70: =J68*1000/'RGPS_Valor Acumulado'!J25 -> 0.52117859 | K70: =K68*1000/'RGPS_Valor Acumulado'!K25 -> 0.54053664 | ... P70: =P68*1000/'RGPS_Valor Acumulado'!P25 -> 0.60176993 | Q70: =Q68*1000000000/'Beps 2015'!Q3 -> 0.62993939
C71: Fonte: IBGE, AEPS (vários anos) até 2014; BEPS 2015 (vários meses); e cálculos próprios.
C73: Tabela - Evolução do Gasto Social Previdenciário (em R$ bi) e da Participação de Cada Benefício no Gasto Previdenciário Social: Clientela Rural
D74: 2002 | E74: 2003 | F74: 2004 | G74: 2005 | H74: 2006 | I74: 2007 | J74: 2008 | K74: 2009 | L74: 2010 | M74: 2011 | N74: 2012 | O74: 2013 | P74: 2014
C75: GSP Rural | D75: =D65 -> 16.321503 | E75: =E65 -> 19.903734 | F75: =F65 -> 22.474186 | G75: =G65 -> 25.673115 | H75: =H65 -> 29.894301 | I75: =I65 -> 33.168349 | J75: =J65 -> 37.220552 | K75: =K65 -> 43.591725 | ... P75: =P65 -> 76.413466
C76: % | D76: =D75/D$75 -> 1 | E76: =E75/E$75 -> 1 | F76: =F75/F$75 -> 1 | G76: =G75/G$75 -> 1 | H76: =H75/H$75 -> 1 | I76: =I75/I$75 -> 1 | J76: =J75/J$75 -> 1 | K76: =K75/K$75 -> 1 | ... P76: =P75/P$75 -> 1
C77: Aposentadoria por TC | D77: =SUM('RGPS_Valor Acumulado'!Q52:Q53)/1000 -> 0.016016293 | E77: =SUM('RGPS_Valor Acumulado'!R52:R53)/1000 -> 0.019832385 | F77: =SUM('RGPS_Valor Acumulado'!S52:S53)/1000 -> 0.024065209 | G77: =SUM('RGPS_Valor Acumulado'!T52:T53)/1000 -> 0.031934228 | H77: =SUM('RGPS_Valor Acumulado'!U52:U53)/1000 -> 0.042472597 | I77: =SUM('RGPS_Valor Acumulado'!V52:V53)/1000 -> 0.050892868 | J77: =SUM('RGPS_Valor Acumulado'!W52:W53)/1000 -> 0.060957402 | K77: =SUM('RGPS_Valor Acumulado'!X52:X53)/1000 -> 0.078088878 | ... P77: =SUM('RGPS_Valor Acumulado'!AC52:AC53)/1000 -> 0.16450425
C78: % | D78: =D77/D$75 -> 0.00098130009 | E78: =E77/E$75 -> 0.00099641528 | F78: =F77/F$75 -> 0.0010707934 | G78: =G77/G$75 -> 0.0012438782 | H78: =H77/H$75 -> 0.001420759 | I78: =I77/I$75 -> 0.0015343805 | J78: =J77/J$75 -> 0.001637735 | K78: =K77/K$75 -> 0.0017913693 | ... P78: =P77/P$75 -> 0.0021528175
C79: Aposentadoria por Idade | D79: =SUM('RGPS_Valor Acumulado'!Q54:Q55)/1000 -> 10.662456 | E79: =SUM('RGPS_Valor Acumulado'!R54:R55)/1000 -> 13.011782 | F79: =SUM('RGPS_Valor Acumulado'!S54:S55)/1000 -> 14.653961 | G79: =SUM('RGPS_Valor Acumulado'!T54:T55)/1000 -> 16.745145 | H79: =SUM('RGPS_Valor Acumulado'!U54:U55)/1000 -> 19.61529 | I79: =SUM('RGPS_Valor Acumulado'!V54:V55)/1000 -> 21.848672 | J79: =SUM('RGPS_Valor Acumulado'!W54:W55)/1000 -> 24.644219 | K79: =SUM('RGPS_Valor Acumulado'!X54:X55)/1000 -> 28.999442 | ... P79: =SUM('RGPS_Valor Acumulado'!AC54:AC55)/1000 -> 51.208678
C80: % | D80: =D79/D$75 -> 0.65327657 | E80: =E79/E$75 -> 0.65373571 | F80: =F79/F$75 -> 0.65203524 | G80: =G79/G$75 -> 0.65224438 | H80: =H79/H$75 -> 0.65615485 | I80: =I79/I$75 -> 0.65872051 | J80: =J79/J$75 -> 0.6621132 | K80: =K79/K$75 -> 0.66525108 | ... P80: =P79/P$75 -> 0.67015254
C81: Aposentadoria por Invalidez | D81: =SUM('RGPS_Valor Acumulado'!Q56:Q57)/1000 -> 1.070474 | E81: =SUM('RGPS_Valor Acumulado'!R56:R57)/1000 -> 1.2792364 | F81: =SUM('RGPS_Valor Acumulado'!S56:S57)/1000 -> 1.4220726 | G81: =SUM('RGPS_Valor Acumulado'!T56:T57)/1000 -> 1.6082319 | H81: =SUM('RGPS_Valor Acumulado'!U56:U57)/1000 -> 1.8566169 | I81: =SUM('RGPS_Valor Acumulado'!V56:V57)/1000 -> 1.9734105 | J81: =SUM('RGPS_Valor Acumulado'!W56:W57)/1000 -> 2.1474879 | K81: =SUM('RGPS_Valor Acumulado'!X56:X57)/1000 -> 2.4402247 | ... P81: =SUM('RGPS_Valor Acumulado'!AC56:AC57)/1000 -> 3.8969534
C82: % | D82: =D81/D$75 -> 0.065586731 | E82: =E81/E$75 -> 0.064271174 | F82: =F81/F$75 -> 0.063275822 | G82: =G81/G$75 -> 0.062642646 | H82: =H81/H$75 -> 0.062106049 | I82: =I81/I$75 -> 0.059496795 | J82: =J81/J$75 -> 0.057696293 | K82: =K81/K$75 -> 0.05597908 | ... P82: =P81/P$75 -> 0.050998254
C83: Pensão por Morte | D83: =SUM('RGPS_Valor Acumulado'!Q58:Q59)/1000 -> 4.2438032 | E83: =SUM('RGPS_Valor Acumulado'!R58:R59)/1000 -> 5.1477819 | F83: =SUM('RGPS_Valor Acumulado'!S58:S59)/1000 -> 5.8178169 | G83: =SUM('RGPS_Valor Acumulado'!T58:T59)/1000 -> 6.6336303 | H83: =SUM('RGPS_Valor Acumulado'!U58:U59)/1000 -> 7.7406401 | I83: =SUM('RGPS_Valor Acumulado'!V58:V59)/1000 -> 8.5813812 | J83: =SUM('RGPS_Valor Acumulado'!W58:W59)/1000 -> 9.6169524 | K83: =SUM('RGPS_Valor Acumulado'!X58:X59)/1000 -> 11.207563 | ... P83: =SUM('RGPS_Valor Acumulado'!AC58:AC59)/1000 -> 19.197012
C84: % | D84: =D83/D$75 -> 0.26001301 | E84: =E83/E$75 -> 0.25863398 | F84: =F83/F$75 -> 0.25886664 | G84: =G83/G$75 -> 0.25838821 | H84: =H83/H$75 -> 0.25893364 | I84: =I83/I$75 -> 0.25872199 | J84: =J83/J$75 -> 0.25837748 | K84: =K83/K$75 -> 0.257103 | ... P84: =P83/P$75 -> 0.25122551
C85: Auxílio-Doença | D85: =SUM('RGPS_Valor Acumulado'!Q60:Q61)/1000 -> 0.26932745 | E85: =SUM('RGPS_Valor Acumulado'!R60:R61)/1000 -> 0.37582959 | F85: =SUM('RGPS_Valor Acumulado'!S60:S61)/1000 -> 0.48665052 | G85: =SUM('RGPS_Valor Acumulado'!T60:T61)/1000 -> 0.5812412 | H85: =SUM('RGPS_Valor Acumulado'!U60:U61)/1000 -> 0.55025539 | I85: =SUM('RGPS_Valor Acumulado'!V60:V61)/1000 -> 0.61741974 | J85: =SUM('RGPS_Valor Acumulado'!W60:W61)/1000 -> 0.6403121 | K85: =SUM('RGPS_Valor Acumulado'!X60:X61)/1000 -> 0.72357517 | ... P85: =SUM('RGPS_Valor Acumulado'!AC60:AC61)/1000 -> 1.7234442
C86: % | D86: =D85/D$75 -> 0.016501387 | E86: =E85/E$75 -> 0.018882366 | F86: =F85/F$75 -> 0.021653756 | G86: =G85/G$75 -> 0.022640073 | H86: =H85/H$75 -> 0.018406699 | I86: =I85/I$75 -> 0.018614726 | J86: =J85/J$75 -> 0.017203186 | K86: =K85/K$75 -> 0.016598911 | ... P86: =P85/P$75 -> 0.022554195
C87: Auxílio-Acidente | D87: =SUM('RGPS_Valor Acumulado'!Q62:Q63)/1000 -> 0.0085585218 | E87: =SUM('RGPS_Valor Acumulado'!R62:R63)/1000 -> 0.011290903 | F87: =SUM('RGPS_Valor Acumulado'!S62:S63)/1000 -> 0.013880745 | G87: =SUM('RGPS_Valor Acumulado'!T62:T63)/1000 -> 0.017358458 | H87: =SUM('RGPS_Valor Acumulado'!U62:U63)/1000 -> 0.023454858 | I87: =SUM('RGPS_Valor Acumulado'!V62:V63)/1000 -> 0.028607157 | J87: =SUM('RGPS_Valor Acumulado'!W62:W63)/1000 -> 0.034119282 | K87: =SUM('RGPS_Valor Acumulado'!X62:X63)/1000 -> 0.041570571 | ... P87: =SUM('RGPS_Valor Acumulado'!AC62:AC63)/1000 -> 0.093004097
C88: % | D88: =D87/D$75 -> 0.00052437093 | E88: =E87/E$75 -> 0.00056727563 | F88: =F87/F$75 -> 0.00061763062 | G88: =G87/G$75 -> 0.00067613367 | H88: =H87/H$75 -> 0.00078459298 | I88: =I87/I$75 -> 0.00086248361 | J88: =J87/J$75 -> 0.00091667854 | K88: =K87/K$75 -> 0.00095363447 | ... P88: =P87/P$75 -> 0.0012171166
C89: Outros | D89: =SUM('RGPS_Valor Acumulado'!Q64:Q65)/1000 -> 0.050868205 | E89: =SUM('RGPS_Valor Acumulado'!R64:R65)/1000 -> 0.05798123 | F89: =SUM('RGPS_Valor Acumulado'!S64:S65)/1000 -> 0.055738675 | G89: =SUM('RGPS_Valor Acumulado'!T64:T65)/1000 -> 0.055574149 | H89: =SUM('RGPS_Valor Acumulado'!U64:U65)/1000 -> 0.065570382 | I89: =SUM('RGPS_Valor Acumulado'!V64:V65)/1000 -> 0.067965755 | J89: =SUM('RGPS_Valor Acumulado'!W64:W65)/1000 -> 0.076504512 | K89: =SUM('RGPS_Valor Acumulado'!X64:X65)/1000 -> 0.10126032 | ... P89: =SUM('RGPS_Valor Acumulado'!AC64:AC65)/1000 -> 0.12987033
C90: % | D90: =D89/D$75 -> 0.0031166372 | E90: =E89/E$75 -> 0.002913083 | F90: =F89/F$75 -> 0.0024801199 | G90: =G89/G$75 -> 0.0021646827 | H90: =H89/H$75 -> 0.0021934075 | I90: =I89/I$75 -> 0.0020491148 | J90: =J89/J$75 -> 0.0020554373 | K90: =K89/K$75 -> 0.0023229253 | ... P90: =P89/P$75 -> 0.0016995739
C91: Fonte: AEPS (vários anos) até 2014; BEPS (vários meses) e cálculos próprios para 2015.
C93: Tabela - Evolução do Gasto Social Previdenciário (em R$ bi) e da Participação de Cada Benefício no Gasto Previdenciário Social: Clientela Urbana
D94: 2002 | E94: 2003 | F94: 2004 | G94: 2005 | H94: 2006 | I94: 2007 | J94: 2008 | K94: 2009 | L94: 2010 | M94: 2011 | N94: 2012 | O94: 2013 | P94: 2014
C95: GSP Urbano | D95: =D68 -> 29.267641 | E95: =E68 -> 35.758311 | F95: =F68 -> 41.951901 | G95: =G68 -> 49.188015 | H95: =H68 -> 57.65334 | I95: =I68 -> 64.131591 | J95: =J68 -> 71.72892 | K95: =K68 -> 83.908589 | ... P95: =P68 -> 160.43046
C96: % | D96: =D95/D$95 -> 1 | E96: =E95/E$95 -> 1 | F96: =F95/F$95 -> 1 | G96: =G95/G$95 -> 1 | H96: =H95/H$95 -> 1 | I96: =I95/I$95 -> 1 | J96: =J95/J$95 -> 1 | K96: =K95/K$95 -> 1 | ... P96: =P95/P$95 -> 1
C97: Aposentadoria por TC | D97: =SUM('RGPS_Valor Acumulado'!D52:D53)/1000 -> 8.5826868 | E97: =SUM('RGPS_Valor Acumulado'!E52:E53)/1000 -> 10.148094 | F97: =SUM('RGPS_Valor Acumulado'!F52:F53)/1000 -> 11.652744 | G97: =SUM('RGPS_Valor Acumulado'!G52:G53)/1000 -> 13.339123 | H97: =SUM('RGPS_Valor Acumulado'!H52:H53)/1000 -> 15.704913 | I97: =SUM('RGPS_Valor Acumulado'!I52:I53)/1000 -> 17.508592 | J97: =SUM('RGPS_Valor Acumulado'!J52:J53)/1000 -> 19.990367 | K97: =SUM('RGPS_Valor Acumulado'!K52:K53)/1000 -> 23.759049 | ... P97: =SUM('RGPS_Valor Acumulado'!P52:P53)/1000 -> 50.196829
C98: % | D98: =D97/D$95 -> 0.29324833 | E98: =E97/E$95 -> 0.28379679 | F98: =F97/F$95 -> 0.27776439 | G98: =G97/G$95 -> 0.27118644 | H98: =H97/H$95 -> 0.27240249 | I98: =I97/I$95 -> 0.27301041 | J98: =J97/J$95 -> 0.27869327 | K98: =K97/K$95 -> 0.28315396 | ... P98: =P97/P$95 -> 0.3128884
C99: Aposentadoria por Idade | D99: =SUM('RGPS_Valor Acumulado'!D54:D55)/1000 -> 4.0848906 | E99: =SUM('RGPS_Valor Acumulado'!E54:E55)/1000 -> 5.0240584 | F99: =SUM('RGPS_Valor Acumulado'!F54:F55)/1000 -> 6.1130125 | G99: =SUM('RGPS_Valor Acumulado'!G54:G55)/1000 -> 7.3594359 | H99: =SUM('RGPS_Valor Acumulado'!H54:H55)/1000 -> 8.8964501 | I99: =SUM('RGPS_Valor Acumulado'!I54:I55)/1000 -> 10.066811 | J99: =SUM('RGPS_Valor Acumulado'!J54:J55)/1000 -> 11.585509 | K99: =SUM('RGPS_Valor Acumulado'!K54:K55)/1000 -> 13.988552 | ... P99: =SUM('RGPS_Valor Acumulado'!P54:P55)/1000 -> 28.603892
C100: % | D100: =D99/D$95 -> 0.1395702 | E100: =E99/E$95 -> 0.14050044 | F100: =F99/F$95 -> 0.14571479 | G100: =G99/G$95 -> 0.14961848 | H100: =H99/H$95 -> 0.15430936 | I100: =I99/I$95 -> 0.15697117 | J100: =J99/J$95 -> 0.16151796 | K100: =K99/K$95 -> 0.1667118 | ... P100: =P99/P$95 -> 0.17829465
C101: Aposentadoria por Invalidez | D101: =SUM('RGPS_Valor Acumulado'!D56:D57)/1000 -> 4.938334 | E101: =SUM('RGPS_Valor Acumulado'!E56:E57)/1000 -> 5.9984435 | F101: =SUM('RGPS_Valor Acumulado'!F56:F57)/1000 -> 6.9017848 | G101: =SUM('RGPS_Valor Acumulado'!G56:G57)/1000 -> 8.0293117 | H101: =SUM('RGPS_Valor Acumulado'!H56:H57)/1000 -> 9.6889036 | I101: =SUM('RGPS_Valor Acumulado'!I56:I57)/1000 -> 10.539406 | J101: =SUM('RGPS_Valor Acumulado'!J56:J57)/1000 -> 11.86765 | K101: =SUM('RGPS_Valor Acumulado'!K56:K57)/1000 -> 13.884165 | ... P101: =SUM('RGPS_Valor Acumulado'!P56:P57)/1000 -> 23.646159
C102: % | D102: =D101/D$95 -> 0.16873017 | E102: =E101/E$95 -> 0.16774963 | F102: =F101/F$95 -> 0.16451662 | G102: =G101/G$95 -> 0.16323716 | H102: =H101/H$95 -> 0.16805451 | I102: =I101/I$95 -> 0.16434032 | J102: =J101/J$95 -> 0.16545139 | K102: =K101/K$95 -> 0.16546775 | ... P102: =P101/P$95 -> 0.14739196
C103: Pensão por Morte | D103: =SUM('RGPS_Valor Acumulado'!D58:D59)/1000 -> 9.1377819 | E103: =SUM('RGPS_Valor Acumulado'!E58:E59)/1000 -> 10.966455 | F103: =SUM('RGPS_Valor Acumulado'!F58:F59)/1000 -> 12.577961 | G103: =SUM('RGPS_Valor Acumulado'!G58:G59)/1000 -> 14.307426 | H103: =SUM('RGPS_Valor Acumulado'!H58:H59)/1000 -> 16.738393 | I103: =SUM('RGPS_Valor Acumulado'!I58:I59)/1000 -> 18.523614 | J103: =SUM('RGPS_Valor Acumulado'!J58:J59)/1000 -> 20.836722 | K103: =SUM('RGPS_Valor Acumulado'!K58:K59)/1000 -> 24.25655 | ... P103: =SUM('RGPS_Valor Acumulado'!P58:P59)/1000 -> 42.080972
C104: % | D104: =D103/D$95 -> 0.3122145 | E104: =E103/E$95 -> 0.30668269 | F104: =F103/F$95 -> 0.29981863 | G104: =G103/G$95 -> 0.2908722 | H104: =H103/H$95 -> 0.29032825 | I104: =I103/I$95 -> 0.28883759 | J104: =J103/J$95 -> 0.29049263 | K104: =K103/K$95 -> 0.28908304 | ... P104: =P103/P$95 -> 0.2623004
C105: Auxílio-Doença | D105: =SUM('RGPS_Valor Acumulado'!D60:D61)/1000 -> 1.7459305 | E105: =SUM('RGPS_Valor Acumulado'!E60:E61)/1000 -> 2.6212073 | F105: =SUM('RGPS_Valor Acumulado'!F60:F61)/1000 -> 3.894468 | G105: =SUM('RGPS_Valor Acumulado'!G60:G61)/1000 -> 5.2171147 | H105: =SUM('RGPS_Valor Acumulado'!H60:H61)/1000 -> 5.5400836 | I105: =SUM('RGPS_Valor Acumulado'!I60:I61)/1000 -> 6.3030048 | J105: =SUM('RGPS_Valor Acumulado'!J60:J61)/1000 -> 6.0997613 | K105: =SUM('RGPS_Valor Acumulado'!K60:K61)/1000 -> 6.4324028 | ... P105: =SUM('RGPS_Valor Acumulado'!P60:P61)/1000 -> 12.716884
C106: % | D106: =D105/D$95 -> 0.059653953 | E106: =E105/E$95 -> 0.073303442 | F106: =F105/F$95 -> 0.092831742 | G106: =G105/G$95 -> 0.10606475 | H106: =H105/H$95 -> 0.096093022 | I106: =I105/I$95 -> 0.098282372 | J106: =J105/J$95 -> 0.085039078 | K106: =K105/K$95 -> 0.076659647 | ... P106: =P105/P$95 -> 0.079267268
C107: Auxílio-Acidente | D107: =SUM('RGPS_Valor Acumulado'!D62:D63)/1000 -> 0.45173878 | E107: =SUM('RGPS_Valor Acumulado'!E62:E63)/1000 -> 0.53926091 | F107: =SUM('RGPS_Valor Acumulado'!F62:F63)/1000 -> 0.61538089 | G107: =SUM('RGPS_Valor Acumulado'!G62:G63)/1000 -> 0.70510898 | H107: =SUM('RGPS_Valor Acumulado'!H62:H63)/1000 -> 0.8191037 | I107: =SUM('RGPS_Valor Acumulado'!I62:I63)/1000 -> 0.89843186 | J107: =SUM('RGPS_Valor Acumulado'!J62:J63)/1000 -> 0.99467146 | K107: =SUM('RGPS_Valor Acumulado'!K62:K63)/1000 -> 1.1340463 | ... P107: =SUM('RGPS_Valor Acumulado'!P62:P63)/1000 -> 2.1907486
C108: % | D108: =D107/D$95 -> 0.015434752 | E108: =E107/E$95 -> 0.015080715 | F108: =F107/F$95 -> 0.014668725 | G108: =G107/G$95 -> 0.014334975 | H108: =H107/H$95 -> 0.014207394 | I108: =I107/I$95 -> 0.014009193 | J108: =J107/J$95 -> 0.013867091 | K108: =K107/K$95 -> 0.013515259 | ... P108: =P107/P$95 -> 0.013655441
C109: Outros | D109: =SUM('RGPS_Valor Acumulado'!D64:D65)/1000 -> 0.32627866 | E109: =SUM('RGPS_Valor Acumulado'!E64:E65)/1000 -> 0.46079211 | F109: =SUM('RGPS_Valor Acumulado'!F64:F65)/1000 -> 0.19654927 | G109: =SUM('RGPS_Valor Acumulado'!G64:G65)/1000 -> 0.23049486 | H109: =SUM('RGPS_Valor Acumulado'!H64:H65)/1000 -> 0.26549225 | I109: =SUM('RGPS_Valor Acumulado'!I64:I65)/1000 -> 0.2917312 | J109: =SUM('RGPS_Valor Acumulado'!J64:J65)/1000 -> 0.35423962 | K109: =SUM('RGPS_Valor Acumulado'!K64:K65)/1000 -> 0.45382264 | ... P109: =SUM('RGPS_Valor Acumulado'!P64:P65)/1000 -> 0.99497127
...

Sheet Beps 2014
E2: -2.5803919e+09 | F2: -2.6004769e+09 | G2: -2.6093784e+09 | H2: -2.6290745e+09 | I2: -2.7201392e+09 | J2: -1.6124891e+09 | K2: -1.6540448e+09 | L2: 1.2104583e+10 | M2: 2.6450235e+10 | N2: 2.6718253e+10 | O2: 1.1478039e+10 | P2: 2.6682601e+10
E3: 0 | F3: 0 | G3: 0 | H3: 0 | I3: 0 | J3: 0 | K3: 0 | L3: 0 | M3: 0 | N3: 0 | O3: 0 | P3: 0
B4: BEPS 2014
E5: 41640 | F5: 41671 | G5: 41699 | H5: 41730 | I5: 41760 | J5: 41791 | K5: 41821 | L5: 41852 | M5: 41883 | N5: 41913 | O5: 41944 | P5: 41974
B6: Total | C6: Quantidade | D6: Total | E6: 26971009 | F6: 26980501 | G6: 27075646 | H6: 27218596 | I6: 27252239 | J6: 27326879 | K6: 27433536 | L6: 27462439 | M6: 27556461 | N6: 27725361 | O6: 27756971 | P6: 27818973
D7: Até1 | E7: 17536343 | F7: 17538448 | G7: 17585112 | H7: 17651841 | I7: 17667752 | J7: 17704036 | K7: 17749669 | L7: 17728011 | M7: 17792202 | N7: 17861082 | O7: 17843924 | P7: 17895841
D8: Mais de 1 | E8: 9434666 | F8: 9442053 | G8: 9490534 | H8: 9566755 | I8: 9584487 | J8: 9622843 | K8: 9683867 | L8: 9734428 | M8: 9764259 | N8: 9864279 | O8: 9913047 | P8: 9923132
C9: Valor | D9: Total | E9: 2.5845845e+10 | F9: 2.5845308e+10 | G9: 2.594737e+10 | H9: 2.6091948e+10 | I9: 2.6047399e+10 | J9: 2.6245762e+10 | K9: 2.6334429e+10 | L9: 4.0166434e+10 | M9: 2.6450235e+10 | N9: 2.6718253e+10 | O9: 4.0913891e+10 | P9: 2.6682601e+10
D10: Até1 | E10: 1.2439324e+10 | F10: 1.2440834e+10 | G10: 1.2474252e+10 | H10: 1.2522016e+10 | I10: 1.2533412e+10 | J10: 1.2559422e+10 | K10: 1.2592145e+10 | L10: 1.2589062e+10 | O10: 1.2672433e+10
D11: Mais de 1 | E11: 1.5986913e+10 | F11: 1.6004951e+10 | G11: 1.6082497e+10 | H11: 1.6199006e+10 | I11: 1.6234126e+10 | J11: 1.5298829e+10 | K11: 1.5396329e+10 | L11: 1.5472789e+10 | O11: 1.6763418e+10
B12: URBANA | C12: Quantidade | D12: Total | E12: 18016167 | F12: 18020092 | G12: 18091751 | H12: 18206163 | I12: 18225622 | J12: 18275859 | K12: 18355879 | L12: 18376142 | M12: 18446904 | N12: 18584209 | O12: 18605877 | P12: 18651175
D13: Até1 | E13: 8636780 | F13: 8633462 | G13: 8656893 | H13: 8695346 | I13: 8697223 | J13: 8709273 | K13: 8728551 | L13: 8698480 | M13: 8739644 | N13: 8777259 | O13: 8750413 | P13: 8785822
D14: Mais de 1 | E14: 9379387 | F14: 9386630 | G14: 9434858 | H14: 9510817 | I14: 9528399 | J14: 9566586 | K14: 9627328 | L14: 9677662 | M14: 9707260 | N14: 9806950 | O14: 9855464 | P14: 9865353
C15: Valor | D15: Total | E15: 2.1946332e+10 | F15: 2.1961903e+10 | G15: 2.2055953e+10 | H15: 2.2199618e+10 | I15: 2.2235922e+10 | J15: 2.1309079e+10 | K15: 2.1420101e+10 | L15: 2.1486975e+10 | O15: 2.2814178e+10
D16: Até1 | E16: 6.0227067e+09 | F16: 6.0203638e+09 | G16: 6.0371345e+09 | H16: 6.0645612e+09 | I16: 6.0658704e+09 | J16: 6.0744803e+09 | K16: 6.0882765e+09 | L16: 6.0788883e+09 | O16: 6.1162971e+09
D17: Mais de 1 | E17: 1.5923626e+10 | F17: 1.5941539e+10 | G17: 1.6018819e+10 | H17: 1.6135057e+10 | I17: 1.6170052e+10 | J17: 1.5234599e+10 | K17: 1.5331824e+10 | L17: 1.5408086e+10 | O17: 1.6697881e+10
B18: Rural | C18: Quantidade | D18: Total | E18: 8954842 | F18: 8960409 | G18: 8983895 | H18: 9012433 | I18: 9026617 | J18: 9051020 | K18: 9077657 | L18: 9086297 | M18: 9109557 | N18: 9141152 | O18: 9151094 | P18: 9167798
D19: Até1 | E19: 8899563 | F19: 8904986 | G19: 8928219 | H19: 8956495 | I19: 8970529 | J19: 8994763 | K19: 9021118 | L19: 9029531 | M19: 9052558 | N19: 9083823 | O19: 9093511 | P19: 9110019
D20: Mais de 1 | E20: 55279 | F20: 55423 | G20: 55676 | H20: 55938 | I20: 56088 | J20: 56257 | K20: 56539 | L20: 56766 | M20: 56999 | N20: 57329 | O20: 57583 | P20: 57779
C21: Valor | D21: Total | E21: 6.479905e+09 | F21: 6.4838819e+09 | G21: 6.5007951e+09 | H21: 6.521404e+09 | I21: 6.5316156e+09 | J21: 6.5491721e+09 | K21: 6.5683734e+09 | L21: 6.5748762e+09 | O21: 6.6216729e+09
D22: Até1 | E22: 6.4166173e+09 | F22: 6.4204701e+09 | G22: 6.4371172e+09 | H22: 6.4574549e+09 | I22: 6.4675415e+09 | J22: 6.484942e+09 | K22: 6.5038684e+09 | L22: 6.510174e+09 | O22: 6.5561359e+09
D23: Mais de 1 | E23: 63287758 | F23: 63411797 | G23: 63677980 | H23: 63949114 | I23: 64074027 | J23: 64230131 | K23: 64504992 | L23: 64702191 | O23: 65536981

Sheet Beps 2015
P1: Contas Gasto Total | S1: Gasto Social
E2: 42339 | K2: 2015 | P2: Valor Meses com Informação | Q2: Valor Todos os meses (2015) | S2: Gasto por Faixa de Renda | T2: Gasto social em nov/15 | U2: % do Gasto que é social nov/15 | V2: Gasto Social
B3: Qte | C3: Rural | D3: 1SM | E3: =SUM(P16:P17) -> 9190388 | I3: Rural | J3: 1SM | K3: =L3*K5 -> 1.419946e+11 | L3: 0.99050725 | M3: Valor (projeções) | N3: urbana | O3: TOTAL | P3: =SUM(E22:P22) -> 1.2221824e+11 | Q3: =P3*$P$9/SUM($P$3,$P$6) -> 2.9301584e+11 | R3: TOTAL > 1 SM | S3: =Q3-SUM(Q4:Q5) -> 2.1086978e+11 | T3: =(O12-SUM(O13:O14))*788 -> 7864169080 | U3: =T3/(O22-SUM(O23:O24)) -> 0.48577924 | V3: =U3*S3 -> 1.0243616e+11
D4: Demais | E4: =E5-E3 -> 102809.57 | J4: Demais | K4: =K5-K3 -> 1.3608371e+09 | O4: < 1 | P4: =SUM(E23:P23) -> 1.4209137e+09 | Q4: =P4*$P$9/SUM($P$3,$P$6) -> 3.4066126e+09 | R4: < 1 | S4: =Q4 -> 3.4066126e+09 | T4: =O23 -> 2.8229023e+08 | U4: =T4/O23 -> 1 | V4: =U4*S4 -> 3.4066126e+09
D5: Total | E5: =P15 -> 9293197.6 | H5: Valor | J5: Total | K5: 1.4335544e+11 | O5: = 1 | P5: =SUM(E24:P24) -> 32842580776 | Q5: =P5*$P$9/SUM($P$3,$P$6) -> 7.8739444e+10 | R5: = 1 | S5: =Q5 -> 7.8739444e+10 | T5: =O24 -> 6538229848 | U5: =T5/O24 -> 1 | V5: =U5*S5 -> 7.8739444e+10
C6: Urbana | D6: 1SM | E6: =SUM(P13:P14) -> 8962122 | I6: Urbana | J6: 1SM | K6: =L6*K8 -> 6.5521727e+10 | L6: 0.27662781 | N6: rural | O6: TOTAL | P6: =SUM(E25:P25) -> 3.6370844e+10 | Q6: =P6*$P$9/SUM($P$3,$P$6) -> 8.7198384e+10 | R6: TOTAL > 1 SM | S6: =Q6-SUM(Q7:Q8) -> 8.2982014e+08 | T6: =(O15-SUM(O16:O17))*788 -> 45101180 | U6: =T6/(O25-SUM(O26:O27)) -> 0.64448696 | V6: =U6*S6 -> 5.3480826e+08
D7: Demais | E7: =E8-E6 -> 10021027 | J7: Demais | K7: =K8-K6 -> 1.7133706e+11 | O7: < 1 | P7: =SUM(E26:P26) -> 1.3108306e+08 | Q7: =P7*$P$9/SUM($P$3,$P$6) -> 3.1426906e+08 | R7: < 1 | S7: =Q7 -> 3.1426906e+08 | T7: =O26 -> 26475343 | U7: =T7/O26 -> 1 | V7: =U7*S7 -> 3.1426906e+08
D8: Total | E8: =P12 -> 18983149 | J8: Total | K8: 2.3685878e+11 | O8: = 1 | P8: =SUM(E27:P27) -> 35893638764 | Q8: =P8*$P$9/SUM($P$3,$P$6) -> 8.6054295e+10 | R8: = 1 | S8: =Q8 -> 8.6054295e+10 | T8: =O27 -> 7184796456 | U8: =T8/O27 -> 1 | V8: =U8*S8 -> 8.6054295e+10
M9: Total | P9: =SUM(E28:P28) -> 3.8021422e+11 | Q9: =SUM(Q3,Q6) -> 3.8021422e+11 | S9: =SUM(S3:S8) -> 3.8021422e+11 | T9: =SUM(T3:T8) -> 2.1941062e+10 | U9: =T9/(O22+O25) -> 0.72435354 | V9: =SUM(V3:V8) -> 2.7148559e+11
Q10: 0.014512301 | R10: Contas para fazer dez/15 certo. O Boletim está colocando uma quantidade errada (quantidade de novembro)
B11: 2015- tabela 13 do BEPS de cada mês de 2014 - coluna: Benefícios do RGPS | E11: 42005 | F11: 42036 | G11: 42064 | H11: 42095 | I11: 42125 | J11: 42156 | K11: 42186 | L11: 42217 | M11: 42248 | N11: 42278 | O11: 42309 | P11: 42339 | S11: 42005 | T11: 42036 | U11: 42064 | V11: 42095 | W11: 42125 | X11: 42156 | Y11: 42186 | Z11: 42217 | AA11: 42248 | AB11: 42278 | AC11: 42309
B12: Qte | C12: urbana | D12: TOTAL | E12: 18654755 | F12: 18663692 | G12: 18693630 | H12: 18820704 | I12: 18850320 | J12: 18944114 | K12: 18981553 | L12: 18962537 | M12: 18905598 | N12: 18892435 | O12: 18942032 | P12: =R12*P18 -> 18983149 | R12: =AVERAGE(S12:AC12) -> 0.67134377 | S12: =E12/E$18 -> 0.67037671 | T12: =F12/F$18 -> 0.67020635 | U12: =G12/G$18 -> 0.67040084 | V12: =H12/H$18 -> 0.67121181 | W12: =I12/I$18 -> 0.67124628 | X12: =J12/J$18 -> 0.67171087 | Y12: =K12/K$18 -> 0.67189466 | Z12: =L12/L$18 -> 0.67202472 | ... AC12: =O12/O$18 -> 0.67194976
D13: < 1 | E13: 685352 | F13: 685575 | G13: 685881 | H13: 687903 | I13: 688325 | J13: 690107 | K13: 690850 | L13: 689356 | M13: 663823 | N13: 687110 | O13: 664876 | P13: 664876 | Q13: =SUM(P13:P14)/P12 -> 0.47210933 | R13: =AVERAGE(S13:AC13) -> 0.036271703 | S13: =E13/E12 -> 0.03673873 | T13: =F13/F12 -> 0.036733086 | U13: =G13/G12 -> 0.036690627 | V13: =H13/H12 -> 0.036550333 | W13: =I13/I12 -> 0.036515295 | X13: =J13/J12 -> 0.036428571 | Y13: =K13/K12 -> 0.036395863 | Z13: =L13/L12 -> 0.036353574 | ... AC13: =O13/O12 -> 0.035100564
D14: = 1 | E14: 8300454 | F14: 8301710 | G14: 8307230 | H14: 8354294 | I14: 8364570 | J14: 8398284 | K14: 8401709 | L14: 8367557 | M14: 8304660 | N14: 8285179 | O14: 8297246 | P14: 8297246 | R14: =AVERAGE(S14:AC14) -> 0.44225722 | S14: =E14/E12 -> 0.44495111 | T14: =F14/F12 -> 0.44480535 | U14: =G14/G12 -> 0.44438828 | V14: =H14/H12 -> 0.4438885 | W14: =I14/I12 -> 0.44373623 | X14: =J14/J12 -> 0.44331891 | Y14: =K14/K12 -> 0.44262495 | Z14: =L14/L12 -> 0.4412678 | ... AC14: =O14/O12 -> 0.43803358
C15: rural | D15: TOTAL | E15: 9172517 | F15: 9183988 | G15: 9190628 | H15: 9219184 | I15: 9232249 | J15: 9258666 | K15: 9269234 | L15: 9254486 | M15: 9234140 | N15: 9224969 | O15: 9247623 | P15: =R15*P18 -> 9293197.6 | R15: =AVERAGE(S15:AC15) -> 0.32865623 | S15: =E15/E$18 -> 0.32962329 | T15: =F15/F$18 -> 0.32979365 | U15: =G15/G$18 -> 0.32959916 | V15: =H15/H$18 -> 0.32878819 | W15: =I15/I$18 -> 0.32875372 | X15: =J15/J$18 -> 0.32828913 | Y15: =K15/K$18 -> 0.32810534 | Z15: =L15/L$18 -> 0.32797528 | ... AC15: =O15/O$18 -> 0.32805024
D16: < 1 | E16: 71278 | F16: 71417 | G16: 71787 | H16: 72268 | I16: 72451 | J16: 72813 | K16: 72999 | L16: 72936 | M16: 72638 | N16: 72588 | O16: 72626 | P16: 72626 | Q16: =SUM(P16:P17)/P15 -> 0.98893712 | R16: =AVERAGE(S16:AC16) -> 0.0078412428 | S16: =E16/E15 -> 0.0077708223 | T16: =F16/F15 -> 0.0077762514 | U16: =G16/G15 -> 0.0078108917 | V16: =H16/H15 -> 0.0078388716 | W16: =I16/I15 -> 0.0078476003 | X16: =J16/J15 -> 0.0078643079 | Y16: =K16/K15 -> 0.007875408 | Z16: =L16/L15 -> 0.0078811508 | ... AC16: =O16/O15 -> 0.0078534776
D17: = 1 | E17: 9045916 | F17: 9057029 | G17: 9063173 | H17: 9090910 | I17: 9103650 | J17: 9129467 | K17: 9139696 | L17: 9124977 | M17: 9104695 | N17: 9095537 | O17: 9117762 | P17: 9117762 | R17: =AVERAGE(S17:AC17) -> 0.98605889 | S17: =E17/E15 -> 0.98619779 | T17: =F17/F15 -> 0.98617605 | U17: =G17/G15 -> 0.98613207 | V17: =H17/H15 -> 0.98608619 | W17: =I17/I15 -> 0.98607067 | X17: =J17/J15 -> 0.98604561 | Y17: =K17/K15 -> 0.98602495 | Z17: =L17/L15 -> 0.98600581 | ... AC17: =O17/O15 -> 0.98595736
E18: {=TRANSPOSE(D31:D42)} -> 27827272 | F18: 27847680 | G18: 27884258 | H18: 28039888 | I18: 28082569 | J18: 28202780 | K18: 28250787 | L18: 28217023 | M18: 28139738 | N18: 28117404 | O18: 28189655 | P18: 28276347
E19: =E18-SUM(E15,E12) -> 0 | F19: =F18-SUM(F15,F12) -> 0 | G19: =G18-SUM(G15,G12) -> 0 | H19: =H18-SUM(H15,H12) -> 0 | I19: =I18-SUM(I15,I12) -> 0 | J19: =J18-SUM(J15,J12) -> 0 | K19: =K18-SUM(K15,K12) -> 0 | L19: =L18-SUM(L15,L12) -> 0 | ... P19: =P18-SUM(P15,P12) -> 0
B21: 2015- tabela 13 do BEPS de cada mês de 2014 - coluna: Benefícios do RGPS | E21: 42005 | F21: 42036 | G21: 42064 | H21: 42095 | I21: 42125 | J21: 42156 | K21: 42186 | L21: 42217 | M21: 42248 | N21: 42278 | O21: 42309 | P21: 42339
B22: Valor (projeções) | C22: urbana | D22: TOTAL | G22: 2.4490283e+10 | K22: 2.489547e+10 | L22: 2.4903935e+10 | M22: 2.4919262e+10 | O22: 2.3009291e+10
D23: < 1 | G23: 2.8374021e+08 | K23: 2.8689474e+08 | L23: 2.8645919e+08 | M23: 2.8152929e+08 | O23: 2.8229023e+08
D24: = 1 | G24: 6546097240 | K24: 6620546692 | L24: 6593634916 | M24: 6544072080 | O24: 6538229848
C25: rural | D25: TOTAL | G25: 7.2358245e+09 | K25: 7.2974485e+09 | L25: 7.2858432e+09 | M25: 7.2704756e+09 | O25: 7.2812518e+09
D26: < 1 | G26: 25758877 | K26: 26193149 | L26: 26171686 | M26: 26484005 | O26: 26475343
D27: = 1 | G27: 7141780324 | K27: 7202080448 | L27: 7190481876 | M27: 7174499660 | O27: 7184796456
C28: TOTAL | E28: {=TRANSPOSE(E31:E42)} -> 2.8815604e+10 | F28: 2.8794914e+10 | G28: 2.8861471e+10 | H28: 2.903762e+10 | I28: 2.9094167e+10 | J28: 2.9227795e+10 | K28: 2.9273134e+10 | L28: 2.9242758e+10 | M28: 4.4565355e+10 | N28: 2.9159204e+10 | O28: 4.4907123e+10 | P28: 2.9235079e+10
D30: Qte | E30: valor
B31: 2015 | C31: Janeiro | D31: 27827272 | E31: 2.8815604e+10 | L31: 42064 | M31: 42186 | N31: 42217 | O31: 42248 | P31: 42309
C32: Fevereiro | D32: 27847680 | E32: 2.8794914e+10 | I32: Valor (projeções) | J32: urbana | K32: TOTAL | L32: 2.4490283e+10 | M32: 2.489547e+10 | N32: 2.4903935e+10 | O32: 2.4919262e+10 | P32: 2.3009291e+10
C33: Março | D33: 27884258 | E33: 2.8861471e+10 | K33: < 1 | L33: 2.8374021e+08 | M33: 2.8689474e+08 | N33: 2.8645919e+08 | O33: 2.8152929e+08 | P33: 2.8229023e+08 | R33: =SUM(L33:L34)/L32 -> 0.27887949 | S33: =SUM(M33:M34)/M32 -> 0.27745776 | T33: =SUM(N33:N34)/N32 -> 0.27626534 | U33: =SUM(O33:O34)/O32 -> 0.27390865
C34: Abril | D34: 28039888 | E34: 2.903762e+10 | K34: = 1 | L34: 6546097240 | M34: 6620546692 | N34: 6593634916 | O34: 6544072080 | P34: 6538229848
C35: Maio | D35: 28082569 | E35: 2.9094167e+10 | J35: rural | K35: TOTAL | L35: 7.2358245e+09 | M35: 7.2974485e+09 | N35: 7.2858432e+09 | O35: 7.2704756e+09 | P35: 7.2812518e+09
C36: Junho | D36: 28202780 | E36: 2.9227795e+10 | K36: < 1 | L36: 25758877 | M36: 26193149 | N36: 26171686 | O36: 26484005 | P36: 26475343 | R36: =SUM(L36:L37)/L35 -> 0.99056288 | S36: =SUM(M36:M37)/M35 -> 0.99052067 | T36: =SUM(N36:N37)/N35 -> 0.99050355 | U36: =SUM(O36:O37)/O35 -> 0.9904419
C37: Julho | D37: 28250787 | E37: 2.9273134e+10 | K37: = 1 | L37: 7141780324 | M37: 7202080448 | N37: 7190481876 | O37: 7174499660 | P37: 7184796456
C38: Agosto | D38: 28217023 | E38: 2.9242758e+10
C39: Setembro | D39: 28139738 | E39: 4.4565355e+10 | K39: =AVERAGE(R33:U33) -> 0.27662781
C40: Outubro | D40: 28117404 | E40: 2.9159204e+10 | K40: =AVERAGE(R36:U36) -> 0.99050725
C41: Novembro (1) | D41: 28189655 | E41: 4.4907123e+10
C42: Dezembro | D42: 28276347 | E42: 2.9235079e+10
C43: Subtotal (2) | D43: =SUM(D31:D42) -> 337075401 | E43: =SUM(E31:E42) -> 3.8021422e+11 | H43: 0.3770386 | I43: =$E$43*H43 -> 1.4335544e+11
H44: 0.6229614 | I44: =$E$43*H44 -> 2.3685878e+11

Sheet RGPS_Valor_Dezembro
A1: Coluna | B1: Clientela | C1: Ano
A2: Classe/Grupos de Espécies | B2: Faixa de Valor | C2: Urbana | D2: Urbana | E2: Urbana | F2: Urbana | G2: Urbana | H2: Urbana | I2: Urbana | J2: Urbana | K2: Urbana | L2: Urbana | M2: Urbana | N2: Urbana | O2: Rural | P2: Rural | Q2: Rural | R2: Rural | S2: Rural | T2: Rural | U2: Rural | V2: Rural | W2: Rural | X2: Rural | Y2: Rural | Z2: Rural | AA2: Total | AB2: Total | AC2: Total | AD2: Total | AE2: Total | AF2: Total | AG2: Total | AH2: Total | AI2: Total | AJ2: Total | AK2: Total | AL2: Total
C3: 2002 | D3: 2003 | E3: 2004 | F3: 2005 | G3: 2006 | H3: 2007 | I3: 2008 | J3: 2009 | K3: 2010 | L3: 2011 | M3: 2012 | N3: 2013 | O3: 2002 | P3: 2003 | Q3: 2004 | R3: 2005 | S3: 2006 | T3: 2007 | U3: 2008 | V3: 2009 | W3: 2010 | X3: 2011 | Y3: 2012 | Z3: 2013 | AA3: 2002 | AB3: 2003 | AC3: 2004 | AD3: 2005 | AE3: 2006 | AF3: 2007 | AG3: 2008 | AH3: 2009 | AI3: 2010 | AJ3: 2011 | AK3: 2012 | AL3: 2013
A4: BENEFÍCIOS DO RGPS | B4: Total | C4: 5.5386038e+09 | D4: 6939743878 | E4: 7955597102 | F4: 8978429770 | G4: 9.9360209e+09 | H4: 1.0651258e+10 | I4: 1.1737979e+10 | J4: 1.3100364e+10 | K4: 1.4837852e+10 | L4: 1.6458415e+10 | M4: 1.8514522e+10 | N4: 2.0790808e+10 | O4: 1.3281487e+09 | P4: 1638538010 | Q4: 1823082394 | R4: 2154402242 | S4: 2.5687485e+09 | T4: 2.8591832e+09 | U4: 3.2204649e+09 | V4: 3.7244034e+09 | W4: 4.2111621e+09 | X4: 4.6160679e+09 | Y4: 5.4118681e+09 | Z4: 6.0683903e+09 | AA4: 6.8667525e+09 | AB4: 8578281888 | AC4: 9778679496 | AD4: 11132832012 | AE4: 1.2504769e+10 | AF4: 1.3510441e+10 | AG4: 1.4958444e+10 | AH4: 1.6824767e+10 | AI4: 1.9049014e+10 | AJ4: 2.1074483e+10 | AK4: 2.3926391e+10 | AL4: 2.6859199e+10
B5: Abaixo de 1 | C5: 45080928 | D5: 54326696 | E5: 60361610 | F5: 72791425 | G5: 90274928 | H5: 1.0103668e+08 | I5: 1.146295e+08 | J5: 1.3517246e+08 | K5: 1.5333448e+08 | L5: 1.6917093e+08 | M5: 2.0479683e+08 | N5: 2.3327051e+08 | O5: 2212277.4 | P5: 2968163 | Q5: 3601667 | R5: 4623464 | S5: 6105413 | T5: 7362813.3 | U5: 8605182.6 | V5: 10734007 | W5: 12729833 | X5: 14618346 | Y5: 17854378 | Z5: 20862186 | AA5: 47293206 | AB5: 57294859 | AC5: 63963277 | AD5: 77414889 | AE5: 96380341 | AF5: 1.0839949e+08 | AG5: 1.2323469e+08 | AH5: 1.4590647e+08 | AI5: 1.6606431e+08 | AJ5: 1.8378927e+08 | AK5: 2.2265121e+08 | AL5: 2.541327e+08
B6: Igual a 1 | C6: 950272400 | D6: 1147365600 | E6: 1313731380 | F6: 1628582100 | G6: 2034992750 | H6: 2300196620 | I6: 2614735720 | J6: 3100017825 | K6: 3497048070 | L6: 3801658400 | M6: 4719517056 | N6: 5352609312 | O6: 1292227200 | P6: 1593018240 | Q6: 1774333340 | R6: 2104683600 | S6: 2519292300 | T6: 2808515020 | U6: 3166999460 | V6: 3667233195 | W6: 4146929850 | X6: 4545316350 | Y6: 5337717880 | Z6: 5986682370 | AA6: 2242499600 | AB6: 2740383840 | AC6: 3088064720 | AD6: 3733265700 | AE6: 4554285050 | AF6: 5108711640 | AG6: 5781735180 | AH6: 6767251020 | AI6: 7643977920 | AJ6: 8346974750 | AK6: 10057234936 | AL6: 11339291682
B7: Acima de 1 Até 2 | C7: 7.0995624e+08 | D7: 914314793 | E7: 1073722600 | F7: 1314319893 | G7: 1.6122796e+09 | H7: 1.7835222e+09 | I7: 2.0452343e+09 | J7: 2.3989832e+09 | K7: 2.8333087e+09 | L7: 3.1873056e+09 | M7: 3.7831357e+09 | N7: 4.3937391e+09 | O7: 17510454 | P7: 22509980 | Q7: 23759494 | R7: 24614569 | S7: 25049854 | T7: 25677317 | U7: 27395997 | V7: 29356927 | W7: 33022813 | X7: 36472234 | Y7: 38135418 | Z7: 42683532 | AA7: 7.2746669e+08 | AB7: 936824773 | AC7: 1097482094 | AD7: 1338934462 | AE7: 1.6373295e+09 | AF7: 1.8091996e+09 | AG7: 2.0726303e+09 | AH7: 2.4283401e+09 | AI7: 2.8663315e+09 | AJ7: 3.2237778e+09 | AK7: 3.8212711e+09 | AL7: 4.4364227e+09
B8: Acima de 2 Até 3 | C8: 7.0659325e+08 | D8: 899807608 | E8: 1070702379 | F8: 1281133331 | G8: 1.5313745e+09 | H8: 1.6976161e+09 | I8: 1.9257454e+09 | J8: 2.238392e+09 | K8: 2.5774918e+09 | L8: 2.874133e+09 | M8: 3.5508257e+09 | N8: 4.0708237e+09 | O8: 7659217.6 | P8: 9504062 | Q8: 10331033 | R8: 10292490 | S8: 9661303.7 | T8: 9581907.9 | U8: 9744138.5 | V8: 9852332.7 | W8: 10558646 | X8: 11334370 | Y8: 11028020 | Z8: 11235314 | AA8: 7.1425247e+08 | AB8: 909311670 | AC8: 1081033412 | AD8: 1291425821 | AE8: 1.5410358e+09 | AF8: 1.707198e+09 | AG8: 1.9354895e+09 | AH8: 2.2482444e+09 | AI8: 2.5880505e+09 | AJ8: 2.8854674e+09 | AK8: 3.5618537e+09 | AL8: 4.0820591e+09
B9: Acima de 3 Até 4 | C9: 6.9112245e+08 | D9: 873647550 | E9: 1025224581 | F9: 1236330187 | G9: 1.6248302e+09 | H9: 1.8406293e+09 | I9: 2.0842652e+09 | J9: 2.42755e+09 | K9: 2.7535859e+09 | L9: 3.0617509e+09 | M9: 3.3170678e+09 | N9: 3.7431392e+09 | O9: 3856386 | P9: 4792409 | Q9: 5130414 | R9: 4931676 | S9: 4479329.4 | T9: 4267187 | U9: 4181741 | V9: 3983923.2 | W9: 4336156.7 | X9: 4509304.7 | Y9: 4599546.5 | Z9: 4599313.3 | AA9: 6.9497883e+08 | AB9: 878439959 | AC9: 1030354995 | AD9: 1241261863 | AE9: 1.6293095e+09 | AF9: 1.8448965e+09 | AG9: 2.088447e+09 | AH9: 2.4315339e+09 | AI9: 2.757922e+09 | AJ9: 3.0662602e+09 | AK9: 3.3216674e+09 | AL9: 3.7477385e+09
B10: Acima de 4 Até 5 | C10: 8.3838678e+08 | D10: 1039196891 | E10: 1190374997 | F10: 1387521338 | G10: 1.4203154e+09 | H10: 1.527118e+09 | I10: 1.6739169e+09 | J10: 1.9864968e+09 | K10: 2.1570861e+09 | L10: 2.2584154e+09 | M10: 2.1617311e+09 | N10: 2.2349633e+09 | O10: 2143545.1 | P10: 2587186 | Q10: 2736956 | R10: 2548579 | S10: 2336442.7 | T10: 2440340.2 | U10: 2440200.7 | V10: 2797129.2 | W10: 3094089 | X10: 3143555 | Y10: 2202175.4 | Z10: 2055590.7 | AA10: 8.4053033e+08 | AB10: 1041784077 | AC10: 1193111953 | AD10: 1390069917 | AE10: 1.4226518e+09 | AF10: 1.5295583e+09 | AG10: 1.6763571e+09 | AH10: 1.9892939e+09 | AI10: 2.1601801e+09 | AJ10: 2.261559e+09 | AK10: 2.1639332e+09 | AL10: 2.2370189e+09
B11: Acima de 5 Até 6 | C11: 7.0413725e+08 | D11: 879861465 | E11: 953328142 | F11: 1066754954 | G11: 1.1803937e+09 | H11: 1.1392315e+09 | I11: 1.0269405e+09 | J11: 6.260082e+08 | K11: 6.8278401e+08 | L11: 8.8828399e+08 | M11: 6.3226481e+08 | N11: 6.3793105e+08 | O11: 1421687.9 | P11: 1760280 | Q11: 1738382 | R11: 1788121 | S11: 1564147.5 | T11: 1238323.8 | U11: 999452.78 | V11: 378332.51 | W11: 403360.35 | X11: 550387.83 | Y11: 271380.81 | Z11: 244839.76 | AA11: 7.0555893e+08 | AB11: 881621745 | AC11: 955066524 | AD11: 1068543075 | AE11: 1.1819578e+09 | AF11: 1.1404699e+09 | AG11: 1.0279399e+09 | AH11: 6.2638653e+08 | AI11: 6.8318737e+08 | AJ11: 8.8883438e+08 | AK11: 6.3253619e+08 | AL11: 6.3817589e+08
B12: Acima de 6 Até 7 | C12: 5.3501758e+08 | D12: 667297140 | E12: 868500678 | F12: 811336786 | G12: 3.4281202e+08 | H12: 1.7712655e+08 | I12: 1.6755874e+08 | J12: 1.2934314e+08 | K12: 1.250913e+08 | L12: 1.5670429e+08 | M12: 87619042 | N12: 65862975 | O12: 828583.72 | P12: 1031149 | Q12: 1207215 | R12: 837779 | S12: 229244.43 | T12: 74148.43 | U12: 79704.48 | V12: 56628.1 | W12: 75625.21 | X12: 115006.72 | Y12: 50340.9 | Z12: 22272.05 | AA12: 5.3584617e+08 | AB12: 668328289 | AC12: 869707893 | AD12: 812174565 | AE12: 3.4304127e+08 | AF12: 1.772007e+08 | AG12: 1.6763844e+08 | AH12: 1.2939976e+08 | AI12: 1.2516692e+08 | AJ12: 1.568193e+08 | AK12: 87669382 | AL12: 65885247
B13: Acima de 7 Até 8 | C13: 2.6673522e+08 | D13: 377300174 | E13: 294115585 | F13: 103673280 | G13: 43731223 | H13: 34245268 | I13: 36049345 | J13: 11319176 | K13: 10757414 | L13: 10711017 | M13: 12719032 | N13: 14727790 | O13: 263559.9 | P13: 341710 | Q13: 216054 | R13: 58064 | S13: 21184.31 | T13: 19848.06 | U13: 15591.51 | V13: 10895.83 | W13: 11757.06 | X13: 8338.3 | Y13: 8961.48 | Z13: 4880.85 | AA13: 2.6699878e+08 | AB13: 377641884 | AC13: 294331639 | AD13: 103731344 | AE13: 43752407 | AF13: 34265116 | AG13: 36064936 | AH13: 11330072 | AI13: 10769171 | AJ13: 10719355 | AK13: 12727993 | AL13: 14732670
B14: Acima de 8 Até 9 | C14: 20898195 | D14: 23056573 | E14: 40122550 | F14: 22325330 | G14: 11079987 | H14: 9256932.3 | I14: 10899747 | J14: 12563438 | K14: 12796359 | L14: 11823495 | M14: 12049161 | N14: 10399486 | O14: 10186.54 | P14: 12084 | Q14: 19454 | R14: 17753 | S14: 2801.81 | T14: 6342.02 | U14: 3447.17 | V14: 0 | W14: 0 | X14: 0 | Y14: 0 | Z14: 0 | AA14: 20908382 | AB14: 23068657 | AC14: 40142004 | AD14: 22343083 | AE14: 11082789 | AF14: 9263274.3 | AG14: 10903194 | AH14: 12563438 | AI14: 12796359 | AJ14: 11823495 | AK14: 12049161 | AL14: 10399486
B15: Acima de 9 Até 10 | C15: 12391888 | D15: 13118830 | E15: 15415148 | F15: 10260577 | G15: 7602053.1 | H15: 10396795 | I15: 8230873.9 | J15: 5340273.8 | K15: 5644109.9 | L15: 8316597.5 | M15: 3647866.6 | N15: 3612136.3 | O15: 1840.43 | P15: 2203 | Q15: 0 | R15: 0 | S15: 6455.4 | T15: 0 | U15: 0 | V15: 0 | W15: 0 | X15: 0 | Y15: 0 | Z15: 0 | AA15: 12393729 | AB15: 13121033 | AC15: 15415148 | AD15: 10260577 | AE15: 7608508.5 | AF15: 10396795 | AG15: 8230873.9 | AH15: 5340273.8 | AI15: 5644109.9 | AJ15: 8316597.5 | AK15: 3647866.6 | AL15: 3612136.3
B16: Acima de 10 Até 20 | C16: 39100617 | D16: 35397702 | E16: 35639158 | F16: 28696172 | G16: 26688739 | H16: 21248279 | I16: 20547408 | J16: 20367428 | K16: 20834131 | L16: 21847772 | M16: 21636559 | N16: 22325884 | O16: 13777.32 | P16: 10544 | Q16: 8385 | R16: 6147 | S16: 0 | T16: 0 | U16: 0 | V16: 0 | W16: 0 | X16: 0 | Y16: 0 | Z16: 0 | AA16: 39114394 | AB16: 35408246 | AC16: 35647543 | AD16: 28702319 | AE16: 26688739 | AF16: 21248279 | AG16: 20547408 | AH16: 20367428 | AI16: 20834131 | AJ16: 21847772 | AK16: 21636559 | AL16: 22325884
... B18: Acima de 50 | C18: 2516850.4 | D18: 3133753 | E18: 3239420 | F18: 4241863 | G18: 2606640.7 | H18: 2205520.9 | I18: 2114409.1 | J18: 1875862.2 | K18: 1637662.2 | L18: 85279.58 | M18: 90464.57 | N18: 96073.36 | O18: 0 | P18: 0 | Q18: 0 | R18: 0 | S18: 0 | T18: 0 | U18: 0 | V18: 0 | W18: 0 | X18: 0 | Y18: 0 | Z18: 0 | AA18: 2516850.4 | AB18: 3133753 | AC18: 3239420 | AD18: 4241863 | AE18: 2606640.7 | AF18: 2205520.9 | AG18: 2114409.1 | AH18: 1875862.2 | AI18: 1637662.2 | AJ18: 85279.58 | AK18: 90464.57 | AL18: 96073.36
A19: Tempo de Contribuição | B19: Total | C19: 2.508062e+09 | D19: 3051128786 | E19: 3356744290 | F19: 3640883266 | G19: 3.9349715e+09 | H19: 4.2474868e+09 | I19: 4.664677e+09 | J19: 5.1866815e+09 | K19: 5.8070705e+09 | L19: 6.4580294e+09 | M19: 7.1641959e+09 | N19: 7.9549786e+09 | O19: 2949152.7 | P19: 3730033 | Q19: 4312062 | R19: 5210948 | S19: 6294700.3 | T19: 7056751.4 | U19: 8137582.5 | V19: 9631514.6 | W19: 11117676 | X19: 12481536 | Y19: 14265809 | Z19: 16120279 | AA19: 2.5110112e+09 | AB19: 3054858819 | AC19: 3361056352 | AD19: 3646094214 | AE19: 3.9412662e+09 | AF19: 4.2545436e+09 | AG19: 4.6728146e+09 | AH19: 5.196313e+09 | AI19: 5.8181882e+09 | AJ19: 6.4705109e+09 | AK19: 7.1784618e+09 | AL19: 7.9710989e+09
B20: Abaixo de 1 | C20: 3766990.1 | D20: 4811711 | E20: 5443846 | F20: 6980966 | G20: 9395524.9 | H20: 9879142.9 | I20: 12043992 | J20: 14811152 | K20: 16614852 | L20: 17741291 | M20: 20917333 | N20: 22973002 | O20: 1509.37 | P20: 2354 | Q20: 3745 | R20: 4994 | S20: 6527.15 | T20: 7760.31 | U20: 8626.46 | V20: 12808.27 | W20: 14504.1 | X20: 15500.34 | Y20: 17852.66 | Z20: 22013.75 | AA20: 3768499.5 | AB20: 4814065 | AC20: 5447591 | AD20: 6985960 | AE20: 9402052 | AF20: 9886903.3 | AG20: 12052618 | AH20: 14823960 | AI20: 16629356 | AJ20: 17756791 | AK20: 20935186 | AL20: 22995016
B21: Igual a 1 | C21: 66570800 | D21: 80978640 | E21: 93788240 | F21: 122788500 | G21: 168651000 | H21: 206150760 | I21: 251395795 | J21: 324272400 | K21: 383631180 | L21: 433319145 | M21: 570483472 | N21: 673178064 | O21: 368000 | P21: 453600 | Q21: 551980 | R21: 889800 | S21: 1420650 | T21: 1846800 | U21: 2421110 | V21: 3426585 | W21: 4188120 | X21: 4889740 | Y21: 6410954 | Z21: 7675638 | AA21: 66938800 | AB21: 81432240 | AC21: 94340220 | AD21: 123678300 | AE21: 170071650 | AF21: 207997560 | AG21: 253816905 | AH21: 327698985 | AI21: 387819300 | AJ21: 438208885 | AK21: 576894426 | AL21: 680853702
B22: Acima de 1 Até 2 | C22: 1.6972608e+08 | D22: 207644924 | E22: 235237217 | F22: 296439588 | G22: 3.9284586e+08 | H22: 4.6543483e+08 | I22: 5.4726988e+08 | J22: 6.7427459e+08 | K22: 7.8132883e+08 | L22: 8.7195383e+08 | M22: 1.105463e+09 | N22: 1.2891365e+09 | O22: 549382.34 | P22: 715297 | Q22: 908637 | R22: 1331835 | S22: 1797843.4 | T22: 2085551.5 | U22: 2486792.6 | V22: 2869589.2 | W22: 3334381.9 | X22: 3743179.6 | Y22: 4118098.3 | Z22: 4616144.1 | AA22: 1.7027546e+08 | AB22: 208360221 | AC22: 236145854 | AD22: 297771423 | AE22: 3.946437e+08 | AF22: 4.6752038e+08 | AG22: 5.4975667e+08 | AH22: 6.7714418e+08 | AI22: 7.8466321e+08 | AJ22: 8.7569701e+08 | AK22: 1.1095811e+09 | AL22: 1.2937526e+09
B23: Acima de 2 Até 3 | C23: 2.7342123e+08 | D23: 335070889 | E23: 380685309 | F23: 470407653 | G23: 6.1522937e+08 | H23: 7.2070128e+08 | I23: 8.4369493e+08 | J23: 1.0294667e+09 | K23: 1.1833105e+09 | L23: 1.315553e+09 | M23: 1.7936002e+09 | N23: 2.0670684e+09 | O23: 583859.83 | P23: 759183 | Q23: 864033 | R23: 1018092 | S23: 1210018 | T23: 1308146.6 | U23: 1434255 | V23: 1628321.4 | W23: 1790775 | X23: 1955248.7 | Y23: 2120916.8 | Z23: 2223311.1 | AA23: 2.7400509e+08 | AB23: 335830072 | AC23: 381549342 | AD23: 471425745 | AE23: 6.1643938e+08 | AF23: 7.2200943e+08 | AG23: 8.4512918e+08 | AH23: 1.031095e+09 | AI23: 1.1851013e+09 | AJ23: 1.3175083e+09 | AK23: 1.7957211e+09 | AL23: 2.0692917e+09
B24: Acima de 3 Até 4 | C24: 3.6555827e+08 | D24: 443323056 | E24: 501396510 | F24: 629119302 | G24: 9.4541846e+08 | H24: 1.1216474e+09 | I24: 1.2970919e+09 | J24: 1.5601941e+09 | K24: 1.7613396e+09 | L24: 1.9536035e+09 | M24: 2.1144504e+09 | N24: 2.37476e+09 | O24: 515410 | P24: 649045 | Q24: 724247 | R24: 800249 | S24: 906064.39 | T24: 958940.24 | U24: 1000159.2 | V24: 1002980.4 | W24: 1078051 | X24: 1142336 | Y24: 1062561 | Z24: 1084902.3 | AA24: 3.6607368e+08 | AB24: 443972101 | AC24: 502120757 | AD24: 629919551 | AE24: 9.4632452e+08 | AF24: 1.1226063e+09 | AG24: 1.2980921e+09 | AH24: 1.5611971e+09 | AI24: 1.7624176e+09 | AJ24: 1.9547458e+09 | AK24: 2.1155129e+09 | AL24: 2.3758449e+09
B25: Acima de 4 Até 5 | C25: 5.7976414e+08 | D25: 700175116 | E25: 780844139 | F25: 920406244 | G25: 9.2127027e+08 | H25: 9.883103e+08 | I25: 1.0746731e+09 | J25: 1.2744475e+09 | K25: 1.3569569e+09 | L25: 1.3934911e+09 | M25: 1.2397463e+09 | N25: 1.2114467e+09 | O25: 408863.26 | P25: 491510 | Q25: 554837 | R25: 589073 | S25: 576523.37 | T25: 552103.96 | U25: 571757.6 | V25: 611407.83 | W25: 618427.45 | X25: 599193.73 | Y25: 478039.58 | Z25: 447192.9 | AA25: 5.80173e+08 | AB25: 700666626 | AC25: 781398976 | AD25: 920995317 | AE25: 9.2184679e+08 | AF25: 9.888624e+08 | AG25: 1.0752448e+09 | AH25: 1.275059e+09 | AI25: 1.3575753e+09 | AJ25: 1.3940903e+09 | AK25: 1.2402243e+09 | AL25: 1.2118939e+09
B26: Acima de 5 Até 6 | C26: 5.0152455e+08 | D26: 609359008 | E26: 636189615 | F26: 681182015 | G26: 7.2346387e+08 | H26: 6.45322e+08 | I26: 5.4740466e+08 | J26: 2.2943694e+08 | K26: 2.431778e+08 | L26: 3.7490451e+08 | M26: 2.5210568e+08 | N26: 2.5612837e+08 | O26: 278707.5 | P26: 352131 | Q26: 392691 | R26: 382180 | S26: 329023.12 | T26: 292485.18 | U26: 212110.85 | V26: 73998.55 | W26: 80287.44 | X26: 115829.43 | Y26: 49786.17 | Z26: 51076.6 | AA26: 5.0180326e+08 | AB26: 609711139 | AC26: 636582306 | AD26: 681564195 | AE26: 7.237929e+08 | AF26: 6.4561449e+08 | AG26: 5.4761677e+08 | AH26: 2.2951094e+08 | AI26: 2.4325808e+08 | AJ26: 3.7502034e+08 | AK26: 2.5215547e+08 | AL26: 2.5617945e+08
B27: Acima de 6 Até 7 | C27: 3.5940596e+08 | D27: 436356470 | E27: 558191875 | F27: 445071338 | G27: 1.1023194e+08 | H27: 47251181 | I27: 49026770 | J27: 46897685 | K27: 47426830 | L27: 62783391 | M27: 33980970 | N27: 26799271 | O27: 214907.47 | P27: 258200 | Q27: 265988 | R27: 188041 | S27: 45496.27 | T27: 4963.52 | U27: 2770.77 | V27: 5823.97 | W27: 13129.16 | X27: 20507.81 | Y27: 7600.12 | Z27: 0 | AA27: 3.5962087e+08 | AB27: 436614670 | AC27: 558457863 | AD27: 445259379 | AE27: 1.1027744e+08 | AF27: 47256144 | AG27: 49029541 | AH27: 46903509 | AI27: 47439959 | AJ27: 62803899 | AK27: 33988570 | AL27: 26799271
B28: Acima de 7 Até 8 | C28: 1.4232265e+08 | D28: 185304697 | E28: 110009205 | F28: 28148516 | G28: 17991508 | H28: 14264266 | I28: 13739372 | J28: 5311180.9 | K28: 5229743.1 | L28: 5060286.1 | M28: 7460444.7 | N28: 9375948.9 | O28: 28512.95 | P28: 48713 | Q28: 45904 | R28: 4251 | S28: 2554.54 | T28: 0 | U28: 0 | V28: 0 | W28: 0 | X28: 0 | Y28: 0 | Z28: 0 | AA28: 1.4235116e+08 | AB28: 185353410 | AC28: 110055109 | AD28: 28152767 | AE28: 17994063 | AF28: 14264266 | AG28: 13739372 | AH28: 5311180.9 | AI28: 5229743.1 | AJ28: 5060286.1 | AK28: 7460444.7 | AL28: 9375948.9
B29: Acima de 8 Até 9 | C29: 11318737 | D29: 13012991 | E29: 18668318 | F29: 9975972 | G29: 4561867.9 | H29: 4449983.3 | I29: 6699712.1 | J29: 8455292.1 | K29: 8910643.6 | L29: 7808115.3 | M29: 8841173.5 | N29: 7095274.1 | O29: 0 | P29: 0 | Q29: 0 | R29: 2433 | S29: 0 | T29: 0 | U29: 0 | V29: 0 | W29: 0 | X29: 0 | Y29: 0 | Z29: 0 | AA29: 11318737 | AB29: 13012991 | AC29: 18668318 | AD29: 9978405 | AE29: 4561867.9 | AF29: 4449983.3 | AG29: 6699712.1 | AH29: 8455292.1 | AI29: 8910643.6 | AJ29: 7808115.3 | AK29: 8841173.5 | AL29: 7095274.1
B30: Acima de 9 Até 10 | C30: 5878397 | D30: 6535523 | E30: 8320927 | F30: 5504172 | G30: 4124210.4 | H30: 6999583.1 | I30: 5337587.4 | J30: 2959326.1 | K30: 3312175.6 | L30: 5857022.4 | M30: 1659629.1 | N30: 1582914.8 | O30: 0 | P30: 0 | Q30: 0 | R30: 0 | S30: 0 | T30: 0 | U30: 0 | V30: 0 | W30: 0 | X30: 0 | Y30: 0 | Z30: 0 | AA30: 5878397 | AB30: 6535523 | AC30: 8320927 | AD30: 5504172 | AE30: 4124210.4 | AF30: 6999583.1 | AG30: 5337587.4 | AH30: 2959326.1 | AI30: 3312175.6 | AJ30: 5857022.4 | AK30: 1659629.1 | AL30: 1582914.8
B31: Acima de 10 Até 20 | C31: 19111579 | D31: 19569021 | E31: 19577525 | F31: 16189802 | G31: 16446376 | H31: 11632472 | I31: 10971555 | J31: 11085875 | K31: 11303547 | L31: 11470953 | M31: 11573323 | N31: 11677441 | O31: 0 | P31: 0 | Q31: 0 | R31: 0 | S31: 0 | T31: 0 | U31: 0 | V31: 0 | W31: 0 | X31: 0 | Y31: 0 | Z31: 0 | AA31: 19111579 | AB31: 19569021 | AC31: 19577525 | AD31: 16189802 | AE31: 16446376 | AF31: 11632472 | AG31: 10971555 | AH31: 11085875 | AI31: 11303547 | AJ31: 11470953 | AK31: 11573323 | AL31: 11677441
... B33: Acima de 50 | C33: 1359323.5 | D33: 1572147 | E33: 1648781 | F33: 2398987 | G33: 1336364.5 | H33: 1131702.3 | I33: 999736.77 | J33: 951944.6 | K33: 832538.56 | L33: 0 | M33: 0 | N33: 0 | O33: 0 | P33: 0 | Q33: 0 | R33: 0 | S33: 0 | T33: 0 | U33: 0 | V33: 0 | W33: 0 | X33: 0 | Y33: 0 | Z33: 0 | AA33: 1359323.5 | AB33: 1572147 | AC33: 1648781 | AD33: 2398987 | AE33: 1336364.5 | AF33: 1131702.3 | AG33: 999736.77 | AH33: 951944.6 | AI33: 832538.56 | AJ33: 0 | AK33: 0 | AL33: 0
A34: Idade | B34: Total | C34: 5.2121408e+08 | D34: 670182232 | E34: 784489190 | F34: 915543381 | G34: 1.0597645e+09 | H34: 1.1910263e+09 | I34: 1.3676832e+09 | J34: 1.6020418e+09 | K34: 1.8404138e+09 | L34: 2.0789874e+09 | M34: 2.4411561e+09 | N34: 2.8171793e+09 | O34: 8.6169337e+08 | P34: 1061837271 | Q34: 1180116751 | R34: 1399493466 | S34: 1.6823944e+09 | T34: 1.8849544e+09 | U34: 2.1319152e+09 | V34: 2.4779125e+09 | W34: 2.8071468e+09 | X34: 3.0853339e+09 | Y34: 3.6249139e+09 | Z34: 4.0669333e+09 | AA34: 1.3829075e+09 | AB34: 1732019503 | AC34: 1964605941 | AD34: 2315036847 | AE34: 2.7421589e+09 | AF34: 3.0759807e+09 | AG34: 3.4995984e+09 | AH34: 4.0799543e+09 | AI34: 4.6475606e+09 | AJ34: 5.1643213e+09 | AK34: 6.0660701e+09 | AL34: 6.8841126e+09
B35: Abaixo de 1 | C35: 199604.43 | D35: 261475 | E35: 309326 | F35: 378716 | G35: 502843.14 | H35: 611263.89 | I35: 686427.66 | J35: 953347.73 | K35: 1111899 | L35: 1238358 | M35: 1524539.3 | N35: 1866125.9 | O35: 113388.78 | P35: 148380 | Q35: 175768 | R35: 224413 | S35: 286029.8 | T35: 372767.13 | U35: 355563.5 | V35: 537759.17 | W35: 630177.13 | X35: 705250.16 | Y35: 834244.95 | Z35: 918758.32 | AA35: 312993.21 | AB35: 409855 | AC35: 485094 | AD35: 603129 | AE35: 788872.94 | AF35: 984031.02 | AG35: 1041991.2 | AH35: 1491106.9 | AI35: 1742076.1 | AJ35: 1943608.2 | AK35: 2358784.3 | AL35: 2784884.2
B36: Igual a 1 | C36: 184046600 | D36: 234001920 | E36: 286461760 | F36: 363128100 | G36: 466400550 | H36: 545813760 | I36: 641780485 | J36: 787144560 | K36: 910759530 | L36: 1020081950 | M36: 1277269536 | N36: 1494635406 | O36: 852464400 | P36: 1050286080 | Q36: 1168389560 | R36: 1387107600 | S36: 1669775800 | T36: 1871686960 | U36: 2117811400 | V36: 2462831115 | W36: 2790232440 | X36: 3066522070 | Y36: 3605084632 | Z36: 4045184622 | AA36: 1036511000 | AB36: 1284288000 | AC36: 1454851320 | AD36: 1750235700 | AE36: 2136176350 | AF36: 2417500720 | AG36: 2759591885 | AH36: 3249975675 | AI36: 3700991970 | AJ36: 4086604020 | AK36: 4882354168 | AL36: 5539820028
B37: Acima de 1 Até 2 | C37: 1.1602141e+08 | D37: 149794159 | E37: 168793404 | F37: 199438748 | G37: 2.3340024e+08 | H37: 2.587552e+08 | I37: 2.9473781e+08 | J37: 3.4111672e+08 | K37: 3.9081596e+08 | L37: 4.4082312e+08 | M37: 5.0784025e+08 | N37: 5.8167634e+08 | O37: 4328670.6 | P37: 5629931 | Q37: 5472052 | R37: 6058559 | S37: 6695828.8 | T37: 7338877.4 | U37: 8193519.3 | V37: 9136713.5 | W37: 10446638 | X37: 12015630 | Y37: 13518198 | Z37: 15595907 | AA37: 1.2035008e+08 | AB37: 155424090 | AC37: 174265456 | AD37: 205497307 | AE37: 2.4009607e+08 | AF37: 2.6609408e+08 | AG37: 3.0293133e+08 | AH37: 3.5025344e+08 | AI37: 4.012626e+08 | AJ37: 4.5283875e+08 | AK37: 5.2135845e+08 | AL37: 5.9727224e+08
B38: Acima de 2 Até 3 | C38: 80523056 | D38: 103866452 | E38: 120526565 | F38: 134775624 | G38: 1.4604104e+08 | H38: 1.5828625e+08 | I38: 1.7731483e+08 | J38: 1.9772573e+08 | K38: 2.2359193e+08 | L38: 2.5125625e+08 | M38: 2.7528244e+08 | N38: 3.0983296e+08 | O38: 1885086 | P38: 2330289 | Q38: 2579495 | R38: 2769540 | S38: 2771492.1 | T38: 2885756.8 | U38: 3038252.8 | V38: 3078174.7 | W38: 3276136 | X38: 3521505.3 | Y38: 3296242.4 | Z38: 3252619.4 | AA38: 82408142 | AB38: 106196741 | AC38: 123106060 | AD38: 137545164 | AE38: 1.4881253e+08 | AF38: 1.61172e+08 | AG38: 1.8035308e+08 | AH38: 2.008039e+08 | AI38: 2.2686807e+08 | AJ38: 2.5477776e+08 | AK38: 2.7857868e+08 | AL38: 3.1308558e+08
B39: Acima de 3 Até 4 | C39: 51249828 | D39: 65867283 | E39: 75814692 | F39: 83290999 | G39: 87192283 | H39: 94801192 | I39: 1.0615499e+08 | J39: 1.1816422e+08 | K39: 1.346876e+08 | L39: 1.5323318e+08 | M39: 1.710686e+08 | N39: 1.9624422e+08 | O39: 1189733.5 | P39: 1408441 | Q39: 1504044 | R39: 1506003 | S39: 1380009.1 | T39: 1268092.9 | U39: 1189719.8 | V39: 1097471.4 | W39: 1183128.1 | X39: 1168175 | Y39: 1321291.1 | Z39: 1220073.6 | AA39: 52439562 | AB39: 67275724 | AC39: 77318736 | AD39: 84797002 | AE39: 88572292 | AF39: 96069285 | AG39: 1.0734471e+08 | AH39: 1.1926169e+08 | AI39: 1.3587073e+08 | AJ39: 1.5440136e+08 | AK39: 1.723899e+08 | AL39: 1.9746429e+08
B40: Acima de 4 Até 5 | C40: 34566869 | D40: 44154082 | E40: 50599250 | F40: 53823797 | G40: 56600826 | H40: 61772381 | I40: 70236045 | J40: 85551633 | K40: 98571565 | L40: 1.1164625e+08 | M40: 1.2707074e+08 | N40: 1.4754882e+08 | O40: 692645.83 | P40: 819651 | Q40: 806367 | R40: 743879 | S40: 729984.69 | T40: 854241.79 | U40: 862695.04 | V40: 1053675.6 | W40: 1202208.7 | X40: 1177414.5 | Y40: 765661.7 | Z40: 688610.23 | AA40: 35259515 | AB40: 44973733 | AC40: 51405617 | AD40: 54567676 | AE40: 57330811 | AF40: 62626622 | AG40: 71098740 | AH40: 86605308 | AI40: 99773774 | AJ40: 1.1282367e+08 | AK40: 1.278364e+08 | AL40: 1.4823743e+08
B41: Acima de 5 Até 6 | C41: 25611030 | D41: 32391010 | E41: 35273239 | F41: 39050299 | G41: 45339608 | H41: 51579693 | I41: 54420936 | J41: 52093819 | K41: 60455836 | L41: 73377752 | M41: 63768444 | N41: 73774991 | O41: 624731.14 | P41: 723482 | Q41: 639488 | R41: 690176 | S41: 661350.76 | T41: 504435.54 | U41: 428898.93 | V41: 153639.18 | W41: 162405.61 | X41: 202976.07 | Y41: 82243.97 | Z41: 68616.64 | AA41: 26235762 | AB41: 33114492 | AC41: 35912727 | AD41: 39740475 | AE41: 46000958 | AF41: 52084128 | AG41: 54849835 | AH41: 52247458 | AI41: 60618241 | AJ41: 73580728 | AK41: 63850688 | AL41: 73843608
B42: Acima de 6 Até 7 | C42: 16627110 | D42: 21624834 | E42: 29727629 | F42: 33783256 | G42: 20541407 | H42: 14444362 | I42: 16099138 | J42: 19106871 | K42: 20240064 | L42: 27134173 | M42: 17188872 | N42: 11481972 | O42: 276968.7 | P42: 337403 | Q42: 470425 | R42: 365687 | S42: 83380.41 | T42: 31741.91 | U42: 31866.34 | V42: 20252.16 | W42: 9649.67 | X42: 20883.82 | Y42: 11417.06 | Z42: 4118.12 | AA42: 16904079 | AB42: 21962237 | AC42: 30198054 | AD42: 34148943 | AE42: 20624787 | AF42: 14476104 | AG42: 16131004 | AH42: 19127123 | AI42: 20249713 | AJ42: 27155056 | AK42: 17200289 | AL42: 11486090
B43: Acima de 7 Até 8 | C43: 11697858 | D43: 17525655 | E43: 14421746 | F43: 6134181 | G43: 3199181.8 | H43: 4826227.9 | I43: 6155109.1 | J43: 79325.96 | K43: 75944.25 | L43: 84449.15 | M43: 94739.94 | N43: 72126.59 | O43: 112231.46 | P43: 147003 | Q43: 72550 | R43: 22548 | S43: 10555.82 | T43: 8499.35 | U43: 3286.8 | V43: 3682.8 | W43: 4039.2 | X43: 0 | Y43: 0 | Z43: 0 | AA43: 11810089 | AB43: 17672658 | AC43: 14494296 | AD43: 6156729 | AE43: 3209737.6 | AF43: 4834727.2 | AG43: 6158395.9 | AH43: 83008.76 | AI43: 79983.45 | AJ43: 84449.15 | AK43: 94739.94 | AL43: 72126.59
B44: Acima de 8 Até 9 | C44: 305635.31 | D44: 336749 | E44: 1874111 | F44: 1601921 | G44: 459237.72 | H44: 80215.3 | I44: 67565.49 | J44: 65475.26 | K44: 71618.19 | L44: 82512.54 | M44: 15676.77 | N44: 11363.5 | O44: 1673.26 | P44: 2003 | Q44: 4397 | R44: 5061 | S44: 0 | T44: 3059 | U44: 0 | V44: 0 | W44: 0 | X44: 0 | Y44: 0 | Z44: 0 | AA44: 307308.57 | AB44: 338752 | AC44: 1878508 | AD44: 1606982 | AE44: 459237.72 | AF44: 83274.3 | AG44: 67565.49 | AH44: 65475.26 | AI44: 71618.19 | AJ44: 82512.54 | AK44: 15676.77 | AL44: 11363.5
B45: Acima de 9 Até 10 | C45: 227165.41 | D45: 232082 | E45: 595716 | F45: 101984 | G45: 63848.26 | H45: 38710.03 | I45: 15711.34 | J45: 13233.9 | K45: 14537.46 | L45: 10675.99 | M45: 11905.24 | N45: 12918.31 | O45: 1840.43 | P45: 2203 | Q45: 0 | R45: 0 | S45: 0 | T45: 0 | U45: 0 | V45: 0 | W45: 0 | X45: 0 | Y45: 0 | Z45: 0 | AA45: 229005.84 | AB45: 234285 | AC45: 595716 | AD45: 101984 | AE45: 63848.26 | AF45: 38710.03 | AG45: 15711.34 | AH45: 13233.9 | AI45: 14537.46 | AJ45: 10675.99 | AK45: 11905.24 | AL45: 12918.31
B46: Acima de 10 Até 20 | C46: 137918.52 | D46: 126531 | E46: 91752 | F46: 27756 | G46: 23390.4 | H46: 17016.36 | I46: 14140.24 | J46: 15412.85 | K46: 5380.31 | L46: 5849.14 | M46: 6372.84 | N46: 6882.67 | O46: 2004 | P46: 2405 | Q46: 2605 | R46: 0 | S46: 0 | T46: 0 | U46: 0 | V46: 0 | W46: 0 | X46: 0 | Y46: 0 | Z46: 0 | AA46: 139922.52 | AB46: 128936 | AC46: 94357 | AD46: 27756 | AE46: 23390.4 | AF46: 17016.36 | AG46: 14140.24 | AH46: 15412.85 | AI46: 5380.31 | AJ46: 5849.14 | AK46: 6372.84 | AL46: 6882.67
B47: Acima de 20 Até 50 | C47: 0 | D47: 0 | E47: 0 | F47: 8000 | G47: 0 | H47: 0 | I47: 0 | J47: 11470.24 | K47: 11916.9 | L47: 12853.99 | M47: 14024.38 | N47: 15146.32 | O47: 0 | P47: 0 | Q47: 0 | R47: 0 | S47: 0 | T47: 0 | U47: 0 | V47: 0 | W47: 0 | X47: 0 | Y47: 0 | Z47: 0 | AA47: 0 | AB47: 0 | AC47: 0 | AD47: 8000 | AE47: 0 | AF47: 0 | AG47: 0 | AH47: 11470.24 | AI47: 11916.9 | AJ47: 12853.99 | AK47: 14024.38 | AL47: 15146.32
A48: Invalidez | B48: Total | C48: 5.8645185e+08 | D48: 760237034 | E48: 898534765 | F48: 1103148325 | G48: 1.274288e+09 | H48: 1.3787096e+09 | I48: 1.5574709e+09 | J48: 1.7630269e+09 | K48: 1.9834878e+09 | L48: 2.1892864e+09 | M48: 2.4630797e+09 | N48: 2.7498665e+09 | O48: 85364691 | P48: 104052138 | Q48: 114000776 | R48: 134693213 | S48: 1.5616466e+08 | T48: 1.6617633e+08 | U48: 1.8152362e+08 | V48: 2.0302488e+08 | W48: 2.2354524e+08 | X48: 2.3993071e+08 | Y48: 2.7521083e+08 | Z48: 3.0339549e+08 | AA48: 6.7181654e+08 | AB48: 864289172 | AC48: 1012535541 | AD48: 1237841538 | AE48: 1.4304527e+09 | AF48: 1.5448859e+09 | AG48: 1.7389945e+09 | AH48: 1.9660518e+09 | AI48: 2.207033e+09 | AJ48: 2.4292171e+09 | AK48: 2.7382905e+09 | AL48: 3.053262e+09
B49: Abaixo de 1 | C49: 2094273.1 | D49: 2610494 | E49: 2971475 | F49: 3716456 | G49: 4745146.8 | H49: 5567446.4 | I49: 6141853.5 | J49: 7705077.2 | K49: 8782009 | L49: 9658865.3 | M49: 11295957 | N49: 12489051 | O49: 83309.01 | P49: 106042 | Q49: 120667 | R49: 152272 | S49: 177941.14 | T49: 222463.49 | U49: 199662.25 | V49: 275898.37 | W49: 306391.84 | X49: 323521.85 | Y49: 372245.43 | Z49: 396500.64 | AA49: 2177582.1 | AB49: 2716536 | AC49: 3092142 | AD49: 3868728 | AE49: 4923088 | AF49: 5789909.9 | AG49: 6341515.8 | AH49: 7980975.6 | AI49: 9088400.8 | AJ49: 9982387.2 | AK49: 11668203 | AL49: 12885552
B50: Igual a 1 | C50: 250099200 | D50: 292512000 | E50: 319298980 | F50: 390732300 | G50: 475739950 | H50: 526185240 | I50: 584792270 | J50: 670209615 | K50: 729542250 | L50: 774078215 | M50: 927584246 | N50: 1008330414 | O50: 79464200 | P50: 95802000 | Q50: 104860600 | R50: 125142300 | S50: 147193550 | T50: 157507720 | U50: 173012255 | V50: 194677830 | W50: 214813530 | X50: 230798235 | Y50: 266472886 | Z50: 294370650 | AA50: 329563400 | AB50: 388314000 | AC50: 424159580 | AD50: 515874600 | AE50: 622933500 | AF50: 683692960 | AG50: 757804525 | AH50: 864887445 | AI50: 944355780 | AJ50: 1004876450 | AK50: 1194057132 | AL50: 1302701064
B51: Acima de 1 Até 2 | C51: 95182426 | D51: 129914291 | E51: 153129971 | F51: 189696720 | G51: 2.3124575e+08 | H51: 2.5265426e+08 | I51: 2.9571561e+08 | J51: 3.4893968e+08 | K51: 4.1173246e+08 | L51: 4.6534198e+08 | M51: 5.3660737e+08 | N51: 6.1859486e+08 | O51: 3609315.2 | P51: 4983801 | Q51: 5558002 | R51: 6026421 | S51: 5976772.7 | T51: 5921637.9 | U51: 5955528.1 | V51: 5921234.9 | W51: 6150735.1 | X51: 6399424.7 | Y51: 6252870.8 | Z51: 6525719.3 | AA51: 98791741 | AB51: 134898092 | AC51: 158687973 | AD51: 195723141 | AE51: 2.3722252e+08 | AF51: 2.585759e+08 | AG51: 3.0167113e+08 | AH51: 3.5486092e+08 | AI51: 4.1788319e+08 | AJ51: 4.717414e+08 | AK51: 5.4286025e+08 | AL51: 6.2512058e+08
B52: Acima de 2 Até 3 | C52: 66534002 | D52: 89957022 | E52: 111735433 | F52: 141412062 | G52: 1.652987e+08 | H52: 1.8201009e+08 | I52: 2.1182143e+08 | J52: 2.4635211e+08 | K52: 2.8320671e+08 | L52: 3.2036359e+08 | M52: 3.6474258e+08 | N52: 4.1902691e+08 | O52: 1297355.2 | P52: 1865950 | Q52: 2051517 | R52: 2067122 | S52: 1786081.7 | T52: 1609960.5 | U52: 1517757.9 | V52: 1387300.2 | W52: 1448663.1 | X52: 1487146 | Y52: 1334316.1 | Z52: 1331170 | AA52: 67831357 | AB52: 91822972 | AC52: 113786950 | AD52: 143479184 | AE52: 1.6708478e+08 | AF52: 1.8362005e+08 | AG52: 2.1333919e+08 | AH52: 2.4773941e+08 | AI52: 2.8465537e+08 | AJ52: 3.2185073e+08 | AK52: 3.660769e+08 | AL52: 4.2035808e+08
B53: Acima de 3 Até 4 | C53: 48344451 | D53: 65687309 | E53: 82387609 | F53: 106639619 | G53: 1.2781905e+08 | H53: 1.401636e+08 | I53: 1.6203926e+08 | J53: 1.8369332e+08 | K53: 2.1004876e+08 | L53: 2.3675298e+08 | M53: 2.6087744e+08 | N53: 3.0127556e+08 | O53: 434015 | P53: 657212 | Q53: 742435 | R53: 698639 | S53: 574181.65 | T53: 538712.89 | U53: 515527.45 | V53: 485477.01 | W53: 496806.88 | X53: 523766.7 | Y53: 496703.54 | Z53: 522748.78 | AA53: 48778466 | AB53: 66344521 | AC53: 83130044 | AD53: 107338258 | AE53: 1.2839323e+08 | AF53: 1.4070231e+08 | AG53: 1.6255479e+08 | AH53: 1.8417879e+08 | AI53: 2.1054556e+08 | AJ53: 2.3727674e+08 | AK53: 2.6137415e+08 | AL53: 3.0179831e+08
B54: Acima de 4 Até 5 | C54: 39634615 | D54: 54409769 | E54: 68312982 | F54: 85388351 | G54: 95934207 | H54: 1.1006196e+08 | I54: 1.3312262e+08 | J54: 1.6145421e+08 | K54: 1.8341843e+08 | L54: 2.0007576e+08 | M54: 2.3281773e+08 | N54: 2.7182253e+08 | O54: 226625.65 | P54: 297660 | Q54: 323594 | R54: 325953 | S54: 282429.3 | T54: 265266.78 | U54: 241205.76 | V54: 244841.84 | W54: 263306.25 | X54: 290151.24 | Y54: 220196.62 | Z54: 203197.72 | AA54: 39861240 | AB54: 54707429 | AC54: 68636576 | AD54: 85714304 | AE54: 96216636 | AF54: 1.1032723e+08 | AG54: 1.3336383e+08 | AH54: 1.6169906e+08 | AI54: 1.8368173e+08 | AJ54: 2.0036592e+08 | AK54: 2.3303793e+08 | AL54: 2.7202573e+08
B55: Acima de 5 Até 6 | C55: 31759289 | D55: 44126005 | E55: 53808385 | F55: 79021608 | G55: 1.0030086e+08 | H55: 1.2122218e+08 | I55: 1.2597598e+08 | J55: 1.2707804e+08 | K55: 1.4214546e+08 | L55: 1.6508454e+08 | M55: 1.1916794e+08 | N55: 1.1184799e+08 | O55: 112371.96 | P55: 169839 | Q55: 188581 | R55: 195640 | S55: 145545.79 | T55: 108212.58 | U55: 81686.33 | V55: 32300.5 | W55: 42989.88 | X55: 70205.84 | Y55: 50305.87 | Z55: 45500.18 | AA55: 31871661 | AB55: 44295844 | AC55: 53996966 | AD55: 79217248 | AE55: 1.004464e+08 | AF55: 1.2133039e+08 | AG55: 1.2605767e+08 | AH55: 1.2711034e+08 | AI55: 1.4218845e+08 | AJ55: 1.6515474e+08 | AK55: 1.1921825e+08 | AL55: 1.1189349e+08
B56: Acima de 6 Até 7 | C56: 32937593 | D56: 45212344 | E56: 61002691 | F56: 80862592 | G56: 68014835 | H56: 37351548 | I56: 33799968 | J56: 16980572 | K56: 14049745 | L56: 17373452 | M56: 9504820.7 | N56: 6026236.9 | O56: 107791.44 | P56: 133890 | Q56: 122675 | R56: 80552 | S56: 28153.37 | T56: 2355.75 | U56: 0 | V56: 0 | W56: 22821.66 | X56: 38260.74 | Y56: 11307.32 | Z56: 0 | AA56: 33045384 | AB56: 45346234 | AC56: 61125366 | AD56: 80943144 | AE56: 68042989 | AF56: 37353904 | AG56: 33799968 | AH56: 16980572 | AI56: 14072567 | AJ56: 17411713 | AK56: 9516128 | AL56: 6026236.9
B57: Acima de 7 Até 8 | C57: 18523812 | D57: 34420772 | E57: 40789591 | F57: 23787680 | G57: 4173449.9 | H57: 2967841.4 | I57: 3602862.1 | J57: 227437.7 | K57: 189855.62 | L57: 157002.63 | M57: 168615.01 | N57: 209514.41 | O57: 29708.01 | P57: 35744 | Q57: 32705 | R57: 4314 | S57: 0 | T57: 0 | U57: 0 | V57: 0 | W57: 0 | X57: 0 | Y57: 0 | Z57: 0 | AA57: 18553520 | AB57: 34456516 | AC57: 40822296 | AD57: 23791994 | AE57: 4173449.9 | AF57: 2967841.4 | AG57: 3602862.1 | AH57: 227437.7 | AI57: 189855.62 | AJ57: 157002.63 | AK57: 168615.01 | AL57: 209514.41
B58: Acima de 8 Até 9 | C58: 502001.9 | D58: 515897 | E58: 4089180 | F58: 1307148 | G58: 614351.36 | H58: 179499.73 | I58: 217480.69 | J58: 175176.66 | K58: 162999.92 | L58: 174533.76 | M58: 118285.32 | N58: 80259.3 | O58: 0 | P58: 0 | Q58: 0 | R58: 0 | S58: 0 | T58: 0 | U58: 0 | V58: 0 | W58: 0 | X58: 0 | Y58: 0 | Z58: 0 | AA58: 502001.9 | AB58: 515897 | AC58: 4089180 | AD58: 1307148 | AE58: 614351.36 | AF58: 179499.73 | AG58: 217480.69 | AH58: 175176.66 | AI58: 162999.92 | AJ58: 174533.76 | AK58: 118285.32 | AL58: 80259.3
B59: Acima de 9 Até 10 | C59: 275758.81 | D59: 304325 | E59: 483149 | F59: 228494 | G59: 133390.01 | H59: 147019.3 | I59: 66708 | J59: 47943.31 | K59: 53394.34 | L59: 61856.09 | M59: 41137.49 | N59: 26092.1 | O59: 0 | P59: 0 | Q59: 0 | R59: 0 | S59: 0 | T59: 0 | U59: 0 | V59: 0 | W59: 0 | X59: 0 | Y59: 0 | Z59: 0 | AA59: 275758.81 | AB59: 304325 | AC59: 483149 | AD59: 228494 | AE59: 133390.01 | AF59: 147019.3 | AG59: 66708 | AH59: 47943.31 | AI59: 53394.34 | AJ59: 61856.09 | AK59: 41137.49 | AL59: 26092.1
B60: Acima de 10 Até 20 | C60: 462999.03 | D60: 480211 | E60: 437451 | F60: 299038 | G60: 227774.93 | H60: 157195.35 | I60: 147678.03 | J60: 143596.64 | K60: 144953.57 | L60: 152118.79 | M60: 153549.41 | N60: 137072.78 | O60: 0 | P60: 0 | Q60: 0 | R60: 0 | S60: 0 | T60: 0 | U60: 0 | V60: 0 | W60: 0 | X60: 0 | Y60: 0 | Z60: 0 | AA60: 462999.03 | AB60: 480211 | AC60: 437451 | AD60: 299038 | AE60: 227774.93 | AF60: 157195.35 | AG60: 147678.03 | AH60: 143596.64 | AI60: 144953.57 | AJ60: 152118.79 | AK60: 153549.41 | AL60: 137072.78
B61: Acima de 20 Até 50 | C61: 101429.82 | D61: 86595 | E61: 87868 | F61: 56257 | G61: 40588.31 | H61: 41687.49 | I61: 27177.02 | J61: 20131.43 | K61: 10772.48 | L61: 11469.45 | M61: 0 | N61: 0 | O61: 0 | P61: 0 | Q61: 0 | R61: 0 | S61: 0 | T61: 0 | U61: 0 | V61: 0 | W61: 0 | X61: 0 | Y61: 0 | Z61: 0 | AA61: 101429.82 | AB61: 86595 | AC61: 87868 | AD61: 56257 | AE61: 40588.31 | AF61: 41687.49 | AG61: 27177.02 | AH61: 20131.43 | AI61: 10772.48 | AJ61: 11469.45 | AK61: 0 | AL61: 0
A62: Pensões por Morte | B62: Total | C62: 1.2784809e+09 | D62: 1584736030 | E62: 1804121342 | F62: 2040327963 | G62: 2.3160292e+09 | H62: 2.547986e+09 | I62: 2.8354542e+09 | J62: 3.2021221e+09 | K62: 3.6156758e+09 | L62: 4.0092863e+09 | M62: 4.5300174e+09 | N62: 5.0666393e+09 | O62: 3.4201887e+08 | P62: 421615138 | Q62: 469287704 | R62: 554490998 | S62: 6.6105368e+08 | T62: 7.3721613e+08 | U62: 8.2888709e+08 | V62: 9.5350901e+08 | W62: 1.0715772e+09 | X62: 1.1714204e+09 | Y62: 1.3669931e+09 | Z62: 1.5247421e+09 | AA62: 1.6204998e+09 | AB62: 2006351168 | AC62: 2273409046 | AD62: 2594818961 | AE62: 2.9770829e+09 | AF62: 3.2852021e+09 | AG62: 3.6643413e+09 | AH62: 4.1556311e+09 | AI62: 4.687253e+09 | AJ62: 5.1807066e+09 | AK62: 5.8970105e+09 | AL62: 6.5913814e+09
B63: Abaixo de 1 | C63: 13453291 | D63: 16133656 | E63: 18535017 | F63: 22826163 | G63: 29270637 | H63: 34188631 | I63: 39980791 | J63: 48256920 | K63: 55573467 | L63: 62136064 | M63: 77129241 | N63: 89048568 | O63: 1342353.8 | P63: 1804460 | Q63: 2205717 | R63: 2810249 | S63: 3667639.2 | T63: 4407982.4 | U63: 5239204.5 | V63: 6477056.8 | W63: 7722381.5 | X63: 8874869.5 | Y63: 10907587 | Z63: 12840759 | AA63: 14795645 | AB63: 17938116 | AC63: 20740734 | AD63: 25636412 | AE63: 32938276 | AF63: 38596613 | AG63: 45219996 | AH63: 54733977 | AI63: 63295848 | AJ63: 71010934 | AK63: 88036828 | AL63: 1.0188933e+08
B64: Igual a 1 | C64: 396652400 | D64: 472453680 | E64: 517466300 | F64: 624232500 | G64: 757211000 | H64: 850370080 | I64: 949258550 | J64: 1095692520 | K64: 1201301430 | L64: 1283396520 | M64: 1546745438 | N64: 1700094492 | O64: 331094600 | P64: 407142960 | Q64: 453271520 | R64: 537921300 | S64: 643730150 | T64: 718936440 | U64: 808905550 | V64: 931557750 | W64: 1046205840 | X64: 1143184370 | Y64: 1337141390 | Z64: 1491189132 | AA64: 727747000 | AB64: 879596640 | AC64: 970737820 | AD64: 1162153800 | AE64: 1400941150 | AF64: 1569306520 | AG64: 1758164100 | AH64: 2027250270 | AI64: 2247507270 | AJ64: 2426580890 | AK64: 2883886828 | AL64: 3191283624
B65: Acima de 1 Até 2 | C65: 1.9544058e+08 | D65: 248359006 | E65: 287713616 | F65: 336350208 | G65: 4.1174047e+08 | H65: 4.6393126e+08 | I65: 5.3397188e+08 | J65: 6.2722371e+08 | K65: 7.3814341e+08 | L65: 8.3189168e+08 | M65: 9.7090015e+08 | N65: 1.1214348e+09 | O65: 5339372.1 | P65: 7266654 | Q65: 7958075 | R65: 7883928 | S65: 8196726.6 | T65: 8418011.8 | U65: 9156898.1 | V65: 9901378 | W65: 11476580 | X65: 12661959 | Y65: 12611515 | Z65: 14208293 | AA65: 2.0077995e+08 | AB65: 255625660 | AC65: 295671691 | AD65: 344234136 | AE65: 4.1993719e+08 | AF65: 4.7234927e+08 | AG65: 5.4312878e+08 | AH65: 6.3712508e+08 | AI65: 7.4961999e+08 | AJ65: 8.4455364e+08 | AK65: 9.8351166e+08 | AL65: 1.1356431e+09
B66: Acima de 2 Até 3 | C66: 1.6959109e+08 | D66: 211624904 | E66: 250286455 | F66: 289141551 | G66: 3.4220794e+08 | H66: 3.8605515e+08 | I66: 4.3984402e+08 | J66: 5.0988049e+08 | K66: 5.8557133e+08 | L66: 6.6008569e+08 | M66: 7.7359722e+08 | N66: 8.887191e+08 | O66: 2105718 | P66: 2689958 | Q66: 2973529 | R66: 3096749 | S66: 3042736.8 | T66: 3138368.6 | U66: 3253468.6 | V66: 3321509.3 | W66: 3612395.6 | X66: 3920992.8 | Y66: 3886342.3 | Z66: 4027749.6 | AA66: 1.7169681e+08 | AB66: 214314862 | AC66: 253259984 | AD66: 292238300 | AE66: 3.4525068e+08 | AF66: 3.8919352e+08 | AG66: 4.4309748e+08 | AH66: 5.13202e+08 | AI66: 5.8918372e+08 | AJ66: 6.6400669e+08 | AK66: 7.7748356e+08 | AL66: 8.9274684e+08
B67: Acima de 3 Até 4 | C67: 1.4298701e+08 | D67: 180855213 | E67: 213541163 | F67: 242629121 | G67: 2.848117e+08 | H67: 3.1854041e+08 | I67: 3.5766059e+08 | J67: 4.102407e+08 | K67: 4.7124197e+08 | L67: 5.3409759e+08 | M67: 5.8325924e+08 | N67: 6.6050524e+08 | O67: 1057754.5 | P67: 1352949 | Q67: 1440751 | R67: 1472238 | S67: 1330489.8 | T67: 1282527.4 | U67: 1310836.6 | V67: 1263544.7 | W67: 1450637.2 | X67: 1558812.2 | Y67: 1631976.7 | Z67: 1698801.4 | AA67: 1.4404476e+08 | AB67: 182208162 | AC67: 214981914 | AD67: 244101359 | AE67: 2.8614219e+08 | AF67: 3.1982294e+08 | AG67: 3.5897143e+08 | AH67: 4.1150424e+08 | AI67: 4.7269261e+08 | AJ67: 5.3565641e+08 | AK67: 5.8489122e+08 | AL67: 6.6220404e+08
B68: Acima de 4 Até 5 | C68: 1.2333306e+08 | D68: 152208471 | E68: 176280884 | F68: 199530113 | G68: 2.1584768e+08 | H68: 2.4271345e+08 | I68: 2.7168011e+08 | J68: 3.4039005e+08 | K68: 3.7786795e+08 | L68: 4.0882934e+08 | M68: 4.0527685e+08 | N68: 4.3226225e+08 | O68: 525678.48 | P68: 657088 | Q68: 710080 | R68: 670372 | S68: 621342.98 | T68: 683197.61 | U68: 705815.41 | V68: 841646.65 | W68: 964683.69 | X68: 1038122.9 | Y68: 702619.7 | Z68: 678121.05 | AA68: 1.2385874e+08 | AB68: 152865559 | AC68: 176990964 | AD68: 200200485 | AE68: 2.1646902e+08 | AF68: 2.4339665e+08 | AG68: 2.7238592e+08 | AH68: 3.412317e+08 | AI68: 3.7883264e+08 | AJ68: 4.0986746e+08 | AK68: 4.0597947e+08 | AL68: 4.3294037e+08
B69: Acima de 5 Até 6 | C69: 94503139 | D69: 121736513 | E69: 136757907 | F69: 159697047 | G69: 1.8347542e+08 | H69: 1.8593703e+08 | I69: 1.7568035e+08 | J69: 1.1621391e+08 | K69: 1.3352564e+08 | L69: 1.6924045e+08 | M69: 1.3127544e+08 | N69: 1.3649718e+08 | O69: 283359.83 | P69: 359177 | Q69: 377423 | R69: 432308 | S69: 388265.26 | T69: 302502.58 | U69: 254495.54 | V69: 108355.5 | W69: 106928.62 | X69: 140894.15 | Y69: 82654.57 | Z69: 76165.48 | AA69: 94786499 | AB69: 122095690 | AC69: 137135330 | AD69: 160129355 | AE69: 1.8386368e+08 | AF69: 1.8623953e+08 | AG69: 1.7593484e+08 | AH69: 1.1632227e+08 | AI69: 1.3363257e+08 | AJ69: 1.6938135e+08 | AK69: 1.3135809e+08 | AL69: 1.3657334e+08
B70: Acima de 6 Até 7 | C70: 74624960 | D70: 94140427 | E70: 125174073 | F70: 118167298 | G70: 61022743 | H70: 39022706 | I70: 40988018 | J70: 33907164 | K70: 32652214 | L70: 38528570 | M70: 21832518 | N70: 17237001 | O70: 180892.57 | P70: 241376 | Q70: 289444 | R70: 164804 | S70: 58999.92 | T70: 32470.68 | U70: 45067.37 | V70: 30551.97 | W70: 30024.72 | X70: 31994.87 | Y70: 20016.4 | Z70: 18153.93 | AA70: 74805853 | AB70: 94381803 | AC70: 125463517 | AD70: 118332102 | AE70: 61081743 | AF70: 39055177 | AG70: 41033085 | AH70: 33937716 | AI70: 32682239 | AJ70: 38560565 | AK70: 21852535 | AL70: 17255155
B71: Acima de 7 Até 8 | C71: 43329746 | D71: 59008096 | E71: 43768072 | F71: 22167931 | G71: 11572333 | H71: 9462191.8 | I71: 9409256 | J71: 4056665 | K71: 3623778.6 | L71: 3702855.6 | M71: 3252519.2 | N71: 3341795.6 | O71: 68854.79 | P71: 82296 | Q71: 40328 | R71: 22644 | S71: 8073.95 | T71: 11348.71 | U71: 12304.71 | V71: 7213.03 | W71: 7717.86 | X71: 8338.3 | Y71: 8961.48 | Z71: 4880.85 | AA71: 43398601 | AB71: 59090392 | AC71: 43808400 | AD71: 22190575 | AE71: 11580407 | AF71: 9473540.5 | AG71: 9421560.8 | AH71: 4063878.1 | AI71: 3631496.5 | AJ71: 3711193.9 | AK71: 3261480.6 | AL71: 3346676.4
B72: Acima de 8 Até 9 | C72: 6300562.2 | D72: 7631185 | E72: 11967114 | F72: 6720682 | G72: 3862707.4 | H72: 3212732.9 | I72: 2789842.1 | J72: 2539820 | K72: 2335744.2 | L72: 2415523.9 | M72: 2215955.1 | N72: 2337965 | O72: 8513.28 | P72: 10081 | Q72: 15057 | R72: 10259 | S72: 2801.81 | T72: 3283.02 | U72: 3447.17 | V72: 0 | W72: 0 | X72: 0 | Y72: 0 | Z72: 0 | AA72: 6309075.5 | AB72: 7641266 | AC72: 11982171 | AD72: 6730941 | AE72: 3865509.2 | AF72: 3216015.9 | AG72: 2793289.2 | AH72: 2539820 | AI72: 2335744.2 | AJ72: 2415523.9 | AK72: 2215955.1 | AL72: 2337965
B73: Acima de 9 Até 10 | C73: 3553855.7 | D73: 4426591 | E73: 4403427 | F73: 3118016 | G73: 2311805.3 | H73: 2156889.5 | I73: 2009312 | J73: 1677945 | K73: 1639960.7 | L73: 1728852.3 | M73: 1676743.5 | N73: 1771825.2 | O73: 0 | P73: 0 | Q73: 0 | R73: 0 | S73: 6455.4 | T73: 0 | U73: 0 | V73: 0 | W73: 0 | X73: 0 | Y73: 0 | Z73: 0 | AA73: 3553855.7 | AB73: 4426591 | AC73: 4403427 | AD73: 3118016 | AE73: 2318260.7 | AF73: 2156889.5 | AG73: 2009312 | AH73: 1677945 | AI73: 1639960.7 | AJ73: 1728852.3 | AK73: 1676743.5 | AL73: 1771825.2
B74: Acima de 10 Até 20 | C74: 9658388.6 | D74: 10803071 | E74: 12456638 | F74: 9882814 | G74: 8500998.7 | H74: 8306594.9 | I74: 8355570.9 | J74: 8413147.1 | K74: 8695137.6 | L74: 9496345.1 | M74: 9338411.6 | N74: 9839907.4 | O74: 11773.32 | P74: 8139 | Q74: 5780 | R74: 6147 | S74: 0 | T74: 0 | U74: 0 | V74: 0 | W74: 0 | X74: 0 | Y74: 0 | Z74: 0 | AA74: 9670162 | AB74: 10811210 | AC74: 12462418 | AD74: 9888961 | AE74: 8500998.7 | AF74: 8306594.9 | AG74: 8355570.9 | AH74: 8413147.1 | AI74: 8695137.6 | AJ74: 9496345.1 | AK74: 9338411.6 | AL74: 9839907.4
... B76: Acima de 50 | C76: 816940.87 | D76: 1511035 | E76: 1590639 | F76: 1842876 | G76: 1270276.1 | H76: 1073818.6 | I76: 1114672.3 | J76: 923917.58 | K76: 805123.65 | L76: 85279.58 | M76: 90464.57 | N76: 96073.36 | O76: 0 | P76: 0 | Q76: 0 | R76: 0 | S76: 0 | T76: 0 | U76: 0 | V76: 0 | W76: 0 | X76: 0 | Y76: 0 | Z76: 0 | AA76: 816940.87 | AB76: 1511035 | AC76: 1590639 | AD76: 1842876 | AE76: 1270276.1 | AF76: 1073818.6 | AG76: 1114672.3 | AH76: 923917.58 | AI76: 805123.65 | AJ76: 85279.58 | AK76: 90464.57 | AL76: 96073.36
A77: Doença | B77: Total | C77: 3.5571464e+08 | D77: 564775817 | E77: 770553438 | F77: 907097475 | G77: 9.6722261e+08 | H77: 8.5096732e+08 | I77: 8.1511297e+08 | J77: 8.0202591e+08 | K77: 9.6874376e+08 | L77: 1.0424816e+09 | M77: 1.1603872e+09 | N77: 1.355078e+09 | O77: 25471802 | P77: 35407011 | Q77: 42769543 | R77: 47405113 | S77: 48315836 | T77: 47244332 | U77: 49664653 | V77: 55606973 | W77: 70235484 | X77: 78219288 | Y77: 97597822 | Z77: 1.196761e+08 | AA77: 3.8118645e+08 | AB77: 600182828 | AC77: 813322981 | AD77: 954502588 | AE77: 1.0155384e+09 | AF77: 8.9821166e+08 | AG77: 8.6477762e+08 | AH77: 8.5763288e+08 | AI77: 1.0389792e+09 | AJ77: 1.1207009e+09 | AK77: 1.257985e+09 | AL77: 1.4747541e+09
B78: Abaixo de 1 | C78: 205300.86 | D78: 332813 | E78: 489520 | F78: 780035 | G78: 983530.75 | H78: 1195561.3 | I78: 1152153.1 | J78: 1289458.3 | K78: 1492830.5 | L78: 1587908.4 | M78: 1782098.3 | N78: 1938878.5 | O78: 5509.49 | P78: 7387 | Q78: 7750 | R78: 9792 | S78: 10377.44 | T78: 13196.63 | U78: 8932.55 | V78: 11215.22 | W78: 13061.51 | X78: 15110.07 | Y78: 21460.7 | Z78: 23229.62 | AA78: 210810.35 | AB78: 340200 | AC78: 497270 | AD78: 789827 | AE78: 993908.19 | AF78: 1208757.9 | AG78: 1161085.7 | AH78: 1300673.5 | AI78: 1505892.1 | AJ78: 1603018.5 | AK78: 1803559 | AL78: 1962108.1
B79: Igual a 1 | C79: 33654200 | D79: 45276720 | E79: 71196320 | F79: 95695500 | G79: 124601750 | H79: 120590720 | I79: 125487700 | J79: 143992365 | K79: 182649360 | L79: 199260175 | M79: 273667560 | N79: 328250988 | O79: 20807400 | P79: 30606720 | Q79: 38099880 | R79: 44123100 | S79: 46426100 | T79: 46030920 | U79: 48942610 | V79: 55068555 | W79: 69731280 | X79: 77723540 | Y79: 97145826 | Z79: 119199858 | AA79: 54461600 | AB79: 75883440 | AC79: 109296200 | AD79: 139818600 | AE79: 171027850 | AF79: 166621640 | AG79: 174430310 | AH79: 199060920 | AI79: 252380640 | AJ79: 276983715 | AK79: 370813386 | AL79: 447450846
B80: Acima de 1 Até 2 | C80: 68481944 | D80: 111897622 | E80: 154366980 | F80: 206047768 | G80: 2.4729005e+08 | H80: 2.2647311e+08 | I80: 2.3328337e+08 | J80: 2.4714514e+08 | K80: 3.1930796e+08 | L80: 3.6045819e+08 | M80: 4.1660423e+08 | N80: 5.0563805e+08 | O80: 2516719.4 | P80: 2586315 | Q80: 2477322 | R80: 1931918 | S80: 1154012.5 | T80: 740175.92 | U80: 432932.16 | V80: 343795.91 | W80: 330202.02 | X80: 318138.31 | Y80: 306608.9 | Z80: 328130.35 | AA80: 70998664 | AB80: 114483937 | AC80: 156844302 | AD80: 207979686 | AE80: 2.4844406e+08 | AF80: 2.2721329e+08 | AG80: 2.337163e+08 | AH80: 2.4748894e+08 | AI80: 3.1963816e+08 | AJ80: 3.6077633e+08 | AK80: 4.1691084e+08 | AL80: 5.0596618e+08
B81: Acima de 2 Até 3 | C81: 63839089 | D81: 102078572 | E81: 143538534 | F81: 172656996 | G81: 1.8800798e+08 | H81: 1.6592051e+08 | I81: 1.5722369e+08 | J81: 1.5385006e+08 | K81: 1.8526044e+08 | L81: 1.9788964e+08 | M81: 2.1028743e+08 | N81: 2.4104361e+08 | O81: 1313562.9 | P81: 1297224 | Q81: 1286659 | R81: 834225 | S81: 455223.69 | T81: 284700.04 | U81: 183088.76 | V81: 121149.19 | W81: 105037.57 | X81: 112211.39 | Y81: 94434.41 | Z81: 100564.21 | AA81: 65152652 | AB81: 103375796 | AC81: 144825193 | AD81: 173491221 | AE81: 1.8846321e+08 | AF81: 1.6620521e+08 | AG81: 1.5740678e+08 | AH81: 1.5397121e+08 | AI81: 1.8536548e+08 | AJ81: 1.9800185e+08 | AK81: 2.1038187e+08 | AL81: 2.4114418e+08
B82: Acima de 3 Até 4 | C82: 47888572 | D82: 77455926 | E82: 107602003 | F82: 131524293 | G82: 1.3992214e+08 | H82: 1.2176962e+08 | I82: 1.1203874e+08 | J82: 1.0387923e+08 | K82: 1.1844655e+08 | L82: 1.2169799e+08 | M82: 1.2219975e+08 | N82: 1.3574703e+08 | O82: 478122.44 | P82: 503492 | Q82: 502409 | R82: 278757 | S82: 165685.01 | T82: 113248.3 | U82: 64538.13 | V82: 43425.73 | W82: 35251.85 | X82: 25782.87 | Y82: 18230.6 | Z82: 15283.08 | AA82: 48366694 | AB82: 77959418 | AC82: 108104412 | AD82: 131803050 | AE82: 1.4008782e+08 | AF82: 1.2188287e+08 | AG82: 1.1210328e+08 | AH82: 1.0392266e+08 | AI82: 1.184818e+08 | AJ82: 1.2172377e+08 | AK82: 1.2221798e+08 | AL82: 1.3576231e+08
B83: Acima de 4 Até 5 | C83: 39131485 | D83: 63663149 | E83: 87457657 | F83: 99439785 | G83: 1.0203387e+08 | H83: 89189423 | I83: 82645717 | J83: 77295986 | K83: 87509025 | L83: 88991444 | M83: 95387840 | N83: 1.0549718e+08 | O83: 215795.76 | P83: 230689 | Q83: 238517 | R83: 146209 | S83: 72863.1 | T83: 47327.79 | U83: 28061.91 | V83: 16352.98 | W83: 18045.17 | X83: 12072.43 | Y83: 7983.25 | Z83: 5555.55 | AA83: 39347280 | AB83: 63893838 | AC83: 87696174 | AD83: 99585994 | AE83: 1.0210673e+08 | AF83: 89236751 | AG83: 82673779 | AH83: 77312339 | AI83: 87527070 | AJ83: 89003517 | AK83: 95395823 | AL83: 1.0550274e+08
B84: Acima de 5 Até 6 | C84: 32375310 | D84: 51781921 | E84: 68374392 | F84: 79585479 | G84: 95185325 | H84: 97332113 | I84: 84716132 | J84: 68104598 | K84: 68994366 | L84: 67761031 | M84: 40450564 | N84: 36948215 | O84: 84098.75 | P84: 111040 | Q84: 96438 | R84: 57275 | S84: 22712.75 | T84: 12146.45 | U84: 4489.04 | V84: 2478.99 | W84: 2605.41 | X84: 9073.58 | Y84: 3277.65 | Z84: 3480.86 | AA84: 32459409 | AB84: 51892961 | AC84: 68470830 | AD84: 79642754 | AE84: 95208037 | AF84: 97344259 | AG84: 84720621 | AH84: 68107077 | AI84: 68996971 | AJ84: 67770105 | AK84: 40453841 | AL84: 36951696
B85: Acima de 6 Até 7 | C85: 33005534 | D85: 48920030 | E85: 67984032 | F85: 103389425 | G85: 65173698 | H85: 28490552 | I85: 18559475 | J85: 6469062.6 | K85: 5083222.8 | L85: 4835259.7 | M85: 7696.77 | N85: 8283.58 | O85: 34942.62 | P85: 43106 | Q85: 39807 | R85: 19530 | S85: 8861.08 | T85: 2616.57 | U85: 0 | V85: 0 | W85: 0 | X85: 3359.48 | Y85: 0 | Z85: 0 | AA85: 33040477 | AB85: 48963136 | AC85: 68023839 | AD85: 103408955 | AE85: 65182559 | AF85: 28493169 | AG85: 18559475 | AH85: 6469062.6 | AI85: 5083222.8 | AJ85: 4838619.2 | AK85: 7696.77 | AL85: 8283.58
B86: Acima de 7 Até 8 | C86: 37131330 | D86: 63366814 | E86: 68188854 | F86: 17455353 | G86: 4021470.5 | H86: 5706.96 | I86: 5992.3 | J86: 0 | K86: 0 | L86: 0 | M86: 0 | N86: 0 | O86: 15650.59 | P86: 21038 | Q86: 20761 | R86: 4307 | S86: 0 | T86: 0 | U86: 0 | V86: 0 | W86: 0 | X86: 0 | Y86: 0 | Z86: 0 | AA86: 37146981 | AB86: 63387852 | AC86: 68209615 | AD86: 17459660 | AE86: 4021470.5 | AF86: 5706.96 | AG86: 5992.3 | AH86: 0 | AI86: 0 | AJ86: 0 | AK86: 0 | AL86: 0
B87: Acima de 8 Até 9 | C87: 0 | D87: 0 | E87: 1355146 | F87: 522841 | G87: 2801.82 | H87: 0 | I87: 0 | J87: 0 | K87: 0 | L87: 0 | M87: 0 | N87: 5763 | O87: 0 | P87: 0 | Q87: 0 | R87: 0 | S87: 0 | T87: 0 | U87: 0 | V87: 0 | W87: 0 | X87: 0 | Y87: 0 | Z87: 0 | AA87: 0 | AB87: 0 | AC87: 1355146 | AD87: 522841 | AE87: 2801.82 | AF87: 0 | AG87: 0 | AH87: 0 | AI87: 0 | AJ87: 0 | AK87: 0 | AL87: 5763
B88: Acima de 9 Até 10 | C88: 1879.28 | D88: 2250 | E88: 0 | F88: 0 | G88: 0 | H88: 0 | I88: 0 | J88: 0 | K88: 0 | L88: 0 | M88: 0 | N88: 0 | O88: 0 | P88: 0 | Q88: 0 | R88: 0 | S88: 0 | T88: 0 | U88: 0 | V88: 0 | W88: 0 | X88: 0 | Y88: 0 | Z88: 0 | AA88: 1879.28 | AB88: 2250 | AC88: 0 | AD88: 0 | AE88: 0 | AF88: 0 | AG88: 0 | AH88: 0 | AI88: 0 | AJ88: 0 | AK88: 0 | AL88: 0
A89: Reclusão | B89: Total | C89: 2755620.6 | D89: 4174861 | E89: 5307770 | F89: 6984989 | G89: 7528586.7 | H89: 8769015 | I89: 10213895 | J89: 13154886 | K89: 16001678 | L89: 19231375 | M89: 23926886 | N89: 29364188 | O89: 354688.37 | P89: 507970 | Q89: 662541 | R89: 909995 | S89: 998535.13 | T89: 1113685.4 | U89: 1196499.5 | V89: 1409920.9 | W89: 1605767.2 | X89: 1805959.3 | Y89: 2060301.8 | Z89: 2349297.1 | AA89: 3110308.9 | AB89: 4682831 | AC89: 5970311 | AD89: 7894984 | AE89: 8527121.8 | AF89: 9882700.4 | AG89: 11410394 | AH89: 14564807 | AI89: 17607445 | AJ89: 21037334 | AK89: 25987188 | AL89: 31713485
B90: Abaixo de 1 | C90: 36696.11 | D90: 73480 | E90: 112734 | F90: 193680 | G90: 263786.03 | H90: 336653.05 | I90: 431905.66 | J90: 570561.71 | K90: 758970.12 | L90: 1014125.9 | M90: 1461613.6 | N90: 1960396.5 | O90: 5572.65 | P90: 9993 | Q90: 16334 | R90: 27380 | S90: 33758.07 | T90: 44159.49 | U90: 52495.72 | V90: 69454.08 | W90: 76951.53 | X90: 97351.48 | Y90: 123457.18 | Z90: 140522.83 | AA90: 42268.76 | AB90: 83473 | AC90: 129068 | AD90: 221060 | AE90: 297544.1 | AF90: 380812.54 | AG90: 484401.38 | AH90: 640015.79 | AI90: 835921.65 | AJ90: 1111477.4 | AK90: 1585070.8 | AL90: 2100919.4
B91: Igual a 1 | C91: 350200 | D91: 428640 | E91: 550420 | F91: 927900 | G91: 1423450 | H91: 2006020 | I91: 2730285 | J91: 4148730 | K91: 4669050 | L91: 5307755 | M91: 8215376 | N91: 10397130 | O91: 235000 | P91: 354000 | Q91: 475020 | R91: 677400 | S91: 779100 | T91: 881220 | U91: 966535 | V91: 1162500 | W91: 1306110 | X91: 1494390 | Y91: 1765858 | Z91: 2014338 | AA91: 585200 | AB91: 782640 | AC91: 1025440 | AD91: 1605300 | AE91: 2202550 | AF91: 2887240 | AG91: 3696820 | AH91: 5311230 | AI91: 5975160 | AJ91: 6802145 | AK91: 9981234 | AL91: 12411468
B92: Acima de 1 Até 2 | C92: 909175.52 | D92: 1530315 | E92: 2217528 | F92: 3384496 | G92: 4002606.2 | H92: 4672911.9 | I92: 5438123 | J92: 6912059.7 | K92: 8912822.4 | L92: 11111538 | M92: 12648016 | N92: 15381642 | O92: 66661.3 | P92: 94084 | Q92: 115154 | R92: 150717 | S92: 141360.26 | T92: 151667.31 | U92: 155074.1 | V92: 156296.76 | W92: 203085.13 | X92: 194497.49 | Y92: 164988.59 | Z92: 188105.88 | AA92: 975836.82 | AB92: 1624399 | AC92: 2332682 | AD92: 3535213 | AE92: 4143966.5 | AF92: 4824579.2 | AG92: 5593197.1 | AH92: 7068356.5 | AI92: 9115907.6 | AJ92: 11306035 | AK92: 12813005 | AL92: 15569748
B93: Acima de 2 Até 3 | C93: 770965.31 | D93: 1190829 | E93: 1417023 | F93: 1560552 | G93: 1140554.4 | H93: 1110810.4 | I93: 1058865.6 | J93: 1081219.3 | K93: 1205271.8 | L93: 1331524.5 | M93: 1180341.6 | N93: 1255247.5 | O93: 36396.84 | P93: 36177 | Q93: 37975 | R93: 36555 | S93: 31660.45 | T93: 27449.03 | U93: 16650.4 | V93: 18430.4 | W93: 14497.58 | X93: 16186.5 | Y93: 4093.92 | Z93: 6330.36 | AA93: 807362.15 | AB93: 1227006 | AC93: 1454998 | AD93: 1597107 | AE93: 1172214.8 | AF93: 1138259.4 | AG93: 1075516 | AH93: 1099649.7 | AI93: 1219769.4 | AJ93: 1347711 | AK93: 1184435.5 | AL93: 1261577.9
B94: Acima de 3 Até 4 | C94: 316641.27 | D94: 465196 | E94: 534785 | F94: 519614 | G94: 404364.86 | H94: 397500.66 | I94: 342405.28 | J94: 274552.25 | K94: 283847.18 | L94: 315576.22 | M94: 289783.31 | N94: 245757.34 | O94: 6175.97 | P94: 7172 | Q94: 10815 | R94: 11410 | S94: 9774.98 | T94: 9189.61 | U94: 5744.28 | V94: 3239.7 | W94: 5122.95 | X94: 3533.78 | Y94: 1904.1 | Z94: 0 | AA94: 322817.24 | AB94: 472368 | AC94: 545600 | AD94: 531024 | AE94: 414139.84 | AF94: 406690.27 | AG94: 348149.56 | AH94: 277791.95 | AI94: 288970.13 | AJ94: 319110 | AK94: 291687.41 | AL94: 245757.34
B95: Acima de 4 Até 5 | C95: 177889.87 | D95: 244447 | E95: 245337 | F95: 210345 | G95: 167152.4 | H95: 163825.53 | I95: 139947.05 | J95: 127991.54 | K95: 143458.38 | L95: 123073.7 | M95: 100222.24 | N95: 98010.97 | O95: 2770.88 | P95: 5295 | Q95: 5938 | R95: 6533 | S95: 2881.37 | T95: 0 | U95: 0 | V95: 0 | W95: 0 | X95: 0 | Y95: 0 | Z95: 0 | AA95: 180660.75 | AB95: 249742 | AC95: 251275 | AD95: 216878 | AE95: 170033.77 | AF95: 163825.53 | AG95: 139947.05 | AH95: 127991.54 | AI95: 143458.38 | AJ95: 123073.7 | AK95: 100222.24 | AL95: 98010.97
B96: Acima de 5 Até 6 | C96: 95691.27 | D96: 123674 | E96: 121576 | F96: 113941 | G96: 92679.17 | H96: 69130.21 | I96: 53534.09 | J96: 30717.49 | K96: 24939.53 | L96: 20839.19 | M96: 23868.93 | N96: 21843.92 | O96: 2110.73 | P96: 1249 | Q96: 1305 | R96: 0 | S96: 0 | T96: 0 | U96: 0 | V96: 0 | W96: 0 | X96: 0 | Y96: 0 | Z96: 0 | AA96: 97802 | AB96: 124923 | AC96: 122881 | AD96: 113941 | AE96: 92679.17 | AF96: 69130.21 | AG96: 53534.09 | AH96: 30717.49 | AI96: 24939.53 | AJ96: 20839.19 | AK96: 23868.93 | AL96: 21843.92
B97: Acima de 6 Até 7 | C97: 74745.41 | D97: 84622 | E97: 81286 | F97: 56411 | G97: 31521.15 | H97: 12163.25 | I97: 12888.77 | J97: 9054.28 | K97: 3318.5 | L97: 6942.74 | M97: 7664.21 | N97: 4159 | O97: 0 | P97: 0 | Q97: 0 | R97: 0 | S97: 0 | T97: 0 | U97: 0 | V97: 0 | W97: 0 | X97: 0 | Y97: 0 | Z97: 0 | AA97: 74745.41 | AB97: 84622 | AC97: 81286 | AD97: 56411 | AE97: 31521.15 | AF97: 12163.25 | AG97: 12888.77 | AH97: 9054.28 | AI97: 3318.5 | AJ97: 6942.74 | AK97: 7664.21 | AL97: 4159
B98: Acima de 7 Até 8 | C98: 23615.81 | D98: 33658 | E98: 24945 | F98: 18050 | G98: 2472.46 | H98: 0 | I98: 5940.21 | J98: 0 | K98: 0 | L98: 0 | M98: 0 | N98: 0 | O98: 0 | P98: 0 | Q98: 0 | R98: 0 | S98: 0 | T98: 0 | U98: 0 | V98: 0 | W98: 0 | X98: 0 | Y98: 0 | Z98: 0 | AA98: 23615.81 | AB98: 33658 | AC98: 24945 | AD98: 18050 | AE98: 2472.46 | AF98: 0 | AG98: 5940.21 | AH98: 0 | AI98: 0 | AJ98: 0 | AK98: 0 | AL98: 0
B99: Acima de 8 Até 9 | C99: 0 | D99: 0 | E99: 2136 | F99: 0 | G99: 0 | H99: 0 | I99: 0 | J99: 0 | K99: 0 | L99: 0 | M99: 0 | N99: 0 | O99: 0 | P99: 0 | Q99: 0 | R99: 0 | S99: 0 | T99: 0 | U99: 0 | V99: 0 | W99: 0 | X99: 0 | Y99: 0 | Z99: 0 | AA99: 0 | AB99: 0 | AC99: 2136 | AD99: 0 | AE99: 0 | AF99: 0 | AG99: 0 | AH99: 0 | AI99: 0 | AJ99: 0 | AK99: 0 | AL99: 0
A100: Acidente | B100: Total | C100: 1109088.6 | D100: 1643512 | E100: 2058374 | F100: 2691250 | G100: 3520503.5 | H100: 4543084.9 | I100: 6123898.9 | J100: 7784936.9 | K100: 9834839.7 | L100: 12540126 | M100: 16111302 | N100: 20824017 | O100: 181269.55 | P100: 292564 | Q100: 401362 | R100: 596036 | S100: 946432.49 | T100: 1216715.2 | U100: 1545619.9 | V100: 1935253.9 | W100: 2331996.5 | X100: 2739212.7 | Y100: 3396075.6 | Z100: 4040663 | AA100: 1290358.1 | AB100: 1936076 | AC100: 2459736 | AD100: 3287286 | AE100: 4466936 | AF100: 5759800.2 | AG100: 7669518.8 | AH100: 9720190.9 | AI100: 12166836 | AJ100: 15279339 | AK100: 19507378 | AL100: 24864680
B101: Abaixo de 1 | C101: 286762.33 | D101: 415568 | E101: 548626 | F101: 812659 | G101: 1263659.4 | H101: 1744122.5 | I101: 2475836 | J101: 3384459.3 | K101: 4442746.4 | L101: 5859585.1 | M101: 8465179.5 | N101: 11315750 | O101: 169082.06 | P101: 274829 | Q101: 383408 | R101: 575791 | S101: 927054.81 | T101: 1195884.2 | U101: 1528065.9 | V101: 1920224.8 | W101: 2316929.6 | X101: 2723790.4 | Y101: 3378572.8 | Z101: 4020187.2 | AA101: 455844.39 | AB101: 690397 | AC101: 932034 | AD101: 1388450 | AE101: 2190714.2 | AF101: 2940006.7 | AG101: 4003901.9 | AH101: 5304684.1 | AI101: 6759676 | AJ101: 8583375.4 | AK101: 11843752 | AL101: 15335938
B102: Igual a 1 | C102: 0 | D102: 240 | E102: 780 | F102: 0 | G102: 0 | H102: 0 | I102: 830 | J102: 930 | K102: 1530 | L102: 2725 | M102: 8708 | N102: 8136 | O102: 1200 | P102: 1440 | Q102: 1820 | R102: 1800 | S102: 2800 | T102: 4180 | U102: 1245 | V102: 1395 | W102: 1530 | X102: 1635 | Y102: 2488 | Z102: 3390 | AA102: 1200 | AB102: 1680 | AC102: 2600 | AD102: 1800 | AE102: 2800 | AF102: 4180 | AG102: 2075 | AH102: 2325 | AI102: 3060 | AJ102: 4360 | AK102: 11196 | AL102: 11526
B103: Acima de 1 Até 2 | C103: 392391.33 | D103: 586305 | E103: 722995 | F103: 982946 | G103: 1277289.3 | H103: 1621890.7 | I103: 2153055.3 | J103: 2656386.5 | K103: 3365399.7 | L103: 4233719.2 | M103: 5252189.3 | N103: 6780457.3 | O103: 7197.05 | P103: 11301 | Q103: 12166 | R103: 14822 | S103: 14084.04 | T103: 14075.09 | U103: 14403.44 | V103: 11615.76 | W103: 12372.36 | X103: 12547.48 | Y103: 13699.48 | Z103: 15689.06 | AA103: 399588.38 | AB103: 597606 | AC103: 735161 | AD103: 997768 | AE103: 1291373.3 | AF103: 1635965.8 | AG103: 2167458.8 | AH103: 2668002.3 | AI103: 3377772.1 | AJ103: 4246266.7 | AK103: 5265888.8 | AL103: 6796146.4
...

Sheet RGPS_Valor_Dezembro_Cálculo
P1: 1000000
B2: Valor - posição de dezembro | D2: URBANO | Q2: RURAL | AD2: TOTAL
D3: 2002 | E3: 2003 | F3: 2004 | G3: 2005 | H3: 2006 | I3: 2007 | J3: 2008 | K3: 2009 | L3: 2010 | M3: 2011 | N3: 2012 | O3: 2013 | P3: 2014 | Q3: 2002 | R3: 2003 | S3: 2004 | T3: 2005 | U3: 2006 | V3: 2007 | W3: 2008 | X3: 2009 | Y3: 2010 | Z3: 2011 | AA3: 2012 | AB3: 2013 | AC3: 2014 | AD3: 2002 | AE3: 2003 | AF3: 2004 | AG3: 2005 | AH3: 2006 | AI3: 2007 | AJ3: 2008 | AK3: 2009 | AL3: 2010 | AM3: 2011 | AN3: 2012 | AO3: 2013 | AP3: 2014
B4: Aposentadoria por TC | C4: Total | D4: =(RGPS_Valor_Dezembro!C19)/1000000 -> 2508.062 | E4: =(RGPS_Valor_Dezembro!D19)/1000000 -> 3051.1288 | F4: =(RGPS_Valor_Dezembro!E19)/1000000 -> 3356.7443 | G4: =(RGPS_Valor_Dezembro!F19)/1000000 -> 3640.8833 | H4: =(RGPS_Valor_Dezembro!G19)/1000000 -> 3934.9715 | I4: =(RGPS_Valor_Dezembro!H19)/1000000 -> 4247.4868 | J4: =(RGPS_Valor_Dezembro!I19)/1000000 -> 4664.677 | K4: =(RGPS_Valor_Dezembro!J19)/1000000 -> 5186.6815 | ... O4: =(RGPS_Valor_Dezembro!N19)/1000000 -> 7954.9786 | P4: 7737.8141 | Q4: =(RGPS_Valor_Dezembro!O19)/1000000 -> 2.9491527 | R4: =(RGPS_Valor_Dezembro!P19)/1000000 -> 3.730033 | S4: =(RGPS_Valor_Dezembro!Q19)/1000000 -> 4.312062 | T4: =(RGPS_Valor_Dezembro!R19)/1000000 -> 5.210948 | U4: =(RGPS_Valor_Dezembro!S19)/1000000 -> 6.2947003 | V4: =(RGPS_Valor_Dezembro!T19)/1000000 -> 7.0567514 | W4: =(RGPS_Valor_Dezembro!U19)/1000000 -> 8.1375825 | X4: =(RGPS_Valor_Dezembro!V19)/1000000 -> 9.6315146 | ... AB4: =(RGPS_Valor_Dezembro!Z19)/1000000 -> 16.120279 | AC4: 18.041609 | AD4: =(RGPS_Valor_Dezembro!AA19)/1000000 -> 2511.0112 | AE4: =(RGPS_Valor_Dezembro!AB19)/1000000 -> 3054.8588 | AF4: =(RGPS_Valor_Dezembro!AC19)/1000000 -> 3361.0564 | AG4: =(RGPS_Valor_Dezembro!AD19)/1000000 -> 3646.0942 | AH4: =(RGPS_Valor_Dezembro!AE19)/1000000 -> 3941.2662 | AI4: =(RGPS_Valor_Dezembro!AF19)/1000000 -> 4254.5436 | AJ4: =(RGPS_Valor_Dezembro!AG19)/1000000 -> 4672.8146 | AK4: =(RGPS_Valor_Dezembro!AH19)/1000000 -> 5196.313 | ... AO4: =(RGPS_Valor_Dezembro!AL19)/1000000 -> 7971.0989 | AP4: =AO4 -> 7971.0989
C5: Até 1SM | D5: =(SUM(RGPS_Valor_Dezembro!C20:C21))/1000000 -> 70.33779 | E5: =(SUM(RGPS_Valor_Dezembro!D20:D21))/1000000 -> 85.790351 | F5: =(SUM(RGPS_Valor_Dezembro!E20:E21))/1000000 -> 99.232086 | G5: =(SUM(RGPS_Valor_Dezembro!F20:F21))/1000000 -> 129.76947 | H5: =(SUM(RGPS_Valor_Dezembro!G20:G21))/1000000 -> 178.04652 | I5: =(SUM(RGPS_Valor_Dezembro!H20:H21))/1000000 -> 216.0299 | J5: =(SUM(RGPS_Valor_Dezembro!I20:I21))/1000000 -> 263.43979 | K5: =(SUM(RGPS_Valor_Dezembro!J20:J21))/1000000 -> 339.08355 | ... O5: =(SUM(RGPS_Valor_Dezembro!N20:N21))/1000000 -> 696.15107 | P5: 782.84987 | Q5: =(SUM(RGPS_Valor_Dezembro!O20:O21))/1000000 -> 0.36950937 | R5: =(SUM(RGPS_Valor_Dezembro!P20:P21))/1000000 -> 0.455954 | S5: =(SUM(RGPS_Valor_Dezembro!Q20:Q21))/1000000 -> 0.555725 | T5: =(SUM(RGPS_Valor_Dezembro!R20:R21))/1000000 -> 0.894794 | U5: =(SUM(RGPS_Valor_Dezembro!S20:S21))/1000000 -> 1.4271771 | V5: =(SUM(RGPS_Valor_Dezembro!T20:T21))/1000000 -> 1.8545603 | W5: =(SUM(RGPS_Valor_Dezembro!U20:U21))/1000000 -> 2.4297365 | X5: =(SUM(RGPS_Valor_Dezembro!V20:V21))/1000000 -> 3.4393933 | ... AB5: =(SUM(RGPS_Valor_Dezembro!Z20:Z21))/1000000 -> 7.6976518 | AC5: 8.9103739 | AD5: =(SUM(RGPS_Valor_Dezembro!AA20:AA21))/1000000 -> 70.7073 | AE5: =(SUM(RGPS_Valor_Dezembro!AB20:AB21))/1000000 -> 86.246305 | AF5: =(SUM(RGPS_Valor_Dezembro!AC20:AC21))/1000000 -> 99.787811 | AG5: =(SUM(RGPS_Valor_Dezembro!AD20:AD21))/1000000 -> 130.66426 | AH5: =(SUM(RGPS_Valor_Dezembro!AE20:AE21))/1000000 -> 179.4737 | AI5: =(SUM(RGPS_Valor_Dezembro!AF20:AF21))/1000000 -> 217.88446 | AJ5: =(SUM(RGPS_Valor_Dezembro!AG20:AG21))/1000000 -> 265.86952 | AK5: =(SUM(RGPS_Valor_Dezembro!AH20:AH21))/1000000 -> 342.52295 | ... AO5: =(SUM(RGPS_Valor_Dezembro!AL20:AL21))/1000000 -> 703.84872 | AP5: =AO5 -> 703.84872
C6: Acima de 1SM | D6: =(D4-D5) -> 2437.7242 | E6: =(E4-E5) -> 2965.3384 | F6: =(F4-F5) -> 3257.5122 | G6: =(G4-G5) -> 3511.1138 | H6: =(H4-H5) -> 3756.925 | I6: =(I4-I5) -> 4031.4569 | J6: =(J4-J5) -> 4401.2372 | K6: =(K4-K5) -> 4847.598 | ... O6: =(O4-O5) -> 7258.8275 | P6: =P4-P5 -> 6954.9642 | Q6: =(Q4-Q5) -> 2.5796434 | R6: =(R4-R5) -> 3.274079 | S6: =(S4-S5) -> 3.756337 | T6: =(T4-T5) -> 4.316154 | U6: =(U4-U5) -> 4.8675231 | V6: =(V4-V5) -> 5.2021911 | W6: =(W4-W5) -> 5.707846 | X6: =(X4-X5) -> 6.1921213 | ... AB6: =(AB4-AB5) -> 8.422627 | AC6: =AC4-AC5 -> 9.1312354 | AD6: =(AD4-AD5) -> 2440.3039 | AE6: =(AE4-AE5) -> 2968.6125 | AF6: =(AF4-AF5) -> 3261.2685 | AG6: =(AG4-AG5) -> 3515.43 | AH6: =(AH4-AH5) -> 3761.7925 | AI6: =(AI4-AI5) -> 4036.6591 | AJ6: =(AJ4-AJ5) -> 4406.9451 | AK6: =(AK4-AK5) -> 4853.7901 | ... AO6: =(AO4-AO5) -> 7267.2502 | AP6: =AO6 -> 7267.2502
B7: Aposentadoria por Idade | C7: Total | D7: =(RGPS_Valor_Dezembro!C34)/1000000 -> 521.21408 | E7: =(RGPS_Valor_Dezembro!D34)/1000000 -> 670.18223 | F7: =(RGPS_Valor_Dezembro!E34)/1000000 -> 784.48919 | G7: =(RGPS_Valor_Dezembro!F34)/1000000 -> 915.54338 | H7: =(RGPS_Valor_Dezembro!G34)/1000000 -> 1059.7645 | I7: =(RGPS_Valor_Dezembro!H34)/1000000 -> 1191.0263 | J7: =(RGPS_Valor_Dezembro!I34)/1000000 -> 1367.6832 | K7: =(RGPS_Valor_Dezembro!J34)/1000000 -> 1602.0418 | ... O7: =(RGPS_Valor_Dezembro!N34)/1000000 -> 2817.1793 | P7: 3194.1827 | Q7: =(RGPS_Valor_Dezembro!O34)/1000000 -> 861.69337 | R7: =(RGPS_Valor_Dezembro!P34)/1000000 -> 1061.8373 | S7: =(RGPS_Valor_Dezembro!Q34)/1000000 -> 1180.1168 | T7: =(RGPS_Valor_Dezembro!R34)/1000000 -> 1399.4935 | U7: =(RGPS_Valor_Dezembro!S34)/1000000 -> 1682.3944 | V7: =(RGPS_Valor_Dezembro!T34)/1000000 -> 1884.9544 | W7: =(RGPS_Valor_Dezembro!U34)/1000000 -> 2131.9152 | X7: =(RGPS_Valor_Dezembro!V34)/1000000 -> 2477.9125 | ... AB7: =(RGPS_Valor_Dezembro!Z34)/1000000 -> 4066.9333 | AC7: 4450.2266 | AD7: =(RGPS_Valor_Dezembro!AA34)/1000000 -> 1382.9075 | AE7: =(RGPS_Valor_Dezembro!AB34)/1000000 -> 1732.0195 | AF7: =(RGPS_Valor_Dezembro!AC34)/1000000 -> 1964.6059 | AG7: =(RGPS_Valor_Dezembro!AD34)/1000000 -> 2315.0368 | AH7: =(RGPS_Valor_Dezembro!AE34)/1000000 -> 2742.1589 | AI7: =(RGPS_Valor_Dezembro!AF34)/1000000 -> 3075.9807 | AJ7: =(RGPS_Valor_Dezembro!AG34)/1000000 -> 3499.5984 | AK7: =(RGPS_Valor_Dezembro!AH34)/1000000 -> 4079.9543 | ... AO7: =(RGPS_Valor_Dezembro!AL34)/1000000 -> 6884.1126 | AP7: =AO7 -> 6884.1126
C8: Até 1SM | D8: =(SUM(RGPS_Valor_Dezembro!C35:C36))/1000000 -> 184.2462 | E8: =(SUM(RGPS_Valor_Dezembro!D35:D36))/1000000 -> 234.2634 | F8: =(SUM(RGPS_Valor_Dezembro!E35:E36))/1000000 -> 286.77109 | G8: =(SUM(RGPS_Valor_Dezembro!F35:F36))/1000000 -> 363.50682 | H8: =(SUM(RGPS_Valor_Dezembro!G35:G36))/1000000 -> 466.90339 | I8: =(SUM(RGPS_Valor_Dezembro!H35:H36))/1000000 -> 546.42502 | J8: =(SUM(RGPS_Valor_Dezembro!I35:I36))/1000000 -> 642.46691 | K8: =(SUM(RGPS_Valor_Dezembro!J35:J36))/1000000 -> 788.09791 | ... O8: =(SUM(RGPS_Valor_Dezembro!N35:N36))/1000000 -> 1496.5015 | P8: 1696.1208 | Q8: =(SUM(RGPS_Valor_Dezembro!O35:O36))/1000000 -> 852.57779 | R8: =(SUM(RGPS_Valor_Dezembro!P35:P36))/1000000 -> 1050.4345 | S8: =(SUM(RGPS_Valor_Dezembro!Q35:Q36))/1000000 -> 1168.5653 | T8: =(SUM(RGPS_Valor_Dezembro!R35:R36))/1000000 -> 1387.332 | U8: =(SUM(RGPS_Valor_Dezembro!S35:S36))/1000000 -> 1670.0618 | V8: =(SUM(RGPS_Valor_Dezembro!T35:T36))/1000000 -> 1872.0597 | W8: =(SUM(RGPS_Valor_Dezembro!U35:U36))/1000000 -> 2118.167 | X8: =(SUM(RGPS_Valor_Dezembro!V35:V36))/1000000 -> 2463.3689 | ... AB8: =(SUM(RGPS_Valor_Dezembro!Z35:Z36))/1000000 -> 4046.1034 | AC8: 4426.8894 | AD8: =(SUM(RGPS_Valor_Dezembro!AA35:AA36))/1000000 -> 1036.824 | AE8: =(SUM(RGPS_Valor_Dezembro!AB35:AB36))/1000000 -> 1284.6979 | AF8: =(SUM(RGPS_Valor_Dezembro!AC35:AC36))/1000000 -> 1455.3364 | AG8: =(SUM(RGPS_Valor_Dezembro!AD35:AD36))/1000000 -> 1750.8388 | AH8: =(SUM(RGPS_Valor_Dezembro!AE35:AE36))/1000000 -> 2136.9652 | AI8: =(SUM(RGPS_Valor_Dezembro!AF35:AF36))/1000000 -> 2418.4848 | AJ8: =(SUM(RGPS_Valor_Dezembro!AG35:AG36))/1000000 -> 2760.6339 | AK8: =(SUM(RGPS_Valor_Dezembro!AH35:AH36))/1000000 -> 3251.4668 | ... AO8: =(SUM(RGPS_Valor_Dezembro!AL35:AL36))/1000000 -> 5542.6049 | AP8: =AO8 -> 5542.6049
C9: Acima de 1SM | D9: =(D7-D8) -> 336.96788 | E9: =(E7-E8) -> 435.91884 | F9: =(F7-F8) -> 497.7181 | G9: =(G7-G8) -> 552.03656 | H9: =(H7-H8) -> 592.86106 | I9: =(I7-I8) -> 644.60124 | J9: =(J7-J8) -> 725.21627 | K9: =(K7-K8) -> 813.94391 | ... O9: =(O7-O8) -> 1320.6777 | P9: =P7-P8 -> 1498.0619 | Q9: =(Q7-Q8) -> 9.1155848 | R9: =(R7-R8) -> 11.402811 | S9: =(S7-S8) -> 11.551423 | T9: =(T7-T8) -> 12.161453 | U9: =(U7-U8) -> 12.332602 | V9: =(V7-V8) -> 12.894705 | W9: =(W7-W8) -> 13.748239 | X9: =(X7-X8) -> 14.543609 | ... AB9: =(AB7-AB8) -> 20.829945 | AC9: =AC7-AC8 -> 23.337203 | AD9: =(AD7-AD8) -> 346.08346 | AE9: =(AE7-AE8) -> 447.32165 | AF9: =(AF7-AF8) -> 509.26953 | AG9: =(AG7-AG8) -> 564.19802 | AH9: =(AH7-AH8) -> 605.19366 | AI9: =(AI7-AI8) -> 657.49595 | AJ9: =(AJ7-AJ8) -> 738.96451 | AK9: =(AK7-AK8) -> 828.48752 | ... AO9: =(AO7-AO8) -> 1341.5077 | AP9: =AO9 -> 1341.5077
B10: Aposentadoria por Invalidez | C10: Total | D10: =(SUM(RGPS_Valor_Dezembro!C48,RGPS_Valor_Dezembro!C135))/1000000 -> 637.51128 | E10: =(SUM(RGPS_Valor_Dezembro!D48,RGPS_Valor_Dezembro!D135))/1000000 -> 827.01579 | F10: =(SUM(RGPS_Valor_Dezembro!E48,RGPS_Valor_Dezembro!E135))/1000000 -> 976.11663 | G10: =(SUM(RGPS_Valor_Dezembro!F48,RGPS_Valor_Dezembro!F135))/1000000 -> 1194.5526 | H10: =(SUM(RGPS_Valor_Dezembro!G48,RGPS_Valor_Dezembro!G135))/1000000 -> 1376.4364 | I10: =(SUM(RGPS_Valor_Dezembro!H48,RGPS_Valor_Dezembro!H135))/1000000 -> 1487.9464 | J10: =(SUM(RGPS_Valor_Dezembro!I48,RGPS_Valor_Dezembro!I135))/1000000 -> 1678.7047 | K10: =(SUM(RGPS_Valor_Dezembro!J48,RGPS_Valor_Dezembro!J135))/1000000 -> 1899.986 | ... O10: =(SUM(RGPS_Valor_Dezembro!N48,RGPS_Valor_Dezembro!N135))/1000000 -> 2974.7087 | P10: 3237.5483 | Q10: =(SUM(RGPS_Valor_Dezembro!O48,RGPS_Valor_Dezembro!O135))/1000000 -> 87.372489 | R10: =(SUM(RGPS_Valor_Dezembro!P48,RGPS_Valor_Dezembro!P135))/1000000 -> 106.58355 | S10: =(SUM(RGPS_Valor_Dezembro!Q48,RGPS_Valor_Dezembro!Q135))/1000000 -> 116.78055 | T10: =(SUM(RGPS_Valor_Dezembro!R48,RGPS_Valor_Dezembro!R135))/1000000 -> 137.91933 | U10: =(SUM(RGPS_Valor_Dezembro!S48,RGPS_Valor_Dezembro!S135))/1000000 -> 159.8232 | V10: =(SUM(RGPS_Valor_Dezembro!T48,RGPS_Valor_Dezembro!T135))/1000000 -> 170.07292 | W10: =(SUM(RGPS_Valor_Dezembro!U48,RGPS_Valor_Dezembro!U135))/1000000 -> 185.79609 | X10: =(SUM(RGPS_Valor_Dezembro!V48,RGPS_Valor_Dezembro!V135))/1000000 -> 207.94104 | ... AB10: =(SUM(RGPS_Valor_Dezembro!Z48,RGPS_Valor_Dezembro!Z135))/1000000 -> 311.78333 | AC10: 338.11447 | AD10: =(SUM(RGPS_Valor_Dezembro!AA48,RGPS_Valor_Dezembro!AA135))/1000000 -> 724.88377 | AE10: =(SUM(RGPS_Valor_Dezembro!AB48,RGPS_Valor_Dezembro!AB135))/1000000 -> 933.59934 | AF10: =(SUM(RGPS_Valor_Dezembro!AC48,RGPS_Valor_Dezembro!AC135))/1000000 -> 1092.8972 | AG10: =(SUM(RGPS_Valor_Dezembro!AD48,RGPS_Valor_Dezembro!AD135))/1000000 -> 1332.472 | AH10: =(SUM(RGPS_Valor_Dezembro!AE48,RGPS_Valor_Dezembro!AE135))/1000000 -> 1536.2596 | AI10: =(SUM(RGPS_Valor_Dezembro!AF48,RGPS_Valor_Dezembro!AF135))/1000000 -> 1658.0194 | AJ10: =(SUM(RGPS_Valor_Dezembro!AG48,RGPS_Valor_Dezembro!AG135))/1000000 -> 1864.5007 | AK10: =(SUM(RGPS_Valor_Dezembro!AH48,RGPS_Valor_Dezembro!AH135))/1000000 -> 2107.9271 | ... AO10: =(SUM(RGPS_Valor_Dezembro!AL48,RGPS_Valor_Dezembro!AL135))/1000000 -> 3286.492 | AP10: =AO10 -> 3286.492
C11: Até 1SM | D11: =(SUM(RGPS_Valor_Dezembro!C49:C50,RGPS_Valor_Dezembro!C136:C137))/1000000 -> 259.11518 | E11: =(SUM(RGPS_Valor_Dezembro!D49:D50,RGPS_Valor_Dezembro!D136:D137))/1000000 -> 303.31803 | F11: =(SUM(RGPS_Valor_Dezembro!E49:E50,RGPS_Valor_Dezembro!E136:E137))/1000000 -> 331.42474 | G11: =(SUM(RGPS_Valor_Dezembro!F49:F50,RGPS_Valor_Dezembro!F136:F137))/1000000 -> 406.18818 | H11: =(SUM(RGPS_Valor_Dezembro!G49:G50,RGPS_Valor_Dezembro!G136:G137))/1000000 -> 495.89065 | I11: =(SUM(RGPS_Valor_Dezembro!H49:H50,RGPS_Valor_Dezembro!H136:H137))/1000000 -> 549.29406 | J11: =(SUM(RGPS_Valor_Dezembro!I49:I50,RGPS_Valor_Dezembro!I136:I137))/1000000 -> 610.81882 | K11: =(SUM(RGPS_Valor_Dezembro!J49:J50,RGPS_Valor_Dezembro!J136:J137))/1000000 -> 701.73122 | ... O11: =(SUM(RGPS_Valor_Dezembro!N49:N50,RGPS_Valor_Dezembro!N136:N137))/1000000 -> 1060.4939 | P11: 1136.4367 | Q11: =(SUM(RGPS_Valor_Dezembro!O49:O50,RGPS_Valor_Dezembro!O136:O137))/1000000 -> 81.109974 | R11: =(SUM(RGPS_Valor_Dezembro!P49:P50,RGPS_Valor_Dezembro!P136:P137))/1000000 -> 97.79056 | S11: =(SUM(RGPS_Valor_Dezembro!Q49:Q50,RGPS_Valor_Dezembro!Q136:Q137))/1000000 -> 107.02421 | T11: =(SUM(RGPS_Valor_Dezembro!R49:R50,RGPS_Valor_Dezembro!R136:R137))/1000000 -> 127.71287 | U11: =(SUM(RGPS_Valor_Dezembro!S49:S50,RGPS_Valor_Dezembro!S136:S137))/1000000 -> 150.25443 | V11: =(SUM(RGPS_Valor_Dezembro!T49:T50,RGPS_Valor_Dezembro!T136:T137))/1000000 -> 160.87084 | W11: =(SUM(RGPS_Valor_Dezembro!U49:U50,RGPS_Valor_Dezembro!U136:U137))/1000000 -> 176.72911 | X11: =(SUM(RGPS_Valor_Dezembro!V49:V50,RGPS_Valor_Dezembro!V136:V137))/1000000 -> 199.1216 | ... AB11: =(SUM(RGPS_Valor_Dezembro!Z49:Z50,RGPS_Valor_Dezembro!Z136:Z137))/1000000 -> 302.32206 | AC11: 328.39603 | AD11: =(SUM(RGPS_Valor_Dezembro!AA49:AA50,RGPS_Valor_Dezembro!AA136:AA137))/1000000 -> 340.22516 | AE11: =(SUM(RGPS_Valor_Dezembro!AB49:AB50,RGPS_Valor_Dezembro!AB136:AB137))/1000000 -> 401.10859 | AF11: =(SUM(RGPS_Valor_Dezembro!AC49:AC50,RGPS_Valor_Dezembro!AC136:AC137))/1000000 -> 438.44895 | AG11: =(SUM(RGPS_Valor_Dezembro!AD49:AD50,RGPS_Valor_Dezembro!AD136:AD137))/1000000 -> 533.90105 | AH11: =(SUM(RGPS_Valor_Dezembro!AE49:AE50,RGPS_Valor_Dezembro!AE136:AE137))/1000000 -> 646.14508 | AI11: =(SUM(RGPS_Valor_Dezembro!AF49:AF50,RGPS_Valor_Dezembro!AF136:AF137))/1000000 -> 710.16489 | AJ11: =(SUM(RGPS_Valor_Dezembro!AG49:AG50,RGPS_Valor_Dezembro!AG136:AG137))/1000000 -> 787.54793 | AK11: =(SUM(RGPS_Valor_Dezembro!AH49:AH50,RGPS_Valor_Dezembro!AH136:AH137))/1000000 -> 900.85282 | ... AO11: =(SUM(RGPS_Valor_Dezembro!AL49:AL50,RGPS_Valor_Dezembro!AL136:AL137))/1000000 -> 1362.816 | AP11: =AO11 -> 1362.816
C12: Acima de 1SM | D12: =(D10-D11) -> 378.3961 | E12: =(E10-E11) -> 523.69776 | F12: =(F10-F11) -> 644.69189 | G12: =(G10-G11) -> 788.36445 | H12: =(H10-H11) -> 880.54578 | I12: =(I10-I11) -> 938.65238 | J12: =(J10-J11) -> 1067.8858 | K12: =(K10-K11) -> 1198.2548 | ... O12: =(O10-O11) -> 1914.2148 | P12: =P10-P11 -> 2101.1116 | Q12: =(Q10-Q11) -> 6.2625157 | R12: =(R10-R11) -> 8.792989 | S12: =(S10-S11) -> 9.756341 | T12: =(T10-T11) -> 10.206452 | U12: =(U10-U11) -> 9.5687659 | V12: =(V10-V11) -> 9.2020874 | W12: =(W10-W11) -> 9.0669805 | X12: =(X10-X11) -> 8.8194444 | ... AB12: =(AB10-AB11) -> 9.4612739 | AC12: =AC10-AC11 -> 9.718447 | AD12: =(AD10-AD11) -> 384.65861 | AE12: =(AE10-AE11) -> 532.49075 | AF12: =(AF10-AF11) -> 654.44823 | AG12: =(AG10-AG11) -> 798.5709 | AH12: =(AH10-AH11) -> 890.11455 | AI12: =(AI10-AI11) -> 947.85447 | AJ12: =(AJ10-AJ11) -> 1076.9528 | AK12: =(AK10-AK11) -> 1207.0742 | ... AO12: =(AO10-AO11) -> 1923.676 | AP12: =AO12 -> 1923.676
B13: Pensão por Morte | C13: Total | D13: =(SUM(RGPS_Valor_Dezembro!C149,RGPS_Valor_Dezembro!C62))/1000000 -> 1333.3793 | E13: =(SUM(RGPS_Valor_Dezembro!D149,RGPS_Valor_Dezembro!D62))/1000000 -> 1651.0844 | F13: =(SUM(RGPS_Valor_Dezembro!E149,RGPS_Valor_Dezembro!E62))/1000000 -> 1874.8805 | G13: =(SUM(RGPS_Valor_Dezembro!F149,RGPS_Valor_Dezembro!F62))/1000000 -> 2116.9494 | H13: =(SUM(RGPS_Valor_Dezembro!G149,RGPS_Valor_Dezembro!G62))/1000000 -> 2398.0823 | I13: =(SUM(RGPS_Valor_Dezembro!H149,RGPS_Valor_Dezembro!H62))/1000000 -> 2633.8129 | J13: =(SUM(RGPS_Valor_Dezembro!I149,RGPS_Valor_Dezembro!I62))/1000000 -> 2926.2931 | K13: =(SUM(RGPS_Valor_Dezembro!J149,RGPS_Valor_Dezembro!J62))/1000000 -> 3299.2022 | ... O13: =(SUM(RGPS_Valor_Dezembro!N149,RGPS_Valor_Dezembro!N62))/1000000 -> 5193.2513 | P13: 5680.6138 | Q13: =(SUM(RGPS_Valor_Dezembro!O149,RGPS_Valor_Dezembro!O62))/1000000 -> 343.05754 | R13: =(SUM(RGPS_Valor_Dezembro!P149,RGPS_Valor_Dezembro!P62))/1000000 -> 422.87519 | S13: =(SUM(RGPS_Valor_Dezembro!Q149,RGPS_Valor_Dezembro!Q62))/1000000 -> 470.65066 | T13: =(SUM(RGPS_Valor_Dezembro!R149,RGPS_Valor_Dezembro!R62))/1000000 -> 556.03734 | U13: =(SUM(RGPS_Valor_Dezembro!S149,RGPS_Valor_Dezembro!S62))/1000000 -> 662.79859 | V13: =(SUM(RGPS_Valor_Dezembro!T149,RGPS_Valor_Dezembro!T62))/1000000 -> 739.07787 | W13: =(SUM(RGPS_Valor_Dezembro!U149,RGPS_Valor_Dezembro!U62))/1000000 -> 830.8994 | X13: =(SUM(RGPS_Valor_Dezembro!V149,RGPS_Valor_Dezembro!V62))/1000000 -> 955.71718 | ... AB13: =(SUM(RGPS_Valor_Dezembro!Z149,RGPS_Valor_Dezembro!Z62))/1000000 -> 1527.7451 | AC13: 1662.5276 | AD13: =(SUM(RGPS_Valor_Dezembro!AA149,RGPS_Valor_Dezembro!AA62))/1000000 -> 1676.4368 | AE13: =(SUM(RGPS_Valor_Dezembro!AB149,RGPS_Valor_Dezembro!AB62))/1000000 -> 2073.9596 | AF13: =(SUM(RGPS_Valor_Dezembro!AC149,RGPS_Valor_Dezembro!AC62))/1000000 -> 2345.5312 | AG13: =(SUM(RGPS_Valor_Dezembro!AD149,RGPS_Valor_Dezembro!AD62))/1000000 -> 2672.9867 | AH13: =(SUM(RGPS_Valor_Dezembro!AE149,RGPS_Valor_Dezembro!AE62))/1000000 -> 3060.8809 | AI13: =(SUM(RGPS_Valor_Dezembro!AF149,RGPS_Valor_Dezembro!AF62))/1000000 -> 3372.8908 | AJ13: =(SUM(RGPS_Valor_Dezembro!AG149,RGPS_Valor_Dezembro!AG62))/1000000 -> 3757.1925 | AK13: =(SUM(RGPS_Valor_Dezembro!AH149,RGPS_Valor_Dezembro!AH62))/1000000 -> 4254.9193 | ... AO13: =(SUM(RGPS_Valor_Dezembro!AL149,RGPS_Valor_Dezembro!AL62))/1000000 -> 6720.9964 | AP13: =AO13 -> 6720.9964
C14: Até 1SM | D14: =(SUM(RGPS_Valor_Dezembro!C63:C64,RGPS_Valor_Dezembro!C150:C151))/1000000 -> 417.05916 | E14: =(SUM(RGPS_Valor_Dezembro!D63:D64,RGPS_Valor_Dezembro!D150:D151))/1000000 -> 496.79283 | F14: =(SUM(RGPS_Valor_Dezembro!E63:E64,RGPS_Valor_Dezembro!E150:E151))/1000000 -> 545.19373 | G14: =(SUM(RGPS_Valor_Dezembro!F63:F64,RGPS_Valor_Dezembro!F150:F151))/1000000 -> 658.85176 | H14: =(SUM(RGPS_Valor_Dezembro!G63:G64,RGPS_Valor_Dezembro!G150:G151))/1000000 -> 802.03296 | I14: =(SUM(RGPS_Valor_Dezembro!H63:H64,RGPS_Valor_Dezembro!H150:H151))/1000000 -> 902.25611 | J14: =(SUM(RGPS_Valor_Dezembro!I63:I64,RGPS_Valor_Dezembro!I150:I151))/1000000 -> 1009.1575 | K14: =(SUM(RGPS_Valor_Dezembro!J63:J64,RGPS_Valor_Dezembro!J150:J151))/1000000 -> 1167.495 | ... O14: =(SUM(RGPS_Valor_Dezembro!N63:N64,RGPS_Valor_Dezembro!N150:N151))/1000000 -> 1824.9557 | P14: 1961.9228 | Q14: =(SUM(RGPS_Valor_Dezembro!O63:O64,RGPS_Valor_Dezembro!O150:O151))/1000000 -> 333.17233 | R14: =(SUM(RGPS_Valor_Dezembro!P63:P64,RGPS_Valor_Dezembro!P150:P151))/1000000 -> 409.81756 | S14: =(SUM(RGPS_Valor_Dezembro!Q63:Q64,RGPS_Valor_Dezembro!Q150:Q151))/1000000 -> 456.41246 | T14: =(SUM(RGPS_Valor_Dezembro!R63:R64,RGPS_Valor_Dezembro!R150:R151))/1000000 -> 541.82002 | U14: =(SUM(RGPS_Valor_Dezembro!S63:S64,RGPS_Valor_Dezembro!S150:S151))/1000000 -> 648.6857 | V14: =(SUM(RGPS_Valor_Dezembro!T63:T64,RGPS_Valor_Dezembro!T150:T151))/1000000 -> 724.7329 | W14: =(SUM(RGPS_Valor_Dezembro!U63:U64,RGPS_Valor_Dezembro!U150:U151))/1000000 -> 815.66396 | X14: =(SUM(RGPS_Valor_Dezembro!V63:V64,RGPS_Valor_Dezembro!V150:V151))/1000000 -> 939.74005 | ... AB14: =(SUM(RGPS_Valor_Dezembro!Z63:Z64,RGPS_Valor_Dezembro!Z150:Z151))/1000000 -> 1506.4179 | AC14: 1639.6837 | AD14: =(SUM(RGPS_Valor_Dezembro!AA63:AA64,RGPS_Valor_Dezembro!AA150:AA151))/1000000 -> 750.23149 | AE14: =(SUM(RGPS_Valor_Dezembro!AB63:AB64,RGPS_Valor_Dezembro!AB150:AB151))/1000000 -> 906.61039 | AF14: =(SUM(RGPS_Valor_Dezembro!AC63:AC64,RGPS_Valor_Dezembro!AC150:AC151))/1000000 -> 1001.6062 | AG14: =(SUM(RGPS_Valor_Dezembro!AD63:AD64,RGPS_Valor_Dezembro!AD150:AD151))/1000000 -> 1200.6718 | AH14: =(SUM(RGPS_Valor_Dezembro!AE63:AE64,RGPS_Valor_Dezembro!AE150:AE151))/1000000 -> 1450.7187 | AI14: =(SUM(RGPS_Valor_Dezembro!AF63:AF64,RGPS_Valor_Dezembro!AF150:AF151))/1000000 -> 1626.989 | AJ14: =(SUM(RGPS_Valor_Dezembro!AG63:AG64,RGPS_Valor_Dezembro!AG150:AG151))/1000000 -> 1824.8215 | AK14: =(SUM(RGPS_Valor_Dezembro!AH63:AH64,RGPS_Valor_Dezembro!AH150:AH151))/1000000 -> 2107.2351 | ... AO14: =(SUM(RGPS_Valor_Dezembro!AL63:AL64,RGPS_Valor_Dezembro!AL150:AL151))/1000000 -> 3331.3737 | AP14: =AO14 -> 3331.3737
C15: Acima de 1SM | D15: =(D13-D14) -> 916.32013 | E15: =(E13-E14) -> 1154.2915 | F15: =(F13-F14) -> 1329.6868 | G15: =(G13-G14) -> 1458.0976 | H15: =(H13-H14) -> 1596.0494 | I15: =(I13-I14) -> 1731.5568 | J15: =(J13-J14) -> 1917.1356 | K15: =(K13-K14) -> 2131.7071 | ... O15: =(O13-O14) -> 3368.2955 | P15: =P13-P14 -> 3718.691 | Q15: =(Q13-Q14) -> 9.8852109 | R15: =(R13-R14) -> 13.057633 | S15: =(S13-S14) -> 14.238201 | T15: =(T13-T14) -> 14.217319 | U15: =(U13-U14) -> 14.112887 | V15: =(V13-V14) -> 14.344975 | W15: =(W13-W14) -> 15.235444 | X15: =(X13-X14) -> 15.97713 | ... AB15: =(AB13-AB14) -> 21.32721 | AC15: =AC13-AC14 -> 22.843921 | AD15: =(AD13-AD14) -> 926.20534 | AE15: =(AE13-AE14) -> 1167.3492 | AF15: =(AF13-AF14) -> 1343.925 | AG15: =(AG13-AG14) -> 1472.3149 | AH15: =(AH13-AH14) -> 1610.1623 | AI15: =(AI13-AI14) -> 1745.9018 | AJ15: =(AJ13-AJ14) -> 1932.371 | AK15: =(AK13-AK14) -> 2147.6843 | ... AO15: =(AO13-AO14) -> 3389.6227 | AP15: =AO15 -> 3389.6227
B16: Auxílio-Doença | C16: Total | D16: =(RGPS_Valor_Dezembro!C77+RGPS_Valor_Dezembro!C163)/1000000 -> 414.41631 | E16: =(RGPS_Valor_Dezembro!D77+RGPS_Valor_Dezembro!D163)/1000000 -> 642.89456 | F16: =(RGPS_Valor_Dezembro!E77+RGPS_Valor_Dezembro!E163)/1000000 -> 864.59223 | G16: =(RGPS_Valor_Dezembro!F77+RGPS_Valor_Dezembro!F163)/1000000 -> 1002.3255 | H16: =(RGPS_Valor_Dezembro!G77+RGPS_Valor_Dezembro!G163)/1000000 -> 1047.3447 | I16: =(RGPS_Valor_Dezembro!H77+RGPS_Valor_Dezembro!H163)/1000000 -> 959.33014 | J16: =(RGPS_Valor_Dezembro!I77+RGPS_Valor_Dezembro!I163)/1000000 -> 952.69325 | K16: =(RGPS_Valor_Dezembro!J77+RGPS_Valor_Dezembro!J163)/1000000 -> 937.90174 | ... O16: =(RGPS_Valor_Dezembro!N77+RGPS_Valor_Dezembro!N163)/1000000 -> 1552.9376 | P16: 1671.1713 | Q16: =(RGPS_Valor_Dezembro!O77+RGPS_Valor_Dezembro!O163)/1000000 -> 27.045196 | R16: =(RGPS_Valor_Dezembro!P77+RGPS_Valor_Dezembro!P163)/1000000 -> 37.143509 | S16: =(RGPS_Valor_Dezembro!Q77+RGPS_Valor_Dezembro!Q163)/1000000 -> 44.369956 | T16: =(RGPS_Valor_Dezembro!R77+RGPS_Valor_Dezembro!R163)/1000000 -> 48.650357 | U16: =(RGPS_Valor_Dezembro!S77+RGPS_Valor_Dezembro!S163)/1000000 -> 49.227692 | V16: =(RGPS_Valor_Dezembro!T77+RGPS_Valor_Dezembro!T163)/1000000 -> 49.397634 | W16: =(RGPS_Valor_Dezembro!U77+RGPS_Valor_Dezembro!U163)/1000000 -> 53.057282 | X16: =(RGPS_Valor_Dezembro!V77+RGPS_Valor_Dezembro!V163)/1000000 -> 60.141605 | ... AB16: =(RGPS_Valor_Dezembro!Z77+RGPS_Valor_Dezembro!Z163)/1000000 -> 126.79175 | AC16: 145.49198 | AD16: =(RGPS_Valor_Dezembro!AA77+RGPS_Valor_Dezembro!AA163)/1000000 -> 441.46151 | AE16: =(RGPS_Valor_Dezembro!AB77+RGPS_Valor_Dezembro!AB163)/1000000 -> 680.03807 | AF16: =(RGPS_Valor_Dezembro!AC77+RGPS_Valor_Dezembro!AC163)/1000000 -> 908.96219 | AG16: =(RGPS_Valor_Dezembro!AD77+RGPS_Valor_Dezembro!AD163)/1000000 -> 1050.9759 | AH16: =(RGPS_Valor_Dezembro!AE77+RGPS_Valor_Dezembro!AE163)/1000000 -> 1096.5724 | AI16: =(RGPS_Valor_Dezembro!AF77+RGPS_Valor_Dezembro!AF163)/1000000 -> 1008.7278 | AJ16: =(RGPS_Valor_Dezembro!AG77+RGPS_Valor_Dezembro!AG163)/1000000 -> 1005.7505 | AK16: =(RGPS_Valor_Dezembro!AH77+RGPS_Valor_Dezembro!AH163)/1000000 -> 998.04334 | ... AO16: =(RGPS_Valor_Dezembro!AL77+RGPS_Valor_Dezembro!AL163)/1000000 -> 1679.7293 | AP16: =AO16 -> 1679.7293
C17: Até 1SM | D17: =(SUM(RGPS_Valor_Dezembro!C78:C79,RGPS_Valor_Dezembro!C164:C165))/1000000 -> 35.414614 | E17: =(SUM(RGPS_Valor_Dezembro!D78:D79,RGPS_Valor_Dezembro!D164:D165))/1000000 -> 47.60245 | F17: =(SUM(RGPS_Valor_Dezembro!E78:E79,RGPS_Valor_Dezembro!E164:E165))/1000000 -> 74.528965 | G17: =(SUM(RGPS_Valor_Dezembro!F78:F79,RGPS_Valor_Dezembro!F164:F165))/1000000 -> 100.51782 | H17: =(SUM(RGPS_Valor_Dezembro!G78:G79,RGPS_Valor_Dezembro!G164:G165))/1000000 -> 131.2413 | I17: =(SUM(RGPS_Valor_Dezembro!H78:H79,RGPS_Valor_Dezembro!H164:H165))/1000000 -> 130.29184 | J17: =(SUM(RGPS_Valor_Dezembro!I78:I79,RGPS_Valor_Dezembro!I164:I165))/1000000 -> 138.77202 | K17: =(SUM(RGPS_Valor_Dezembro!J78:J79,RGPS_Valor_Dezembro!J164:J165))/1000000 -> 159.52636 | ... O17: =(SUM(RGPS_Valor_Dezembro!N78:N79,RGPS_Valor_Dezembro!N164:N165))/1000000 -> 356.35053 | P17: 391.68139 | Q17: =(SUM(RGPS_Valor_Dezembro!O78:O79,RGPS_Valor_Dezembro!O164:O165))/1000000 -> 21.481862 | R17: =(SUM(RGPS_Valor_Dezembro!P78:P79,RGPS_Valor_Dezembro!P164:P165))/1000000 -> 31.410387 | S17: =(SUM(RGPS_Valor_Dezembro!Q78:Q79,RGPS_Valor_Dezembro!Q164:Q165))/1000000 -> 38.844189 | T17: =(SUM(RGPS_Valor_Dezembro!R78:R79,RGPS_Valor_Dezembro!R164:R165))/1000000 -> 44.801032 | U17: =(SUM(RGPS_Valor_Dezembro!S78:S79,RGPS_Valor_Dezembro!S164:S165))/1000000 -> 47.062235 | V17: =(SUM(RGPS_Valor_Dezembro!T78:T79,RGPS_Valor_Dezembro!T164:T165))/1000000 -> 48.040294 | W17: =(SUM(RGPS_Valor_Dezembro!U78:U79,RGPS_Valor_Dezembro!U164:U165))/1000000 -> 52.253364 | X17: =(SUM(RGPS_Valor_Dezembro!V78:V79,RGPS_Valor_Dezembro!V164:V165))/1000000 -> 59.547947 | ... AB17: =(SUM(RGPS_Valor_Dezembro!Z78:Z79,RGPS_Valor_Dezembro!Z164:Z165))/1000000 -> 126.29953 | AC17: 145.02068 | AD17: =(SUM(RGPS_Valor_Dezembro!AA78:AA79,RGPS_Valor_Dezembro!AA164:AA165))/1000000 -> 56.896476 | AE17: =(SUM(RGPS_Valor_Dezembro!AB78:AB79,RGPS_Valor_Dezembro!AB164:AB165))/1000000 -> 79.012837 | AF17: =(SUM(RGPS_Valor_Dezembro!AC78:AC79,RGPS_Valor_Dezembro!AC164:AC165))/1000000 -> 113.37315 | AG17: =(SUM(RGPS_Valor_Dezembro!AD78:AD79,RGPS_Valor_Dezembro!AD164:AD165))/1000000 -> 145.31885 | AH17: =(SUM(RGPS_Valor_Dezembro!AE78:AE79,RGPS_Valor_Dezembro!AE164:AE165))/1000000 -> 178.30354 | AI17: =(SUM(RGPS_Valor_Dezembro!AF78:AF79,RGPS_Valor_Dezembro!AF164:AF165))/1000000 -> 178.33213 | AJ17: =(SUM(RGPS_Valor_Dezembro!AG78:AG79,RGPS_Valor_Dezembro!AG164:AG165))/1000000 -> 191.02538 | AK17: =(SUM(RGPS_Valor_Dezembro!AH78:AH79,RGPS_Valor_Dezembro!AH164:AH165))/1000000 -> 219.0743 | ... AO17: =(SUM(RGPS_Valor_Dezembro!AL78:AL79,RGPS_Valor_Dezembro!AL164:AL165))/1000000 -> 482.65006 | AP17: =AO17 -> 482.65006
C18: Acima de 1SM | D18: =(D16-D17) -> 379.0017 | E18: =(E16-E17) -> 595.29211 | F18: =(F16-F17) -> 790.06327 | G18: =(G16-G17) -> 901.80769 | H18: =(H16-H17) -> 916.10341 | I18: =(I16-I17) -> 829.0383 | J18: =(J16-J17) -> 813.92123 | K18: =(K16-K17) -> 778.37538 | ... O18: =(O16-O17) -> 1196.587 | P18: =P16-P17 -> 1279.49 | Q18: =(Q16-Q17) -> 5.5633342 | R18: =(R16-R17) -> 5.733122 | S18: =(S16-S17) -> 5.525767 | T18: =(T16-T17) -> 3.849325 | U18: =(U16-U17) -> 2.1654574 | V18: =(V16-V17) -> 1.3573404 | W18: =(W16-W17) -> 0.80391842 | X18: =(X16-X17) -> 0.593658 | ... AB18: =(AB16-AB17) -> 0.49222139 | AC18: =AC16-AC17 -> 0.47130557 | AD18: =(AD16-AD17) -> 384.56503 | AE18: =(AE16-AE17) -> 601.02523 | AF18: =(AF16-AF17) -> 795.58903 | AG18: =(AG16-AG17) -> 905.65702 | AH18: =(AH16-AH17) -> 918.26887 | AI18: =(AI16-AI17) -> 830.39564 | AJ18: =(AJ16-AJ17) -> 814.72515 | AK18: =(AK16-AK17) -> 778.96904 | ... AO18: =(AO16-AO17) -> 1197.0793 | AP18: =AO18 -> 1197.0793
B19: Auxílio-Acidente | C19: Total | D19: =(SUM(RGPS_Valor_Dezembro!C100,RGPS_Valor_Dezembro!C174))/1000000 -> 54.736068 | E19: =(SUM(RGPS_Valor_Dezembro!D100,RGPS_Valor_Dezembro!D174))/1000000 -> 67.765905 | F19: =(SUM(RGPS_Valor_Dezembro!E100,RGPS_Valor_Dezembro!E174))/1000000 -> 73.417447 | G19: =(SUM(RGPS_Valor_Dezembro!F100,RGPS_Valor_Dezembro!F174))/1000000 -> 81.827442 | H19: =(SUM(RGPS_Valor_Dezembro!G100,RGPS_Valor_Dezembro!G174))/1000000 -> 90.521162 | I19: =(SUM(RGPS_Valor_Dezembro!H100,RGPS_Valor_Dezembro!H174))/1000000 -> 97.709113 | J19: =(SUM(RGPS_Valor_Dezembro!I100,RGPS_Valor_Dezembro!I174))/1000000 -> 107.11974 | K19: =(SUM(RGPS_Valor_Dezembro!J100,RGPS_Valor_Dezembro!J174))/1000000 -> 119.51498 | ... O19: =(SUM(RGPS_Valor_Dezembro!N100,RGPS_Valor_Dezembro!N174))/1000000 -> 196.92082 | P19: 219.03338 | Q19: =(SUM(RGPS_Valor_Dezembro!O100,RGPS_Valor_Dezembro!O174))/1000000 -> 0.74282723 | R19: =(SUM(RGPS_Valor_Dezembro!P100,RGPS_Valor_Dezembro!P174))/1000000 -> 0.995726 | S19: =(SUM(RGPS_Valor_Dezembro!Q100,RGPS_Valor_Dezembro!Q174))/1000000 -> 1.183697 | T19: =(SUM(RGPS_Valor_Dezembro!R100,RGPS_Valor_Dezembro!R174))/1000000 -> 1.498337 | U19: =(SUM(RGPS_Valor_Dezembro!S100,RGPS_Valor_Dezembro!S174))/1000000 -> 1.9994814 | V19: =(SUM(RGPS_Valor_Dezembro!T100,RGPS_Valor_Dezembro!T174))/1000000 -> 2.3533768 | W19: =(SUM(RGPS_Valor_Dezembro!U100,RGPS_Valor_Dezembro!U174))/1000000 -> 2.7905584 | X19: =(SUM(RGPS_Valor_Dezembro!V100,RGPS_Valor_Dezembro!V174))/1000000 -> 3.383846 | ... AB19: =(SUM(RGPS_Valor_Dezembro!Z100,RGPS_Valor_Dezembro!Z174))/1000000 -> 6.5628101 | AC19: 7.4129823 | AD19: =(SUM(RGPS_Valor_Dezembro!AA100,RGPS_Valor_Dezembro!AA174))/1000000 -> 55.478895 | AE19: =(SUM(RGPS_Valor_Dezembro!AB100,RGPS_Valor_Dezembro!AB174))/1000000 -> 68.761631 | AF19: =(SUM(RGPS_Valor_Dezembro!AC100,RGPS_Valor_Dezembro!AC174))/1000000 -> 74.601144 | AG19: =(SUM(RGPS_Valor_Dezembro!AD100,RGPS_Valor_Dezembro!AD174))/1000000 -> 83.325779 | AH19: =(SUM(RGPS_Valor_Dezembro!AE100,RGPS_Valor_Dezembro!AE174))/1000000 -> 92.520644 | AI19: =(SUM(RGPS_Valor_Dezembro!AF100,RGPS_Valor_Dezembro!AF174))/1000000 -> 100.06249 | AJ19: =(SUM(RGPS_Valor_Dezembro!AG100,RGPS_Valor_Dezembro!AG174))/1000000 -> 109.9103 | AK19: =(SUM(RGPS_Valor_Dezembro!AH100,RGPS_Valor_Dezembro!AH174))/1000000 -> 122.89883 | ... AO19: =(SUM(RGPS_Valor_Dezembro!AL100,RGPS_Valor_Dezembro!AL174))/1000000 -> 203.48363 | AP19: =AO19 -> 203.48363
C20: Até 1SM | D20: =(SUM(RGPS_Valor_Dezembro!C175:C176,RGPS_Valor_Dezembro!C101:C102))/1000000 -> 18.634055 | E20: =(SUM(RGPS_Valor_Dezembro!D175:D176,RGPS_Valor_Dezembro!D101:D102))/1000000 -> 22.276745 | F20: =(SUM(RGPS_Valor_Dezembro!E175:E176,RGPS_Valor_Dezembro!E101:E102))/1000000 -> 24.241155 | G20: =(SUM(RGPS_Valor_Dezembro!F175:F176,RGPS_Valor_Dezembro!F101:F102))/1000000 -> 28.810208 | H20: =(SUM(RGPS_Valor_Dezembro!G175:G176,RGPS_Valor_Dezembro!G101:G102))/1000000 -> 35.07594 | I20: =(SUM(RGPS_Valor_Dezembro!H175:H176,RGPS_Valor_Dezembro!H101:H102))/1000000 -> 38.873554 | J20: =(SUM(RGPS_Valor_Dezembro!I175:I176,RGPS_Valor_Dezembro!I101:I102))/1000000 -> 43.447364 | K20: =(SUM(RGPS_Valor_Dezembro!J175:J176,RGPS_Valor_Dezembro!J101:J102))/1000000 -> 50.191 | ... O20: =(SUM(RGPS_Valor_Dezembro!N175:N176,RGPS_Valor_Dezembro!N101:N102))/1000000 -> 89.008673 | P20: 100.32181 | Q20: =(SUM(RGPS_Valor_Dezembro!O175:O176,RGPS_Valor_Dezembro!O101:O102))/1000000 -> 0.63964431 | R20: =(SUM(RGPS_Valor_Dezembro!P175:P176,RGPS_Valor_Dezembro!P101:P102))/1000000 -> 0.862612 | S20: =(SUM(RGPS_Valor_Dezembro!Q175:Q176,RGPS_Valor_Dezembro!Q101:Q102))/1000000 -> 1.042983 | T20: =(SUM(RGPS_Valor_Dezembro!R175:R176,RGPS_Valor_Dezembro!R101:R102))/1000000 -> 1.359452 | U20: =(SUM(RGPS_Valor_Dezembro!S175:S176,RGPS_Valor_Dezembro!S101:S102))/1000000 -> 1.8816302 | V20: =(SUM(RGPS_Valor_Dezembro!T175:T176,RGPS_Valor_Dezembro!T101:T102))/1000000 -> 2.2470374 | W20: =(SUM(RGPS_Valor_Dezembro!U175:U176,RGPS_Valor_Dezembro!U101:U102))/1000000 -> 2.6883681 | X20: =(SUM(RGPS_Valor_Dezembro!V175:V176,RGPS_Valor_Dezembro!V101:V102))/1000000 -> 3.2887442 | ... AB20: =(SUM(RGPS_Valor_Dezembro!Z175:Z176,RGPS_Valor_Dezembro!Z101:Z102))/1000000 -> 6.4510215 | AC20: 7.2967392 | AD20: =(SUM(RGPS_Valor_Dezembro!AA175:AA176,RGPS_Valor_Dezembro!AA101:AA102))/1000000 -> 19.273699 | AE20: =(SUM(RGPS_Valor_Dezembro!AB175:AB176,RGPS_Valor_Dezembro!AB101:AB102))/1000000 -> 23.139357 | AF20: =(SUM(RGPS_Valor_Dezembro!AC175:AC176,RGPS_Valor_Dezembro!AC101:AC102))/1000000 -> 25.284138 | AG20: =(SUM(RGPS_Valor_Dezembro!AD175:AD176,RGPS_Valor_Dezembro!AD101:AD102))/1000000 -> 30.16966 | AH20: =(SUM(RGPS_Valor_Dezembro!AE175:AE176,RGPS_Valor_Dezembro!AE101:AE102))/1000000 -> 36.95757 | AI20: =(SUM(RGPS_Valor_Dezembro!AF175:AF176,RGPS_Valor_Dezembro!AF101:AF102))/1000000 -> 41.120591 | AJ20: =(SUM(RGPS_Valor_Dezembro!AG175:AG176,RGPS_Valor_Dezembro!AG101:AG102))/1000000 -> 46.135732 | AK20: =(SUM(RGPS_Valor_Dezembro!AH175:AH176,RGPS_Valor_Dezembro!AH101:AH102))/1000000 -> 53.479744 | ... AO20: =(SUM(RGPS_Valor_Dezembro!AL175:AL176,RGPS_Valor_Dezembro!AL101:AL102))/1000000 -> 95.459694 | AP20: =AO20 -> 95.459694
C21: Acima de 1SM | D21: =(D19-D20) -> 36.102014 | E21: =(E19-E20) -> 45.48916 | F21: =(F19-F20) -> 49.176292 | G21: =(G19-G20) -> 53.017234 | H21: =(H19-H20) -> 55.445222 | I21: =(I19-I20) -> 58.835559 | J21: =(J19-J20) -> 63.672379 | K21: =(K19-K20) -> 69.323979 | ... O21: =(O19-O20) -> 107.91215 | P21: =P19-P20 -> 118.71158 | Q21: =(Q19-Q20) -> 0.10318292 | R21: =(R19-R20) -> 0.133114 | S21: =(S19-S20) -> 0.140714 | T21: =(T19-T20) -> 0.138885 | U21: =(U19-U20) -> 0.11785118 | V21: =(V19-V20) -> 0.10633936 | W21: =(W19-W20) -> 0.10219034 | X21: =(X19-X20) -> 0.09510173 | ... AB21: =(AB19-AB20) -> 0.11178861 | AC21: =AC19-AC20 -> 0.11624308 | AD21: =(AD19-AD20) -> 36.205197 | AE21: =(AE19-AE20) -> 45.622274 | AF21: =(AF19-AF20) -> 49.317006 | AG21: =(AG19-AG20) -> 53.156119 | AH21: =(AH19-AH20) -> 55.563073 | AI21: =(AI19-AI20) -> 58.941898 | AJ21: =(AJ19-AJ20) -> 63.77457 | AK21: =(AK19-AK20) -> 69.419081 | ... AO21: =(AO19-AO20) -> 108.02394 | AP21: =AO21 -> 108.02394
B22: Outros | C22: Total | D22: =(SUM(RGPS_Valor_Dezembro!C89,RGPS_Valor_Dezembro!C108,RGPS_Valor_Dezembro!C123,RGPS_Valor_Dezembro!C188))/1000000 -> 69.284755 | E22: =(SUM(RGPS_Valor_Dezembro!D89,RGPS_Valor_Dezembro!D108,RGPS_Valor_Dezembro!D123,RGPS_Valor_Dezembro!D188))/1000000 -> 29.672223 | F22: =(SUM(RGPS_Valor_Dezembro!E89,RGPS_Valor_Dezembro!E108,RGPS_Valor_Dezembro!E123,RGPS_Valor_Dezembro!E188))/1000000 -> 25.356818 | G22: =(SUM(RGPS_Valor_Dezembro!F89,RGPS_Valor_Dezembro!F108,RGPS_Valor_Dezembro!F123,RGPS_Valor_Dezembro!F188))/1000000 -> 26.348176 | H22: =(SUM(RGPS_Valor_Dezembro!G89,RGPS_Valor_Dezembro!G108,RGPS_Valor_Dezembro!G123,RGPS_Valor_Dezembro!G188))/1000000 -> 28.900291 | I22: =(SUM(RGPS_Valor_Dezembro!H89,RGPS_Valor_Dezembro!H108,RGPS_Valor_Dezembro!H123,RGPS_Valor_Dezembro!H188))/1000000 -> 33.945967 | J22: =(SUM(RGPS_Valor_Dezembro!I89,RGPS_Valor_Dezembro!I108,RGPS_Valor_Dezembro!I123,RGPS_Valor_Dezembro!I188))/1000000 -> 40.808084 | K22: =(SUM(RGPS_Valor_Dezembro!J89,RGPS_Valor_Dezembro!J108,RGPS_Valor_Dezembro!J123,RGPS_Valor_Dezembro!J188))/1000000 -> 55.035515 | ... O22: =(SUM(RGPS_Valor_Dezembro!N89,RGPS_Valor_Dezembro!N108,RGPS_Valor_Dezembro!N123,RGPS_Valor_Dezembro!N188))/1000000 -> 100.83226 | P22: 134.10625 | Q22: =(SUM(RGPS_Valor_Dezembro!O89,RGPS_Valor_Dezembro!O108,RGPS_Valor_Dezembro!O123,RGPS_Valor_Dezembro!O188))/1000000 -> 5.2881394 | R22: =(SUM(RGPS_Valor_Dezembro!P89,RGPS_Valor_Dezembro!P108,RGPS_Valor_Dezembro!P123,RGPS_Valor_Dezembro!P188))/1000000 -> 5.372732 | S22: =(SUM(RGPS_Valor_Dezembro!Q89,RGPS_Valor_Dezembro!Q108,RGPS_Valor_Dezembro!Q123,RGPS_Valor_Dezembro!Q188))/1000000 -> 5.668718 | T22: =(SUM(RGPS_Valor_Dezembro!R89,RGPS_Valor_Dezembro!R108,RGPS_Valor_Dezembro!R123,RGPS_Valor_Dezembro!R188))/1000000 -> 5.59247 | U22: =(SUM(RGPS_Valor_Dezembro!S89,RGPS_Valor_Dezembro!S108,RGPS_Valor_Dezembro!S123,RGPS_Valor_Dezembro!S188))/1000000 -> 6.2103851 | V22: =(SUM(RGPS_Valor_Dezembro!T89,RGPS_Valor_Dezembro!T108,RGPS_Valor_Dezembro!T123,RGPS_Valor_Dezembro!T188))/1000000 -> 6.2702562 | W22: =(SUM(RGPS_Valor_Dezembro!U89,RGPS_Valor_Dezembro!U108,RGPS_Valor_Dezembro!U123,RGPS_Valor_Dezembro!U188))/1000000 -> 7.8687956 | X22: =(SUM(RGPS_Valor_Dezembro!V89,RGPS_Valor_Dezembro!V108,RGPS_Valor_Dezembro!V123,RGPS_Valor_Dezembro!V188))/1000000 -> 9.6756979 | ... AB22: =(SUM(RGPS_Valor_Dezembro!Z89,RGPS_Valor_Dezembro!Z108,RGPS_Valor_Dezembro!Z123,RGPS_Valor_Dezembro!Z188))/1000000 -> 12.453669 | AC22: 16.143698 | AD22: =(SUM(RGPS_Valor_Dezembro!AA89,RGPS_Valor_Dezembro!AA108,RGPS_Valor_Dezembro!AA123,RGPS_Valor_Dezembro!AA188))/1000000 -> 74.572895 | AE22: =(SUM(RGPS_Valor_Dezembro!AB89,RGPS_Valor_Dezembro!AB108,RGPS_Valor_Dezembro!AB123,RGPS_Valor_Dezembro!AB188))/1000000 -> 35.044955 | AF22: =(SUM(RGPS_Valor_Dezembro!AC89,RGPS_Valor_Dezembro!AC108,RGPS_Valor_Dezembro!AC123,RGPS_Valor_Dezembro!AC188))/1000000 -> 31.025536 | AG22: =(SUM(RGPS_Valor_Dezembro!AD89,RGPS_Valor_Dezembro!AD108,RGPS_Valor_Dezembro!AD123,RGPS_Valor_Dezembro!AD188))/1000000 -> 31.940646 | AH22: =(SUM(RGPS_Valor_Dezembro!AE89,RGPS_Valor_Dezembro!AE108,RGPS_Valor_Dezembro!AE123,RGPS_Valor_Dezembro!AE188))/1000000 -> 35.110676 | AI22: =(SUM(RGPS_Valor_Dezembro!AF89,RGPS_Valor_Dezembro!AF108,RGPS_Valor_Dezembro!AF123,RGPS_Valor_Dezembro!AF188))/1000000 -> 40.216223 | AJ22: =(SUM(RGPS_Valor_Dezembro!AG89,RGPS_Valor_Dezembro!AG108,RGPS_Valor_Dezembro!AG123,RGPS_Valor_Dezembro!AG188))/1000000 -> 48.676879 | AK22: =(SUM(RGPS_Valor_Dezembro!AH89,RGPS_Valor_Dezembro!AH108,RGPS_Valor_Dezembro!AH123,RGPS_Valor_Dezembro!AH188))/1000000 -> 64.711213 | ... AO22: =(SUM(RGPS_Valor_Dezembro!AL89,RGPS_Valor_Dezembro!AL108,RGPS_Valor_Dezembro!AL123,RGPS_Valor_Dezembro!AL188))/1000000 -> 113.28593 | AP22: =AO22 -> 113.28593
C23: Até 1SM | D23: =(SUM(RGPS_Valor_Dezembro!C90:C91,RGPS_Valor_Dezembro!C109:C110,RGPS_Valor_Dezembro!C124:C125,RGPS_Valor_Dezembro!C189:C190))/1000000 -> 10.546322 | E23: =(SUM(RGPS_Valor_Dezembro!D90:D91,RGPS_Valor_Dezembro!D109:D110,RGPS_Valor_Dezembro!D124:D125,RGPS_Valor_Dezembro!D189:D190))/1000000 -> 11.648492 | F23: =(SUM(RGPS_Valor_Dezembro!E90:E91,RGPS_Valor_Dezembro!E109:E110,RGPS_Valor_Dezembro!E124:E125,RGPS_Valor_Dezembro!E189:E190))/1000000 -> 12.701229 | G23: =(SUM(RGPS_Valor_Dezembro!F90:F91,RGPS_Valor_Dezembro!F109:F110,RGPS_Valor_Dezembro!F124:F125,RGPS_Valor_Dezembro!F189:F190))/1000000 -> 13.729275 | H23: =(SUM(RGPS_Valor_Dezembro!G90:G91,RGPS_Valor_Dezembro!G109:G110,RGPS_Valor_Dezembro!G124:G125,RGPS_Valor_Dezembro!G189:G190))/1000000 -> 16.076899 | I23: =(SUM(RGPS_Valor_Dezembro!H90:H91,RGPS_Valor_Dezembro!H109:H110,RGPS_Valor_Dezembro!H124:H125,RGPS_Valor_Dezembro!H189:H190))/1000000 -> 18.062811 | J23: =(SUM(RGPS_Valor_Dezembro!I90:I91,RGPS_Valor_Dezembro!I109:I110,RGPS_Valor_Dezembro!I124:I125,RGPS_Valor_Dezembro!I189:I190))/1000000 -> 21.26282 | K23: =(SUM(RGPS_Valor_Dezembro!J90:J91,RGPS_Valor_Dezembro!J109:J110,RGPS_Valor_Dezembro!J124:J125,RGPS_Valor_Dezembro!J189:J190))/1000000 -> 29.065218 | ... O23: =(SUM(RGPS_Valor_Dezembro!N90:N91,RGPS_Valor_Dezembro!N109:N110,RGPS_Valor_Dezembro!N124:N125,RGPS_Valor_Dezembro!N189:N190))/1000000 -> 62.418353 | P23: 83.016007 | Q23: =(SUM(RGPS_Valor_Dezembro!O90:O91,RGPS_Valor_Dezembro!O109:O110,RGPS_Valor_Dezembro!O124:O125,RGPS_Valor_Dezembro!O189:O190))/1000000 -> 5.0883726 | R23: =(SUM(RGPS_Valor_Dezembro!P90:P91,RGPS_Valor_Dezembro!P109:P110,RGPS_Valor_Dezembro!P124:P125,RGPS_Valor_Dezembro!P189:P190))/1000000 -> 5.214873 | S23: =(SUM(RGPS_Valor_Dezembro!Q90:Q91,RGPS_Valor_Dezembro!Q109:Q110,RGPS_Valor_Dezembro!Q124:Q125,RGPS_Valor_Dezembro!Q189:Q190))/1000000 -> 5.490114 | T23: =(SUM(RGPS_Valor_Dezembro!R90:R91,RGPS_Valor_Dezembro!R109:R110,RGPS_Valor_Dezembro!R124:R125,RGPS_Valor_Dezembro!R189:R190))/1000000 -> 5.38688 | U23: =(SUM(RGPS_Valor_Dezembro!S90:S91,RGPS_Valor_Dezembro!S109:S110,RGPS_Valor_Dezembro!S124:S125,RGPS_Valor_Dezembro!S189:S190))/1000000 -> 6.0247081 | V23: =(SUM(RGPS_Valor_Dezembro!T90:T91,RGPS_Valor_Dezembro!T109:T110,RGPS_Valor_Dezembro!T124:T125,RGPS_Valor_Dezembro!T189:T190))/1000000 -> 6.0724795 | W23: =(SUM(RGPS_Valor_Dezembro!U90:U91,RGPS_Valor_Dezembro!U109:U110,RGPS_Valor_Dezembro!U124:U125,RGPS_Valor_Dezembro!U189:U190))/1000000 -> 7.6731407 | X23: =(SUM(RGPS_Valor_Dezembro!V90:V91,RGPS_Valor_Dezembro!V109:V110,RGPS_Valor_Dezembro!V124:V125,RGPS_Valor_Dezembro!V189:V190))/1000000 -> 9.4605941 | ... AB23: =(SUM(RGPS_Valor_Dezembro!Z90:Z91,RGPS_Valor_Dezembro!Z109:Z110,RGPS_Valor_Dezembro!Z124:Z125,RGPS_Valor_Dezembro!Z189:Z190))/1000000 -> 12.252993 | AC23: 15.883562 | AD23: =(SUM(RGPS_Valor_Dezembro!AA90:AA91,RGPS_Valor_Dezembro!AA109:AA110,RGPS_Valor_Dezembro!AA124:AA125,RGPS_Valor_Dezembro!AA189:AA190))/1000000 -> 15.634695 | AE23: =(SUM(RGPS_Valor_Dezembro!AB90:AB91,RGPS_Valor_Dezembro!AB109:AB110,RGPS_Valor_Dezembro!AB124:AB125,RGPS_Valor_Dezembro!AB189:AB190))/1000000 -> 16.863365 | AF23: =(SUM(RGPS_Valor_Dezembro!AC90:AC91,RGPS_Valor_Dezembro!AC109:AC110,RGPS_Valor_Dezembro!AC124:AC125,RGPS_Valor_Dezembro!AC189:AC190))/1000000 -> 18.191343 | AG23: =(SUM(RGPS_Valor_Dezembro!AD90:AD91,RGPS_Valor_Dezembro!AD109:AD110,RGPS_Valor_Dezembro!AD124:AD125,RGPS_Valor_Dezembro!AD189:AD190))/1000000 -> 19.116155 | AH23: =(SUM(RGPS_Valor_Dezembro!AE90:AE91,RGPS_Valor_Dezembro!AE109:AE110,RGPS_Valor_Dezembro!AE124:AE125,RGPS_Valor_Dezembro!AE189:AE190))/1000000 -> 22.101607 | AI23: =(SUM(RGPS_Valor_Dezembro!AF90:AF91,RGPS_Valor_Dezembro!AF109:AF110,RGPS_Valor_Dezembro!AF124:AF125,RGPS_Valor_Dezembro!AF189:AF190))/1000000 -> 24.135291 | AJ23: =(SUM(RGPS_Valor_Dezembro!AG90:AG91,RGPS_Valor_Dezembro!AG109:AG110,RGPS_Valor_Dezembro!AG124:AG125,RGPS_Valor_Dezembro!AG189:AG190))/1000000 -> 28.935961 | AK23: =(SUM(RGPS_Valor_Dezembro!AH90:AH91,RGPS_Valor_Dezembro!AH109:AH110,RGPS_Valor_Dezembro!AH124:AH125,RGPS_Valor_Dezembro!AH189:AH190))/1000000 -> 38.525812 | ... AO23: =(SUM(RGPS_Valor_Dezembro!AL90:AL91,RGPS_Valor_Dezembro!AL109:AL110,RGPS_Valor_Dezembro!AL124:AL125,RGPS_Valor_Dezembro!AL189:AL190))/1000000 -> 74.671346 | AP23: =AO23 -> 74.671346
C24: Acima de 1SM | D24: =(D22-D23) -> 58.738433 | E24: =(E22-E23) -> 18.023731 | F24: =(F22-F23) -> 12.655589 | G24: =(G22-G23) -> 12.618901 | H24: =(H22-H23) -> 12.823392 | I24: =(I22-I23) -> 15.883155 | J24: =(J22-J23) -> 19.545263 | K24: =(K22-K23) -> 25.970297 | ... O24: =(O22-O23) -> 38.413905 | P24: =P22-P23 -> 51.090246 | Q24: =(Q22-Q23) -> 0.1997668 | R24: =(R22-R23) -> 0.157859 | S24: =(S22-S23) -> 0.178604 | T24: =(T22-T23) -> 0.20559 | U24: =(U22-U23) -> 0.18567706 | V24: =(V22-V23) -> 0.19777668 | W24: =(W22-W23) -> 0.19565491 | X24: =(X22-X23) -> 0.21510385 | ... AB24: =(AB22-AB23) -> 0.20067573 | AC24: =AC22-AC23 -> 0.26013607 | AD24: =(AD22-AD23) -> 58.9382 | AE24: =(AE22-AE23) -> 18.18159 | AF24: =(AF22-AF23) -> 12.834193 | AG24: =(AG22-AG23) -> 12.824491 | AH24: =(AH22-AH23) -> 13.009069 | AI24: =(AI22-AI23) -> 16.080932 | AJ24: =(AJ22-AJ23) -> 19.740918 | AK24: =(AK22-AK23) -> 26.185401 | ... AO24: =(AO22-AO23) -> 38.614581 | AP24: =AO24 -> 38.614581
B25: TOTAL | C25: Total | D25: =(RGPS_Valor_Dezembro!C4)/1000000 -> 5538.6038 | E25: =(RGPS_Valor_Dezembro!D4)/1000000 -> 6939.7439 | F25: =(RGPS_Valor_Dezembro!E4)/1000000 -> 7955.5971 | G25: =(RGPS_Valor_Dezembro!F4)/1000000 -> 8978.4298 | H25: =(RGPS_Valor_Dezembro!G4)/1000000 -> 9936.0209 | I25: =(RGPS_Valor_Dezembro!H4)/1000000 -> 10651.258 | J25: =(RGPS_Valor_Dezembro!I4)/1000000 -> 11737.979 | K25: =(RGPS_Valor_Dezembro!J4)/1000000 -> 13100.364 | ... O25: =(RGPS_Valor_Dezembro!N4)/1000000 -> 20790.808 | P25: =SUM(P4,P7,P10,P13,P16,P19,P22) -> 21874.47 | Q25: =(RGPS_Valor_Dezembro!O4)/1000000 -> 1328.1487 | R25: =(RGPS_Valor_Dezembro!P4)/1000000 -> 1638.538 | S25: =(RGPS_Valor_Dezembro!Q4)/1000000 -> 1823.0824 | T25: =(RGPS_Valor_Dezembro!R4)/1000000 -> 2154.4022 | U25: =(RGPS_Valor_Dezembro!S4)/1000000 -> 2568.7485 | V25: =(RGPS_Valor_Dezembro!T4)/1000000 -> 2859.1832 | W25: =(RGPS_Valor_Dezembro!U4)/1000000 -> 3220.4649 | X25: =(RGPS_Valor_Dezembro!V4)/1000000 -> 3724.4034 | ... AB25: =(RGPS_Valor_Dezembro!Z4)/1000000 -> 6068.3903 | AC25: =SUM(AC4,AC7,AC10,AC13,AC16,AC19,AC22) -> 6637.9589 | AD25: =(RGPS_Valor_Dezembro!AA4)/1000000 -> 6866.7525 | AE25: =(RGPS_Valor_Dezembro!AB4)/1000000 -> 8578.2819 | AF25: =(RGPS_Valor_Dezembro!AC4)/1000000 -> 9778.6795 | AG25: =(RGPS_Valor_Dezembro!AD4)/1000000 -> 11132.832 | AH25: =(RGPS_Valor_Dezembro!AE4)/1000000 -> 12504.769 | AI25: =(RGPS_Valor_Dezembro!AF4)/1000000 -> 13510.441 | AJ25: =(RGPS_Valor_Dezembro!AG4)/1000000 -> 14958.444 | AK25: =(RGPS_Valor_Dezembro!AH4)/1000000 -> 16824.767 | ... AO25: =(RGPS_Valor_Dezembro!AL4)/1000000 -> 26859.199 | AP25: =AO25 -> 26859.199 | AQ25: 12
C26: Até 1SM | D26: =(SUM(RGPS_Valor_Dezembro!C5:C6))/1000000 -> 995.35333 | E26: =(SUM(RGPS_Valor_Dezembro!D5:D6))/1000000 -> 1201.6923 | F26: =(SUM(RGPS_Valor_Dezembro!E5:E6))/1000000 -> 1374.093 | G26: =(SUM(RGPS_Valor_Dezembro!F5:F6))/1000000 -> 1701.3735 | H26: =(SUM(RGPS_Valor_Dezembro!G5:G6))/1000000 -> 2125.2677 | I26: =(SUM(RGPS_Valor_Dezembro!H5:H6))/1000000 -> 2401.2333 | J26: =(SUM(RGPS_Valor_Dezembro!I5:I6))/1000000 -> 2729.3652 | K26: =(SUM(RGPS_Valor_Dezembro!J5:J6))/1000000 -> 3235.1903 | ... O26: =(SUM(RGPS_Valor_Dezembro!N5:N6))/1000000 -> 5585.8798 | P26: =SUM(P5,P8,P11,P14,P17,P20,P23) -> 6152.3493 | Q26: =(SUM(RGPS_Valor_Dezembro!O5:O6))/1000000 -> 1294.4395 | R26: =(SUM(RGPS_Valor_Dezembro!P5:P6))/1000000 -> 1595.9864 | S26: =(SUM(RGPS_Valor_Dezembro!Q5:Q6))/1000000 -> 1777.935 | T26: =(SUM(RGPS_Valor_Dezembro!R5:R6))/1000000 -> 2109.3071 | U26: =(SUM(RGPS_Valor_Dezembro!S5:S6))/1000000 -> 2525.3977 | V26: =(SUM(RGPS_Valor_Dezembro!T5:T6))/1000000 -> 2815.8778 | W26: =(SUM(RGPS_Valor_Dezembro!U5:U6))/1000000 -> 3175.6046 | X26: =(SUM(RGPS_Valor_Dezembro!V5:V6))/1000000 -> 3677.9672 | ... AB26: =(SUM(RGPS_Valor_Dezembro!Z5:Z6))/1000000 -> 6007.5446 | AC26: =SUM(AC5,AC8,AC11,AC14,AC17,AC20,AC23) -> 6572.0805 | AD26: =(SUM(RGPS_Valor_Dezembro!AA5:AA6))/1000000 -> 2289.7928 | AE26: =(SUM(RGPS_Valor_Dezembro!AB5:AB6))/1000000 -> 2797.6787 | AF26: =(SUM(RGPS_Valor_Dezembro!AC5:AC6))/1000000 -> 3152.028 | AG26: =(SUM(RGPS_Valor_Dezembro!AD5:AD6))/1000000 -> 3810.6806 | AH26: =(SUM(RGPS_Valor_Dezembro!AE5:AE6))/1000000 -> 4650.6654 | AI26: =(SUM(RGPS_Valor_Dezembro!AF5:AF6))/1000000 -> 5217.1111 | AJ26: =(SUM(RGPS_Valor_Dezembro!AG5:AG6))/1000000 -> 5904.9699 | AK26: =(SUM(RGPS_Valor_Dezembro!AH5:AH6))/1000000 -> 6913.1575 | ... AO26: =(SUM(RGPS_Valor_Dezembro!AL5:AL6))/1000000 -> 11593.424 | AP26: =AO26 -> 11593.424
C27: Acima de 1SM | D27: =(D25-D26) -> 4543.2505 | E27: =(E25-E26) -> 5738.0516 | F27: =(F25-F26) -> 6581.5041 | G27: =(G25-G26) -> 7277.0562 | H27: =(H25-H26) -> 7810.7532 | I27: =(I25-I26) -> 8250.0243 | J27: =(J25-J26) -> 9008.6138 | K27: =(K25-K26) -> 9865.1735 | ... O27: =(O25-O26) -> 15204.929 | P27: =P25-P26 -> 15722.12 | Q27: =(Q25-Q26) -> 33.709239 | R27: =(R25-R26) -> 42.551607 | S27: =(S25-S26) -> 45.147387 | T27: =(T25-T26) -> 45.095178 | U27: =(U25-U26) -> 43.350763 | V27: =(V25-V26) -> 43.305414 | W27: =(W25-W26) -> 44.860273 | X27: =(X25-X26) -> 46.436169 | ... AB27: =(AB25-AB26) -> 60.845742 | AC27: =AC25-AC26 -> 65.878492 | AD27: =(AD25-AD26) -> 4576.9597 | AE27: =(AE25-AE26) -> 5780.6032 | AF27: =(AF25-AF26) -> 6626.6515 | AG27: =(AG25-AG26) -> 7322.1514 | AH27: =(AH25-AH26) -> 7854.104 | AI27: =(AI25-AI26) -> 8293.3297 | AJ27: =(AJ25-AJ26) -> 9053.474 | AK27: =(AK25-AK26) -> 9911.6096 | ... AO27: =(AO25-AO26) -> 15265.774 | AP27: =AO27 -> 15265.774
B29: Valor - posição de dezembro | D29: URBANO | Q29: RURAL | AD29: TOTAL
D30: 2002 | E30: 2003 | F30: 2004 | G30: 2005 | H30: 2006 | I30: 2007 | J30: 2008 | K30: 2009 | L30: 2010 | M30: 2011 | N30: 2012 | O30: 2013 | P30: 2014 | Q30: 2002 | R30: 2003 | S30: 2004 | T30: 2005 | U30: 2006 | V30: 2007 | W30: 2008 | X30: 2009 | Y30: 2010 | Z30: 2011 | AA30: 2012 | AB30: 2013 | AC30: 2014 | AD30: 2002 | AE30: 2003 | AF30: 2004 | AG30: 2005 | AH30: 2006 | AI30: 2007 | AJ30: 2008 | AK30: 2009 | AL30: 2010 | AM30: 2011 | AN30: 2012 | AO30: 2013 | AP30: 2014
B31: Aposentadoria por TC | C31: Até 1SM | D31: =D5/D4 -> 0.028044677 | E31: =E5/E4 -> 0.028117578 | F31: =F5/F4 -> 0.029562003 | G31: =G5/G4 -> 0.035642303 | H31: =H5/H4 -> 0.045247221 | I31: =I5/I4 -> 0.050860641 | J31: =J5/J4 -> 0.056475462 | K31: =K5/K4 -> 0.065375819 | ... AP31: =AP5/AP4 -> 0.088300086
C32: Acima de 1SM | D32: =1-D31 -> 0.97195532 | E32: =1-E31 -> 0.97188242 | F32: =1-F31 -> 0.970438 | G32: =1-G31 -> 0.9643577 | H32: =1-H31 -> 0.95475278 | I32: =1-I31 -> 0.94913936 | J32: =1-J31 -> 0.94352454 | K32: =1-K31 -> 0.93462418 | ... AP32: =1-AP31 -> 0.91169991
B33: Aposentadoria por Idade | C33: Até 1SM | D33: =D8/D7 -> 0.3534943 | E33: =E8/E7 -> 0.34955178 | F33: =F8/F7 -> 0.36555135 | G33: =G8/G7 -> 0.39703942 | H33: =H8/H7 -> 0.4405728 | I33: =I8/I7 -> 0.45878503 | J33: =J8/J7 -> 0.46974834 | K33: =K8/K7 -> 0.49193342 | ... AP33: =AP8/AP7 -> 0.8051299
C34: Acima de 1SM | D34: =1-D33 -> 0.6465057 | E34: =1-E33 -> 0.65044822 | F34: =1-F33 -> 0.63444865 | G34: =1-G33 -> 0.60296058 | H34: =1-H33 -> 0.5594272 | I34: =1-I33 -> 0.54121497 | J34: =1-J33 -> 0.53025166 | K34: =1-K33 -> 0.50806658 | ... AP34: =1-AP33 -> 0.1948701
B35: Aposentadoria por Invalidez | C35: Até 1SM | D35: =D11/D10 -> 0.406448 | E35: =E11/E10 -> 0.36676208 | F35: =F11/F10 -> 0.33953396 | G35: =G11/G10 -> 0.34003372 | H35: =H11/H10 -> 0.36027138 | I35: =I11/I10 -> 0.36916252 | J35: =J11/J10 -> 0.36386318 | K35: =K11/K10 -> 0.36933494 | ... AP35: =AP11/AP10 -> 0.41467193
C36: Acima de 1SM | D36: =1-D35 -> 0.593552 | E36: =1-E35 -> 0.63323792 | F36: =1-F35 -> 0.66046604 | G36: =1-G35 -> 0.65996628 | H36: =1-H35 -> 0.63972862 | I36: =1-I35 -> 0.63083748 | J36: =1-J35 -> 0.63613682 | K36: =1-K35 -> 0.63066506 | ... AP36: =1-AP35 -> 0.58532807
B37: Pensão por Morte | C37: Até 1SM | D37: =D14/D13 -> 0.31278359 | E37: =E14/E13 -> 0.30088882 | F37: =F14/F13 -> 0.29078852 | G37: =G14/G13 -> 0.31122698 | H37: =H14/H13 -> 0.33444763 | I37: =I14/I13 -> 0.34256652 | J37: =J14/J13 -> 0.34485866 | K37: =K14/K13 -> 0.35387193 | ... AP37: =AP14/AP13 -> 0.49566663
C38: Acima de 1SM | D38: =1-D37 -> 0.68721641 | E38: =1-E37 -> 0.69911118 | F38: =1-F37 -> 0.70921148 | G38: =1-G37 -> 0.68877302 | H38: =1-H37 -> 0.66555237 | I38: =1-I37 -> 0.65743348 | J38: =1-J37 -> 0.65514134 | K38: =1-K37 -> 0.64612807 | ... AP38: =1-AP37 -> 0.50433337
B39: Auxílio-Doença | C39: Até 1SM | D39: =D17/D16 -> 0.085456612 | E39: =E17/E16 -> 0.074043946 | F39: =F17/F16 -> 0.086201289 | G39: =G17/G16 -> 0.10028461 | H39: =H17/H16 -> 0.1253086 | I39: =I17/I16 -> 0.13581543 | J39: =J17/J16 -> 0.14566285 | K39: =K17/K16 -> 0.17008856 | ... AP39: =AP17/AP16 -> 0.287338
C40: Acima de 1SM | D40: =1-D39 -> 0.91454339 | E40: =1-E39 -> 0.92595605 | F40: =1-F39 -> 0.91379871 | G40: =1-G39 -> 0.89971539 | H40: =1-H39 -> 0.8746914 | I40: =1-I39 -> 0.86418457 | J40: =1-J39 -> 0.85433715 | K40: =1-K39 -> 0.82991144 | ... AP40: =1-AP39 -> 0.712662
B41: Auxílio-Acidente | C41: Até 1SM | D41: =D20/D19 -> 0.34043466 | E41: =E20/E19 -> 0.32873087 | F41: =F20/F19 -> 0.33018248 | G41: =G20/G19 -> 0.35208492 | H41: =H20/H19 -> 0.38748884 | I41: =I20/I19 -> 0.39784983 | J41: =J20/J19 -> 0.40559623 | K41: =K20/K19 -> 0.41995573 | ... AP41: =AP20/AP19 -> 0.46912714
C42: Acima de 1SM | D42: =1-D41 -> 0.65956534 | E42: =1-E41 -> 0.67126913 | F42: =1-F41 -> 0.66981752 | G42: =1-G41 -> 0.64791508 | H42: =1-H41 -> 0.61251116 | I42: =1-I41 -> 0.60215017 | J42: =1-J41 -> 0.59440377 | K42: =1-K41 -> 0.58004427 | ... AP42: =1-AP41 -> 0.53087286
B43: Outros | C43: Até 1SM | D43: =D23/D22 -> 0.15221707 | E43: =E23/E22 -> 0.39257227 | F43: =F23/F22 -> 0.50089996 | G43: =G23/G22 -> 0.52107117 | H43: =H23/H22 -> 0.55628848 | I43: =I23/I22 -> 0.53210479 | J43: =J23/J22 -> 0.52104432 | K43: =K23/K22 -> 0.52811749 | ... AP43: =AP23/AP22 -> 0.65914053
